Workbook

Sheet 2021A Revised 
I1: University System of Maryland | AA1: University System of Maryland | AU1: University System of Maryland | BO1: University System of Maryland | CI1: University System of Maryland | DC1: University System of Maryland | DW1: University System of Maryland
I2: Distribution of Debt Services | AA2: Distribution of Debt Services | AU2: Distribution of Debt Services | BO2: Distribution of Debt Services | CI2: Distribution of Debt Services | DC2: Distribution of Debt Services | DW2: Distribution of Debt Services
I3: 2021 Series A Bond Funded Projects | AA3: 2021 Series A Bond Funded Projects | AU3: 2021 Series A Bond Funded Projects | BO3: 2021 Series A Bond Funded Projects | CI3: 2021 Series A Bond Funded Projects | DC3: 2021 Series A Bond Funded Projects | DW3: 2021 Series A Bond Funded Projects
A5: Payment | C5: Total Debt Services - 2021A | T5: Total Facilities Renewal - 2021A | Y5: Total UMCP Housing Projects - 2021A | AD5: UMCP N. Campus Dining Hall Replace (Aux) | AI5: UMCP Two New Residence Halls (Aux) | AN5: Total Academic Projects - 2021A | AS5: Total Auxiliary Projects - 2021A | AX5: UMCP Chem Building Wing -42nd Amendment (Aux) | BC5: UMCP Public Policy Bldg 42nd Amendment(Aux) | BH5: UMCP Physics Bldg 42nd Amendment (Aux) | BM5: UMCP Dorchester Residence Hall (Auxiliary) | BR5: UMCP Rossborough Lane Parking Garage (Aux) | BW5: UMB Facilities Renewal 42nd Amendment (Aux) | CB5: UMB Elevator & Fire Alarm Improvement (Aux) | CG5: UMES Natural Gas Conversion (Aux) | CL5: UMBC Event Center and Arena (Aux) | CQ5: UMBC New Health Svc & Counseling Bldg (Aux) | CV5: UMBC Retriver Activities Center Renewal (Aux) | DA5: FSU Five Dorm Renovation (Aux) | DF5: TU Glen Towers & Addition & Renov (Aux) | DK5: TU Union Addition/Renovation (Aux) | DP5: TU Residence Tower Renovation (Aux) | DU5: Debt Svc from Plant Fund\Trustee Accounts | DZ5: Debt Svc from Plant Fund\Trustee Accounts
A6: Date | C6: 2021A - 30 Year Bond | F6: 2021A - 20 Year Bond | I6: 2021A - 10 Year Bond | L6: 2021A - Refunding | O6: 2021A Bonds - Total | T6: 2021A - 10 Year Bond | Y6: 2021A - 30 Year Bond | AE6: 30 Year Bonds | AJ6: 30 Year Bonds | AN6: 2021A - 20 Year Bond | AS6: 2021A - 20 Year Bond | AX6: 20 Year Bond | BC6: 20 Year Bond | BH6: 20 Year Bond | BN6: 20 Year Bond | BS6: 20 Year Bond | BX6: 20 Year Bond | CC6: 20 Year Bond | CH6: 20 Year Bond | CM6: 20 Year Bond | CR6: 20 Year Bond | CW6: 20 Year Bond | DB6: 20 Year Bond | DG6: 20 Year Bond | DL6: 20 Year Bond | DQ6: 20 Year Bond | DV6: 20 year bond | EA6: 10 year bond
E7: Amort of | H7: Amort of | K7: Amort of | N7: Amort of | R7: Amort of | W7: Amort of | AB7: Amort of | AE7: 0.1658126 | AG7: Amort of | AJ7: 0.8341874 | AL7: Amort of | AN7: 0.0429894 | AO7: 0.0477879 | AP7: 0.0634425 | AQ7: Amort of | AS7: =AX7+BC7+BH7+BM7+BR7+BW7+CB7+CG7+CL7+CQ7+CV7+DA7+DF7+DK7+DP7+DU7 -> 0.95701072 | AT7: =AY7+BD7+BI7+BN7+BS7+BX7+CC7+CH7+CM7+CR7+CW7+DB7+DG7+DL7+DQ7+DV7 -> 0.95221197 | AU7: =AZ7+BE7+BJ7+BO7+BT7+BY7+CD7+CI7+CN7+CS7+CX7+DC7+DH7+DM7+DR7+DW7 -> 0.93655762 | AV7: Amort of | AX7: 0.04640834 | AY7: 0.053141342 | AZ7: 0.053150685 | BA7: Amort of | BC7: 0.0703604 | BD7: 0.1546606 | BE7: 0.1613014 | BF7: Amort of | BH7: 0.0156686 | BI7: 0.0185029 | BJ7: 0.0202699 | BK7: Amort of | BM7: 0.0002236 | BN7: 0.0002236 | BO7: 0.0002236 | BP7: Amort of | BR7: 0 | BS7: 0 | BT7: 0.000355 | BU7: Amort of | BW7: 0.020236796 | BX7: 0.020636988 | BY7: 0.020636988 | BZ7: Amort of | CB7: 0.0001081 | CC7: 0.0001081 | CD7: 0.0001081 | CE7: Amort of | CG7: 0 | CH7: 0 | CI7: 0.0019795 | CJ7: Amort of | CL7: 0.005355 | CM7: 0.005355 | CN7: 0.005355 | CO7: Amort of | CQ7: 0.054797 | CR7: 0.054797 | CS7: 0.054797 | CT7: Amort of | CV7: 0.0418367 | CW7: 0.049707 | CX7: 0.049707 | CY7: Amort of | DA7: 0.0039008 | DB7: 0.0041094 | DC7: 0.0043294 | DD7: Amort of | DF7: 0.0089917 | DG7: 0.043892 | DH7: 0.1124684 | DI7: Amort of | DK7: 0.2003503 | DL7: 0.2594369 | DM7: 0.3051562 | DN7: Amort of | DQ7: 6.95e-05 | DR7: 6.95e-05 | DS7: Amort of | DU7: 0.48877338 | DV7: 0.28757164 | DW7: 0.14664994 | DX7: Amort of | DZ7: 0.33471093 | EA7: 0.18831251 | EB7: 0.18831251 | EC7: Amort of
E8: Premium | H8: Premium | K8: Premium | N8: Premium | R8: Premium | W8: Premium | AB8: Premium | AG8: Premium | AL8: Premium | AN8: 0.0876226 | AQ8: Premium | AS8: =AX8+BC8+BH8+BM8+BR8+BW8+CB8+CG8+CL8+CQ8+CV8+DA8+DF8+DK8+DP8+DU8 -> 0.91237741 | AV8: Premium | AX8: 0.053150685 | AY8: 0.053176468 | BA8: Premium | BC8: 0.16130137 | BD8: 0.16137962 | BF8: Premium | BH8: 0.020425876 | BI8: 0.020435785 | BK8: Premium | BM8: 0.00022360432 | BN8: 0.00022371279 | BP8: Premium | BR8: 0.00035502055 | BS8: 0.00035519277 | BU8: Premium | BW8: 0.020636988 | BX8: 0.021072556 | BZ8: Premium | CB8: 0.00010810281 | CC8: 0.00010815525 | CE8: Premium | CG8: 0.0044765034 | CH8: 0.004643478 | CJ8: Premium | CL8: 0.0053550198 | CM8: 0.0053576175 | CO8: Premium | CQ8: 0.054796971 | CR8: 0.054823553 | CT8: Premium | CV8: 0.049707008 | CW8: 0.049731121 | CY8: Premium | DA8: 0.0047367372 | DB8: 0.0049545069 | DD8: Premium | DF8: 0.1569329 | DG8: 0.17152375 | DI8: Premium | DK8: =2.08425%+31.93873% -> 0.3402298 | DL8: 0.35460432 | DN8: Premium | DP8: 6.9526233e-05 | DQ8: 6.955996e-05 | DS8: Premium | DU8: 0.039871297 | DX8: Premium | DZ8: 0.18831251 | EC8: Premium
C9: Principal | D9: Interest | E9: Total | F9: Principal | G9: Interest | H9: Total | I9: Principal | J9: Interest | K9: Total | L9: Principal | M9: Interest | N9: Total | O9: Principal-Total | P9: Interest-Total | Q9: Total | R9: Total | T9: Principal | U9: Interest | V9: Total | W9: Total | Y9: Principal | Z9: Interest | AA9: Total | AB9: Total | AD9: Principal | AE9: Interest | AF9: Total | AG9: Total | AI9: Principal | AJ9: Interest | AK9: Total | AL9: Total | AN9: Principal | AO9: Interest | AP9: Total | AQ9: Total | AS9: Principal | AT9: Interest | AU9: Total | AV9: Total | AX9: Principal | AY9: Interest | AZ9: Total | BA9: Total | BC9: Principal | BD9: Interest | BE9: Total | BF9: Total | BH9: Principal | BI9: Interest | BJ9: Total | BK9: Total | BM9: Principal | BN9: Interest | BO9: Total | BP9: Total | BR9: Principal | BS9: Interest | BT9: Total | BU9: Total | BW9: Principal | BX9: Interest | BY9: Total | BZ9: Total | CB9: Principal | CC9: Interest | CD9: Total | CE9: Total | CG9: Principal | CH9: Interest | CI9: Total | CJ9: Total | CL9: Principal | CM9: Interest | CN9: Total | CO9: Total | CQ9: Principal | CR9: Interest | CS9: Total | CT9: Total | CV9: Principal | CW9: Interest | CX9: Total | CY9: Total | DA9: Principal | DB9: Interest | DC9: Total | DD9: Total | DF9: Principal | DG9: Interest | DH9: Total | DI9: Total | DK9: Principal | DL9: Interest | DM9: Total | DN9: Total | DP9: Principal | DQ9: Interest | DR9: Total | DS9: Total | DU9: Principal | DV9: Interest | DW9: Total | DX9: Total | DZ9: Principal | EA9: Interest | EB9: Total | EC9: Total
A10: 45566 | D10: 1298700 | E10: 285756 | G10: 2252650 | H10: 751642 | J10: 238625 | K10: 166259 | M10: 340375 | N10: 345072 | P10: =D10+G10+J10+M10 -> 4130350 | Q10: =O10+P10 -> 4130350 | R10: =E10+H10+K10+N10 -> 1548729 | T10: ='10-Year FR Revised'!H9 -> 0 | U10: ='10-Year FR Revised'!I9 -> 238625 | V10: =T10+U10 -> 238625 | W10: ='10-Year FR Revised'!K9 -> 166259 | Z10: =AE10+AJ10 -> 1298700 | AA10: =Y10+Z10 -> 1298700 | AB10: =AG10+AL10 -> 285756 | AE10: =D10*$AE$7 -> 215340.82 | AF10: =AD10+AE10 -> 215340.82 | AG10: =AE$7*$E10 -> 47381.945 | AJ10: =D10*$AJ$7 -> 1083359.2 | AK10: =AI10+AJ10 -> 1083359.2 | AL10: =AJ$7*$E10 -> 238374.05 | AN10: ='20-Yrs Acad Revised'!H9 -> 0 | AO10: ='20-Yrs Acad Revised'!I9 -> 219724.84 | AP10: =AN10+AO10 -> 219724.84 | AQ10: ='20-Yrs Acad Revised'!K9 -> 73315.614 | AS10: =BW10+AX10+BC10+BM10+BR10+CG10+CL10+CQ10+CV10+DA10+DF10+DK10+DP10+DU10+BH10+CB10 -> 0 | AT10: =BX10+AY10+BD10+BN10+BS10+CH10+CM10+CR10+CW10+DB10+DG10+DL10+DQ10+DV10+BI10+CC10 -> 2032925.2 | AU10: =AS10+AT10 -> 2032925.2 | AV10: =BZ10+BA10+BF10+BP10+BU10+CJ10+CO10+CT10+CY10+DD10+DI10+DN10+DS10+DX10+BK10+CE10 -> 678326.39 | AX10: =$F10*AY$8 -> 0 | AY10: =$G10*AY$8 -> 119787.97 | AZ10: =AX10+AY10 -> 119787.97 | BA10: =AY$8*$H10 -> 39969.667 | BC10: =$F10*BD$8 -> 0 | BD10: =$G10*BD$8 -> 363531.79 | BE10: =BC10+BD10 -> 363531.79 | BF10: =BD$8*$H10 -> 121299.7 | BH10: =$F10*BI$8 -> 0 | BI10: =$G10*BI$8 -> 46034.67 | BJ10: =BH10+BI10 -> 46034.67 | BK10: =BI$8*$H10 -> 15360.394 | BM10: =$F10*BN$8 -> 0 | BN10: =$G10*BN$8 -> 503.94661 | BO10: =BM10+BN10 -> 503.94661 | BP10: =BN$8*$H10 -> 168.15193 | BR10: =$F10*BS$8 -> 0 | BS10: =$G10*BS$8 -> 800.12499 | BT10: =BR10+BS10 -> 800.12499 | BU10: =BS$8*$H10 -> 266.9778 | BW10: =$F10*BX$8 -> 0 | BX10: =$G10*BX$8 -> 47469.094 | BY10: =BW10+BX10 -> 47469.094 | BZ10: =BX$8*$H10 -> 15839.018 | CB10: =$F10*CC$8 -> 0 | CC10: =$G10*CC$8 -> 243.63592 | CD10: =CB10+CC10 -> 243.63592 | CE10: =CC$8*$H10 -> 81.294028 | CG10: =$F10*CH$8 -> 0 | CH10: =$G10*CH$8 -> 10460.131 | CI10: =CG10+CH10 -> 10460.131 | CJ10: =CH$8*$H10 -> 3490.2331 | CL10: =$F10*CM$8 -> 0 | CM10: =$G10*CM$8 -> 12068.837 | CN10: =CL10+CM10 -> 12068.837 | CO10: =CM$8*$H10 -> 4027.0103 | CQ10: =$F10*CR$8 -> 0 | CR10: =$G10*CR$8 -> 123498.28 | CS10: =CQ10+CR10 -> 123498.28 | CT10: =CR$8*$H10 -> 41207.685 | CV10: =$F10*CW$8 -> 0 | CW10: =$G10*CW$8 -> 112026.81 | CX10: =CV10+CW10 -> 112026.81 | CY10: =CW$8*$H10 -> 37379.999 | DA10: =$F10*DB$8 -> 0 | DB10: =$G10*DB$8 -> 11160.77 | DC10: =DA10+DB10 -> 11160.77 | DD10: =DB$8*$H10 -> 3724.0155 | DF10: =$F10*DG$8 -> 0 | DG10: =$G10*DG$8 -> 386382.98 | DH10: =DF10+DG10 -> 386382.98 | DI10: =DG$8*$H10 -> 128924.45 | DK10: =$F10*DL$8 -> 0 | DL10: =$G10*DL$8 -> 798799.43 | DM10: =DK10+DL10 -> 798799.43 | DN10: =DL$8*$H10 -> 266535.5 | DP10: =$F10*DQ$8 -> 0 | DQ10: =$G10*DQ$8 -> 156.69424 | DR10: =DP10+DQ10 -> 156.69424 | DS10: =DQ$8*$H10 -> 52.284188 | DU10: =$F10*DV$8 -> 0 | DV10: =$G10*DV$8 -> 0 | DW10: =DU10+DV10 -> 0 | DX10: =DV$8*$H10 -> 0
A11: 45748 | C11: 0 | D11: 1298700 | E11: 285756 | F11: 4160000 | G11: 2252650 | H11: 751642 | I11: 1175000 | J11: 238625 | K11: 166259 | L11: 0 | M11: 340375 | N11: 345072 | O11: =C11+F11+I11+L11 -> 5335000 | P11: =D11+G11+J11+M11 -> 4130350 | Q11: =O11+P11 -> 9465350 | R11: =E11+H11+K11+N11 -> 1548729 | T11: ='10-Year FR Revised'!H10 -> 1175000 | U11: ='10-Year FR Revised'!I10 -> 238625 | V11: =T11+U11 -> 1413625 | W11: ='10-Year FR Revised'!K10 -> 166259 | Y11: =AD11+AI11 -> 0 | Z11: =AE11+AJ11 -> 1298700 | AA11: =Y11+Z11 -> 1298700 | AB11: =AG11+AL11 -> 285756 | AD11: =C11*$AE$7 -> 0 | AE11: =D11*$AE$7 -> 215340.82 | AF11: =AD11+AE11 -> 215340.82 | AG11: =AE$7*$E11 -> 47381.945 | AI11: =C11*$AJ$7 -> 0 | AJ11: =D11*$AJ$7 -> 1083359.2 | AK11: =AI11+AJ11 -> 1083359.2 | AL11: =AJ$7*$E11 -> 238374.05 | AN11: ='20-Yrs Acad Revised'!H10 -> 405768.91 | AO11: ='20-Yrs Acad Revised'!I10 -> 219724.84 | AP11: =AN11+AO11 -> 625493.74 | AQ11: ='20-Yrs Acad Revised'!K10 -> 73315.614 | AS11: =BW11+AX11+BC11+BM11+BR11+CG11+CL11+CQ11+CV11+DA11+DF11+DK11+DP11+DU11+BH11+CB11 -> 3754231.1 | AT11: =BX11+AY11+BD11+BN11+BS11+CH11+CM11+CR11+CW11+DB11+DG11+DL11+DQ11+DV11+BI11+CC11 -> 2032925.2 | AU11: =AS11+AT11 -> 5787156.3 | AV11: =BZ11+BA11+BF11+BP11+BU11+CJ11+CO11+CT11+CY11+DD11+DI11+DN11+DS11+DX11+BK11+CE11 -> 678326.39 | AX11: =$F11*AY$8 -> 221214.11 | AY11: =$G11*AY$8 -> 119787.97 | AZ11: =AX11+AY11 -> 341002.08 | BA11: =AY$8*$H11 -> 39969.667 | BC11: =$F11*BD$8 -> 671339.21 | BD11: =$G11*BD$8 -> 363531.79 | BE11: =BC11+BD11 -> 1034871 | BF11: =BD$8*$H11 -> 121299.7 | BH11: =$F11*BI$8 -> 85012.864 | BI11: =$G11*BI$8 -> 46034.67 | BJ11: =BH11+BI11 -> 131047.53 | BK11: =BI$8*$H11 -> 15360.394 | BM11: =$F11*BN$8 -> 930.64519 | BN11: =$G11*BN$8 -> 503.94661 | BO11: =BM11+BN11 -> 1434.5918 | BP11: =BN$8*$H11 -> 168.15193 | BR11: =$F11*BS$8 -> 1477.6019 | BS11: =$G11*BS$8 -> 800.12499 | BT11: =BR11+BS11 -> 2277.7269 | BU11: =BS$8*$H11 -> 266.9778 | BW11: =$F11*BX$8 -> 87661.835 | BX11: =$G11*BX$8 -> 47469.094 | BY11: =BW11+BX11 -> 135130.93 | BZ11: =BX$8*$H11 -> 15839.018 | CB11: =$F11*CC$8 -> 449.92584 | CC11: =$G11*CC$8 -> 243.63592 | CD11: =CB11+CC11 -> 693.56176 | CE11: =CC$8*$H11 -> 81.294028 | CG11: =$F11*CH$8 -> 19316.869 | CH11: =$G11*CH$8 -> 10460.131 | CI11: =CG11+CH11 -> 29776.999 | CJ11: =CH$8*$H11 -> 3490.2331 | CL11: =$F11*CM$8 -> 22287.689 | CM11: =$G11*CM$8 -> 12068.837 | CN11: =CL11+CM11 -> 34356.526 | CO11: =CM$8*$H11 -> 4027.0103 | CQ11: =$F11*CR$8 -> 228065.98 | CR11: =$G11*CR$8 -> 123498.28 | CS11: =CQ11+CR11 -> 351564.26 | CT11: =CR$8*$H11 -> 41207.685 | CV11: =$F11*CW$8 -> 206881.46 | CW11: =$G11*CW$8 -> 112026.81 | CX11: =CV11+CW11 -> 318908.27 | CY11: =CW$8*$H11 -> 37379.999 | DA11: =$F11*DB$8 -> 20610.749 | DB11: =$G11*DB$8 -> 11160.77 | DC11: =DA11+DB11 -> 31771.519 | DD11: =DB$8*$H11 -> 3724.0155 | DF11: =$F11*DG$8 -> 713538.8 | DG11: =$G11*DG$8 -> 386382.98 | DH11: =DF11+DG11 -> 1099921.8 | DI11: =DG$8*$H11 -> 128924.45 | DK11: =$F11*DL$8 -> 1475154 | DL11: =$G11*DL$8 -> 798799.43 | DM11: =DK11+DL11 -> 2273953.4 | DN11: =DL$8*$H11 -> 266535.5 | DP11: =$F11*DQ$8 -> 289.36943 | DQ11: =$G11*DQ$8 -> 156.69424 | DR11: =DP11+DQ11 -> 446.06368 | DS11: =DQ$8*$H11 -> 52.284188 | DU11: =$F11*DV$8 -> 0 | DV11: =$G11*DV$8 -> 0 | DW11: =DU11+DV11 -> 0 | DX11: =DV$8*$H11 -> 0
A12: 45931 | D12: 1298700 | E12: 285756 | G12: 2148650 | H12: 751642 | J12: 209250 | K12: 166259 | M12: 340375 | N12: 345072 | P12: =D12+G12+J12+M12 -> 3996975 | Q12: =O12+P12 -> 3996975 | R12: =E12+H12+K12+N12 -> 1548729 | T12: ='10-Year FR Revised'!H11 -> 0 | U12: ='10-Year FR Revised'!I11 -> 209250 | V12: =T12+U12 -> 209250 | W12: ='10-Year FR Revised'!K11 -> 166259 | Z12: =AE12+AJ12 -> 1298700 | AA12: =Y12+Z12 -> 1298700 | AB12: =AG12+AL12 -> 285756 | AE12: =D12*$AE$7 -> 215340.82 | AF12: =AD12+AE12 -> 215340.82 | AG12: =AE$7*$E12 -> 47381.945 | AJ12: =D12*$AJ$7 -> 1083359.2 | AK12: =AI12+AJ12 -> 1083359.2 | AL12: =AJ$7*$E12 -> 238374.05 | AN12: ='20-Yrs Acad Revised'!H11 -> 0 | AO12: ='20-Yrs Acad Revised'!I11 -> 209580.62 | AP12: =AN12+AO12 -> 209580.62 | AQ12: ='20-Yrs Acad Revised'!K11 -> 73315.614 | AS12: =BW12+AX12+BC12+BM12+BR12+CG12+CL12+CQ12+CV12+DA12+DF12+DK12+DP12+DU12+BH12+CB12 -> 0 | AT12: =BX12+AY12+BD12+BN12+BS12+CH12+CM12+CR12+CW12+DB12+DG12+DL12+DQ12+DV12+BI12+CC12 -> 1939069.4 | AU12: =AS12+AT12 -> 1939069.4 | AV12: =BZ12+BA12+BF12+BP12+BU12+CJ12+CO12+CT12+CY12+DD12+DI12+DN12+DS12+DX12+BK12+CE12 -> 678326.39 | AX12: =$F12*AY$8 -> 0 | AY12: =$G12*AY$8 -> 114257.62 | AZ12: =AX12+AY12 -> 114257.62 | BA12: =AY$8*$H12 -> 39969.667 | BC12: =$F12*BD$8 -> 0 | BD12: =$G12*BD$8 -> 346748.31 | BE12: =BC12+BD12 -> 346748.31 | BF12: =BD$8*$H12 -> 121299.7 | BH12: =$F12*BI$8 -> 0 | BI12: =$G12*BI$8 -> 43909.349 | BJ12: =BH12+BI12 -> 43909.349 | BK12: =BI$8*$H12 -> 15360.394 | BM12: =$F12*BN$8 -> 0 | BN12: =$G12*BN$8 -> 480.68048 | BO12: =BM12+BN12 -> 480.68048 | BP12: =BN$8*$H12 -> 168.15193 | BR12: =$F12*BS$8 -> 0 | BS12: =$G12*BS$8 -> 763.18494 | BT12: =BR12+BS12 -> 763.18494 | BU12: =BS$8*$H12 -> 266.9778 | BW12: =$F12*BX$8 -> 0 | BX12: =$G12*BX$8 -> 45277.548 | BY12: =BW12+BX12 -> 45277.548 | BZ12: =BX$8*$H12 -> 15839.018 | CB12: =$F12*CC$8 -> 0 | CC12: =$G12*CC$8 -> 232.38778 | CD12: =CB12+CC12 -> 232.38778 | CE12: =CC$8*$H12 -> 81.294028 | CG12: =$F12*CH$8 -> 0 | CH12: =$G12*CH$8 -> 9977.2091 | CI12: =CG12+CH12 -> 9977.2091 | CJ12: =CH$8*$H12 -> 3490.2331 | CL12: =$F12*CM$8 -> 0 | CM12: =$G12*CM$8 -> 11511.645 | CN12: =CL12+CM12 -> 11511.645 | CO12: =CM$8*$H12 -> 4027.0103 | CQ12: =$F12*CR$8 -> 0 | CR12: =$G12*CR$8 -> 117796.63 | CS12: =CQ12+CR12 -> 117796.63 | CT12: =CR$8*$H12 -> 41207.685 | CV12: =$F12*CW$8 -> 0 | CW12: =$G12*CW$8 -> 106854.77 | CX12: =CV12+CW12 -> 106854.77 | CY12: =CW$8*$H12 -> 37379.999 | DA12: =$F12*DB$8 -> 0 | DB12: =$G12*DB$8 -> 10645.501 | DC12: =DA12+DB12 -> 10645.501 | DD12: =DB$8*$H12 -> 3724.0155 | DF12: =$F12*DG$8 -> 0 | DG12: =$G12*DG$8 -> 368544.51 | DH12: =DF12+DG12 -> 368544.51 | DI12: =DG$8*$H12 -> 128924.45 | DK12: =$F12*DL$8 -> 0 | DL12: =$G12*DL$8 -> 761920.58 | DM12: =DK12+DL12 -> 761920.58 | DN12: =DL$8*$H12 -> 266535.5 | DP12: =$F12*DQ$8 -> 0 | DQ12: =$G12*DQ$8 -> 149.46001 | DR12: =DP12+DQ12 -> 149.46001 | DS12: =DQ$8*$H12 -> 52.284188 | DU12: =$F12*DV$8 -> 0 | DV12: =$G12*DV$8 -> 0 | DW12: =DU12+DV12 -> 0 | DX12: =DV$8*$H12 -> 0
A13: 46113 | C13: 0 | D13: 1298700 | E13: 285756 | F13: 4370000 | G13: 2148650 | H13: 751642 | I13: 1230000 | J13: 209250 | K13: 166259 | L13: 0 | M13: 340375 | N13: 345072 | O13: =C13+F13+I13+L13 -> 5600000 | P13: =D13+G13+J13+M13 -> 3996975 | Q13: =O13+P13 -> 9596975 | R13: =E13+H13+K13+N13 -> 1548729 | T13: ='10-Year FR Revised'!H12 -> 1230000 | U13: ='10-Year FR Revised'!I12 -> 209250 | V13: =T13+U13 -> 1439250 | W13: ='10-Year FR Revised'!K12 -> 166259 | Y13: =AD13+AI13 -> 0 | Z13: =AE13+AJ13 -> 1298700 | AA13: =Y13+Z13 -> 1298700 | AB13: =AG13+AL13 -> 285756 | AD13: =C13*$AE$7 -> 0 | AE13: =D13*$AE$7 -> 215340.82 | AF13: =AD13+AE13 -> 215340.82 | AG13: =AE$7*$E13 -> 47381.945 | AI13: =C13*$AJ$7 -> 0 | AJ13: =D13*$AJ$7 -> 1083359.2 | AK13: =AI13+AJ13 -> 1083359.2 | AL13: =AJ$7*$E13 -> 238374.05 | AN13: ='20-Yrs Acad Revised'!H12 -> 426252.43 | AO13: ='20-Yrs Acad Revised'!I12 -> 209580.62 | AP13: =AN13+AO13 -> 635833.05 | AQ13: ='20-Yrs Acad Revised'!K12 -> 73315.614 | AS13: =BW13+AX13+BC13+BM13+BR13+CG13+CL13+CQ13+CV13+DA13+DF13+DK13+DP13+DU13+BH13+CB13 -> 3943747.6 | AT13: =BX13+AY13+BD13+BN13+BS13+CH13+CM13+CR13+CW13+DB13+DG13+DL13+DQ13+DV13+BI13+CC13 -> 1939069.4 | AU13: =AS13+AT13 -> 5882817 | AV13: =BZ13+BA13+BF13+BP13+BU13+CJ13+CO13+CT13+CY13+DD13+DI13+DN13+DS13+DX13+BK13+CE13 -> 678326.39 | AX13: =$F13*AY$8 -> 232381.17 | AY13: =$G13*AY$8 -> 114257.62 | AZ13: =AX13+AY13 -> 346638.79 | BA13: =AY$8*$H13 -> 39969.667 | BC13: =$F13*BD$8 -> 705228.93 | BD13: =$G13*BD$8 -> 346748.31 | BE13: =BC13+BD13 -> 1051977.2 | BF13: =BD$8*$H13 -> 121299.7 | BH13: =$F13*BI$8 -> 89304.379 | BI13: =$G13*BI$8 -> 43909.349 | BJ13: =BH13+BI13 -> 133213.73 | BK13: =BI$8*$H13 -> 15360.394 | BM13: =$F13*BN$8 -> 977.62487 | BN13: =$G13*BN$8 -> 480.68048 | BO13: =BM13+BN13 -> 1458.3054 | BP13: =BN$8*$H13 -> 168.15193 | BR13: =$F13*BS$8 -> 1552.1924 | BS13: =$G13*BS$8 -> 763.18494 | BT13: =BR13+BS13 -> 2315.3773 | BU13: =BS$8*$H13 -> 266.9778 | BW13: =$F13*BX$8 -> 92087.071 | BX13: =$G13*BX$8 -> 45277.548 | BY13: =BW13+BX13 -> 137364.62 | BZ13: =BX$8*$H13 -> 15839.018 | CB13: =$F13*CC$8 -> 472.63844 | CC13: =$G13*CC$8 -> 232.38778 | CD13: =CB13+CC13 -> 705.02621 | CE13: =CC$8*$H13 -> 81.294028 | CG13: =$F13*CH$8 -> 20291.999 | CH13: =$G13*CH$8 -> 9977.2091 | CI13: =CG13+CH13 -> 30269.208 | CJ13: =CH$8*$H13 -> 3490.2331 | CL13: =$F13*CM$8 -> 23412.789 | CM13: =$G13*CM$8 -> 11511.645 | CN13: =CL13+CM13 -> 34924.433 | CO13: =CM$8*$H13 -> 4027.0103 | CQ13: =$F13*CR$8 -> 239578.93 | CR13: =$G13*CR$8 -> 117796.63 | CS13: =CQ13+CR13 -> 357375.55 | CT13: =CR$8*$H13 -> 41207.685 | CV13: =$F13*CW$8 -> 217325 | CW13: =$G13*CW$8 -> 106854.77 | CX13: =CV13+CW13 -> 324179.77 | CY13: =CW$8*$H13 -> 37379.999 | DA13: =$F13*DB$8 -> 21651.195 | DB13: =$G13*DB$8 -> 10645.501 | DC13: =DA13+DB13 -> 32296.697 | DD13: =DB$8*$H13 -> 3724.0155 | DF13: =$F13*DG$8 -> 749558.79 | DG13: =$G13*DG$8 -> 368544.51 | DH13: =DF13+DG13 -> 1118103.3 | DI13: =DG$8*$H13 -> 128924.45 | DK13: =$F13*DL$8 -> 1549620.9 | DL13: =$G13*DL$8 -> 761920.58 | DM13: =DK13+DL13 -> 2311541.5 | DN13: =DL$8*$H13 -> 266535.5 | DP13: =$F13*DQ$8 -> 303.97703 | DQ13: =$G13*DQ$8 -> 149.46001 | DR13: =DP13+DQ13 -> 453.43703 | DS13: =DQ$8*$H13 -> 52.284188 | DU13: =$F13*DV$8 -> 0 | DV13: =$G13*DV$8 -> 0 | DW13: =DU13+DV13 -> 0 | DX13: =DV$8*$H13 -> 0
A14: 46296 | D14: 1298700 | E14: 285756 | G14: 2039400 | H14: 751642 | J14: 178500 | K14: 166259 | M14: 340375 | N14: 345072 | P14: =D14+G14+J14+M14 -> 3856975 | Q14: =O14+P14 -> 3856975 | R14: =E14+H14+K14+N14 -> 1548729 | T14: ='10-Year FR Revised'!H13 -> 0 | U14: ='10-Year FR Revised'!I13 -> 178500 | V14: =T14+U14 -> 178500 | W14: ='10-Year FR Revised'!K13 -> 166259 | Z14: =AE14+AJ14 -> 1298700 | AA14: =Y14+Z14 -> 1298700 | AB14: =AG14+AL14 -> 285756 | AE14: =D14*$AE$7 -> 215340.82 | AF14: =AD14+AE14 -> 215340.82 | AG14: =AE$7*$E14 -> 47381.945 | AJ14: =D14*$AJ$7 -> 1083359.2 | AK14: =AI14+AJ14 -> 1083359.2 | AL14: =AJ$7*$E14 -> 238374.05 | AN14: ='20-Yrs Acad Revised'!H13 -> 0 | AO14: ='20-Yrs Acad Revised'!I13 -> 198924.3 | AP14: =AN14+AO14 -> 198924.3 | AQ14: ='20-Yrs Acad Revised'!K13 -> 73315.614 | AS14: =BW14+AX14+BC14+BM14+BR14+CG14+CL14+CQ14+CV14+DA14+DF14+DK14+DP14+DU14+BH14+CB14 -> 0 | AT14: =BX14+AY14+BD14+BN14+BS14+CH14+CM14+CR14+CW14+DB14+DG14+DL14+DQ14+DV14+BI14+CC14 -> 1840475.7 | AU14: =AS14+AT14 -> 1840475.7 | AV14: =BZ14+BA14+BF14+BP14+BU14+CJ14+CO14+CT14+CY14+DD14+DI14+DN14+DS14+DX14+BK14+CE14 -> 678326.39 | AX14: =$F14*AY$8 -> 0 | AY14: =$G14*AY$8 -> 108448.09 | AZ14: =AX14+AY14 -> 108448.09 | BA14: =AY$8*$H14 -> 39969.667 | BC14: =$F14*BD$8 -> 0 | BD14: =$G14*BD$8 -> 329117.59 | BE14: =BC14+BD14 -> 329117.59 | BF14: =BD$8*$H14 -> 121299.7 | BH14: =$F14*BI$8 -> 0 | BI14: =$G14*BI$8 -> 41676.739 | BJ14: =BH14+BI14 -> 41676.739 | BK14: =BI$8*$H14 -> 15360.394 | BM14: =$F14*BN$8 -> 0 | BN14: =$G14*BN$8 -> 456.23986 | BO14: =BM14+BN14 -> 456.23986 | BP14: =BN$8*$H14 -> 168.15193 | BR14: =$F14*BS$8 -> 0 | BS14: =$G14*BS$8 -> 724.38013 | BT14: =BR14+BS14 -> 724.38013 | BU14: =BS$8*$H14 -> 266.9778 | BW14: =$F14*BX$8 -> 0 | BX14: =$G14*BX$8 -> 42975.372 | BY14: =BW14+BX14 -> 42975.372 | BZ14: =BX$8*$H14 -> 15839.018 | CB14: =$F14*CC$8 -> 0 | CC14: =$G14*CC$8 -> 220.57181 | CD14: =CB14+CC14 -> 220.57181 | CE14: =CC$8*$H14 -> 81.294028 | CG14: =$F14*CH$8 -> 0 | CH14: =$G14*CH$8 -> 9469.9091 | CI14: =CG14+CH14 -> 9469.9091 | CJ14: =CH$8*$H14 -> 3490.2331 | CL14: =$F14*CM$8 -> 0 | CM14: =$G14*CM$8 -> 10926.325 | CN14: =CL14+CM14 -> 10926.325 | CO14: =CM$8*$H14 -> 4027.0103 | CQ14: =$F14*CR$8 -> 0 | CR14: =$G14*CR$8 -> 111807.15 | CS14: =CQ14+CR14 -> 111807.15 | CT14: =CR$8*$H14 -> 41207.685 | CV14: =$F14*CW$8 -> 0 | CW14: =$G14*CW$8 -> 101421.65 | CX14: =CV14+CW14 -> 101421.65 | CY14: =CW$8*$H14 -> 37379.999 | DA14: =$F14*DB$8 -> 0 | DB14: =$G14*DB$8 -> 10104.221 | DC14: =DA14+DB14 -> 10104.221 | DD14: =DB$8*$H14 -> 3724.0155 | DF14: =$F14*DG$8 -> 0 | DG14: =$G14*DG$8 -> 349805.54 | DH14: =DF14+DG14 -> 349805.54 | DI14: =DG$8*$H14 -> 128924.45 | DK14: =$F14*DL$8 -> 0 | DL14: =$G14*DL$8 -> 723180.06 | DM14: =DK14+DL14 -> 723180.06 | DN14: =DL$8*$H14 -> 266535.5 | DP14: =$F14*DQ$8 -> 0 | DQ14: =$G14*DQ$8 -> 141.86058 | DR14: =DP14+DQ14 -> 141.86058 | DS14: =DQ$8*$H14 -> 52.284188 | DU14: =$F14*DV$8 -> 0 | DV14: =$G14*DV$8 -> 0 | DW14: =DU14+DV14 -> 0 | DX14: =DV$8*$H14 -> 0
A15: 46478 | C15: 0 | D15: 1298700 | E15: 285756 | F15: 4585000 | G15: 2039400 | H15: 751642 | I15: 1295000 | J15: 178500 | K15: 166259 | L15: 0 | M15: 340375 | N15: 345072 | O15: =C15+F15+I15+L15 -> 5880000 | P15: =D15+G15+J15+M15 -> 3856975 | Q15: =O15+P15 -> 9736975 | R15: =E15+H15+K15+N15 -> 1548729 | T15: ='10-Year FR Revised'!H14 -> 1295000 | U15: ='10-Year FR Revised'!I14 -> 178500 | V15: =T15+U15 -> 1473500 | W15: ='10-Year FR Revised'!K14 -> 166259 | Y15: =AD15+AI15 -> 0 | Z15: =AE15+AJ15 -> 1298700 | AA15: =Y15+Z15 -> 1298700 | AB15: =AG15+AL15 -> 285756 | AD15: =C15*$AE$7 -> 0 | AE15: =D15*$AE$7 -> 215340.82 | AF15: =AD15+AE15 -> 215340.82 | AG15: =AE$7*$E15 -> 47381.945 | AI15: =C15*$AJ$7 -> 0 | AJ15: =D15*$AJ$7 -> 1083359.2 | AK15: =AI15+AJ15 -> 1083359.2 | AL15: =AJ$7*$E15 -> 238374.05 | AN15: ='20-Yrs Acad Revised'!H14 -> 447223.66 | AO15: ='20-Yrs Acad Revised'!I14 -> 198924.3 | AP15: =AN15+AO15 -> 646147.97 | AQ15: ='20-Yrs Acad Revised'!K14 -> 73315.614 | AS15: =BW15+AX15+BC15+BM15+BR15+CG15+CL15+CQ15+CV15+DA15+DF15+DK15+DP15+DU15+BH15+CB15 -> 4137776.3 | AT15: =BX15+AY15+BD15+BN15+BS15+CH15+CM15+CR15+CW15+DB15+DG15+DL15+DQ15+DV15+BI15+CC15 -> 1840475.7 | AU15: =AS15+AT15 -> 5978252 | AV15: =BZ15+BA15+BF15+BP15+BU15+CJ15+CO15+CT15+CY15+DD15+DI15+DN15+DS15+DX15+BK15+CE15 -> 678326.39 | AX15: =$F15*AY$8 -> 243814.11 | AY15: =$G15*AY$8 -> 108448.09 | AZ15: =AX15+AY15 -> 352262.2 | BA15: =AY$8*$H15 -> 39969.667 | BC15: =$F15*BD$8 -> 739925.55 | BD15: =$G15*BD$8 -> 329117.59 | BE15: =BC15+BD15 -> 1069043.1 | BF15: =BD$8*$H15 -> 121299.7 | BH15: =$F15*BI$8 -> 93698.073 | BI15: =$G15*BI$8 -> 41676.739 | BJ15: =BH15+BI15 -> 135374.81 | BK15: =BI$8*$H15 -> 15360.394 | BM15: =$F15*BN$8 -> 1025.7231 | BN15: =$G15*BN$8 -> 456.23986 | BO15: =BM15+BN15 -> 1481.963 | BP15: =BN$8*$H15 -> 168.15193 | BR15: =$F15*BS$8 -> 1628.5588 | BS15: =$G15*BS$8 -> 724.38013 | BT15: =BR15+BS15 -> 2352.939 | BU15: =BS$8*$H15 -> 266.9778 | BW15: =$F15*BX$8 -> 96617.671 | BX15: =$G15*BX$8 -> 42975.372 | BY15: =BW15+BX15 -> 139593.04 | BZ15: =BX$8*$H15 -> 15839.018 | CB15: =$F15*CC$8 -> 495.89182 | CC15: =$G15*CC$8 -> 220.57181 | CD15: =CB15+CC15 -> 716.46363 | CE15: =CC$8*$H15 -> 81.294028 | CG15: =$F15*CH$8 -> 21290.347 | CH15: =$G15*CH$8 -> 9469.9091 | CI15: =CG15+CH15 -> 30760.256 | CJ15: =CH$8*$H15 -> 3490.2331 | CL15: =$F15*CM$8 -> 24564.676 | CM15: =$G15*CM$8 -> 10926.325 | CN15: =CL15+CM15 -> 35491.002 | CO15: =CM$8*$H15 -> 4027.0103 | CQ15: =$F15*CR$8 -> 251365.99 | CR15: =$G15*CR$8 -> 111807.15 | CS15: =CQ15+CR15 -> 363173.14 | CT15: =CR$8*$H15 -> 41207.685 | CV15: =$F15*CW$8 -> 228017.19 | CW15: =$G15*CW$8 -> 101421.65 | CX15: =CV15+CW15 -> 329438.84 | CY15: =CW$8*$H15 -> 37379.999 | DA15: =$F15*DB$8 -> 22716.414 | DB15: =$G15*DB$8 -> 10104.221 | DC15: =DA15+DB15 -> 32820.636 | DD15: =DB$8*$H15 -> 3724.0155 | DF15: =$F15*DG$8 -> 786436.39 | DG15: =$G15*DG$8 -> 349805.54 | DH15: =DF15+DG15 -> 1136241.9 | DI15: =DG$8*$H15 -> 128924.45 | DK15: =$F15*DL$8 -> 1625860.8 | DL15: =$G15*DL$8 -> 723180.06 | DM15: =DK15+DL15 -> 2349040.9 | DN15: =DL$8*$H15 -> 266535.5 | DP15: =$F15*DQ$8 -> 318.93242 | DQ15: =$G15*DQ$8 -> 141.86058 | DR15: =DP15+DQ15 -> 460.793 | DS15: =DQ$8*$H15 -> 52.284188 | DU15: =$F15*DV$8 -> 0 | DV15: =$G15*DV$8 -> 0 | DW15: =DU15+DV15 -> 0 | DX15: =DV$8*$H15 -> 0
A16: 46661 | D16: 1298700 | E16: 285756 | G16: 1924775 | H16: 751642 | J16: 146125 | K16: 166259 | M16: 340375 | N16: 345072 | P16: =D16+G16+J16+M16 -> 3709975 | Q16: =O16+P16 -> 3709975 | R16: =E16+H16+K16+N16 -> 1548729 | T16: ='10-Year FR Revised'!H15 -> 0 | U16: ='10-Year FR Revised'!I15 -> 146125 | V16: =T16+U16 -> 146125 | W16: ='10-Year FR Revised'!K15 -> 166259 | Z16: =AE16+AJ16 -> 1298700 | AA16: =Y16+Z16 -> 1298700 | AB16: =AG16+AL16 -> 285756 | AE16: =D16*$AE$7 -> 215340.82 | AF16: =AD16+AE16 -> 215340.82 | AG16: =AE$7*$E16 -> 47381.945 | AJ16: =D16*$AJ$7 -> 1083359.2 | AK16: =AI16+AJ16 -> 1083359.2 | AL16: =AJ$7*$E16 -> 238374.05 | AN16: ='20-Yrs Acad Revised'!H15 -> 0 | AO16: ='20-Yrs Acad Revised'!I15 -> 187743.71 | AP16: =AN16+AO16 -> 187743.71 | AQ16: ='20-Yrs Acad Revised'!K15 -> 73315.614 | AS16: =BW16+AX16+BC16+BM16+BR16+CG16+CL16+CQ16+CV16+DA16+DF16+DK16+DP16+DU16+BH16+CB16 -> 0 | AT16: =BX16+AY16+BD16+BN16+BS16+CH16+CM16+CR16+CW16+DB16+DG16+DL16+DQ16+DV16+BI16+CC16 -> 1737031.3 | AU16: =AS16+AT16 -> 1737031.3 | AV16: =BZ16+BA16+BF16+BP16+BU16+CJ16+CO16+CT16+CY16+DD16+DI16+DN16+DS16+DX16+BK16+CE16 -> 678326.39 | AX16: =$F16*AY$8 -> 0 | AY16: =$G16*AY$8 -> 102352.74 | AZ16: =AX16+AY16 -> 102352.74 | BA16: =AY$8*$H16 -> 39969.667 | BC16: =$F16*BD$8 -> 0 | BD16: =$G16*BD$8 -> 310619.45 | BE16: =BC16+BD16 -> 310619.45 | BF16: =BD$8*$H16 -> 121299.7 | BH16: =$F16*BI$8 -> 0 | BI16: =$G16*BI$8 -> 39334.287 | BJ16: =BH16+BI16 -> 39334.287 | BK16: =BI$8*$H16 -> 15360.394 | BM16: =$F16*BN$8 -> 0 | BN16: =$G16*BN$8 -> 430.59678 | BO16: =BM16+BN16 -> 430.59678 | BP16: =BN$8*$H16 -> 168.15193 | BR16: =$F16*BS$8 -> 0 | BS16: =$G16*BS$8 -> 683.66616 | BT16: =BR16+BS16 -> 683.66616 | BU16: =BS$8*$H16 -> 266.9778 | BW16: =$F16*BX$8 -> 0 | BX16: =$G16*BX$8 -> 40559.93 | BY16: =BW16+BX16 -> 40559.93 | BZ16: =BX$8*$H16 -> 15839.018 | CB16: =$F16*CC$8 -> 0 | CC16: =$G16*CC$8 -> 208.17452 | CD16: =CB16+CC16 -> 208.17452 | CE16: =CC$8*$H16 -> 81.294028 | CG16: =$F16*CH$8 -> 0 | CH16: =$G16*CH$8 -> 8937.6504 | CI16: =CG16+CH16 -> 8937.6504 | CJ16: =CH$8*$H16 -> 3490.2331 | CL16: =$F16*CM$8 -> 0 | CM16: =$G16*CM$8 -> 10312.208 | CN16: =CL16+CM16 -> 10312.208 | CO16: =CM$8*$H16 -> 4027.0103 | CQ16: =$F16*CR$8 -> 0 | CR16: =$G16*CR$8 -> 105523 | CS16: =CQ16+CR16 -> 105523 | CT16: =CR$8*$H16 -> 41207.685 | CV16: =$F16*CW$8 -> 0 | CW16: =$G16*CW$8 -> 95721.218 | CX16: =CV16+CW16 -> 95721.218 | CY16: =CW$8*$H16 -> 37379.999 | DA16: =$F16*DB$8 -> 0 | DB16: =$G16*DB$8 -> 9536.3111 | DC16: =DA16+DB16 -> 9536.3111 | DD16: =DB$8*$H16 -> 3724.0155 | DF16: =$F16*DG$8 -> 0 | DG16: =$G16*DG$8 -> 330144.63 | DH16: =DF16+DG16 -> 330144.63 | DI16: =DG$8*$H16 -> 128924.45 | DK16: =$F16*DL$8 -> 0 | DL16: =$G16*DL$8 -> 682533.54 | DM16: =DK16+DL16 -> 682533.54 | DN16: =DL$8*$H16 -> 266535.5 | DP16: =$F16*DQ$8 -> 0 | DQ16: =$G16*DQ$8 -> 133.88727 | DR16: =DP16+DQ16 -> 133.88727 | DS16: =DQ$8*$H16 -> 52.284188 | DU16: =$F16*DV$8 -> 0 | DV16: =$G16*DV$8 -> 0 | DW16: =DU16+DV16 -> 0 | DX16: =DV$8*$H16 -> 0
A17: 46844 | C17: 0 | D17: 1298700 | E17: 285756 | F17: 4815000 | G17: 1924775 | H17: 751642 | I17: 1355000 | J17: 146125 | K17: 166259 | L17: 0 | M17: 340375 | N17: 345072 | O17: =C17+F17+I17+L17 -> 6170000 | P17: =D17+G17+J17+M17 -> 3709975 | Q17: =O17+P17 -> 9879975 | R17: =E17+H17+K17+N17 -> 1548729 | T17: ='10-Year FR Revised'!H16 -> 1355000 | U17: ='10-Year FR Revised'!I16 -> 146125 | V17: =T17+U17 -> 1501125 | W17: ='10-Year FR Revised'!K16 -> 166259 | Y17: =AD17+AI17 -> 0 | Z17: =AE17+AJ17 -> 1298700 | AA17: =Y17+Z17 -> 1298700 | AB17: =AG17+AL17 -> 285756 | AD17: =C17*$AE$7 -> 0 | AE17: =D17*$AE$7 -> 215340.82 | AF17: =AD17+AE17 -> 215340.82 | AG17: =AE$7*$E17 -> 47381.945 | AI17: =C17*$AJ$7 -> 0 | AJ17: =D17*$AJ$7 -> 1083359.2 | AK17: =AI17+AJ17 -> 1083359.2 | AL17: =AJ$7*$E17 -> 238374.05 | AN17: ='20-Yrs Acad Revised'!H16 -> 469658 | AO17: ='20-Yrs Acad Revised'!I16 -> 187743.71 | AP17: =AN17+AO17 -> 657401.71 | AQ17: ='20-Yrs Acad Revised'!K16 -> 73315.614 | AS17: =BW17+AX17+BC17+BM17+BR17+CG17+CL17+CQ17+CV17+DA17+DF17+DK17+DP17+DU17+BH17+CB17 -> 4345342 | AT17: =BX17+AY17+BD17+BN17+BS17+CH17+CM17+CR17+CW17+DB17+DG17+DL17+DQ17+DV17+BI17+CC17 -> 1737031.3 | AU17: =AS17+AT17 -> 6082373.3 | AV17: =BZ17+BA17+BF17+BP17+BU17+CJ17+CO17+CT17+CY17+DD17+DI17+DN17+DS17+DX17+BK17+CE17 -> 678326.39 | AX17: =$F17*AY$8 -> 256044.7 | AY17: =$G17*AY$8 -> 102352.74 | AZ17: =AX17+AY17 -> 358397.43 | BA17: =AY$8*$H17 -> 39969.667 | BC17: =$F17*BD$8 -> 777042.86 | BD17: =$G17*BD$8 -> 310619.45 | BE17: =BC17+BD17 -> 1087662.3 | BF17: =BD$8*$H17 -> 121299.7 | BH17: =$F17*BI$8 -> 98398.303 | BI17: =$G17*BI$8 -> 39334.287 | BJ17: =BH17+BI17 -> 137732.59 | BK17: =BI$8*$H17 -> 15360.394 | BM17: =$F17*BN$8 -> 1077.1771 | BN17: =$G17*BN$8 -> 430.59678 | BO17: =BM17+BN17 -> 1507.7738 | BP17: =BN$8*$H17 -> 168.15193 | BR17: =$F17*BS$8 -> 1710.2532 | BS17: =$G17*BS$8 -> 683.66616 | BT17: =BR17+BS17 -> 2393.9193 | BU17: =BS$8*$H17 -> 266.9778 | BW17: =$F17*BX$8 -> 101464.36 | BX17: =$G17*BX$8 -> 40559.93 | BY17: =BW17+BX17 -> 142024.29 | BZ17: =BX$8*$H17 -> 15839.018 | CB17: =$F17*CC$8 -> 520.76752 | CC17: =$G17*CC$8 -> 208.17452 | CD17: =CB17+CC17 -> 728.94204 | CE17: =CC$8*$H17 -> 81.294028 | CG17: =$F17*CH$8 -> 22358.347 | CH17: =$G17*CH$8 -> 8937.6504 | CI17: =CG17+CH17 -> 31295.997 | CJ17: =CH$8*$H17 -> 3490.2331 | CL17: =$F17*CM$8 -> 25796.928 | CM17: =$G17*CM$8 -> 10312.208 | CN17: =CL17+CM17 -> 36109.137 | CO17: =CM$8*$H17 -> 4027.0103 | CQ17: =$F17*CR$8 -> 263975.41 | CR17: =$G17*CR$8 -> 105523 | CS17: =CQ17+CR17 -> 369498.41 | CT17: =CR$8*$H17 -> 41207.685 | CV17: =$F17*CW$8 -> 239455.35 | CW17: =$G17*CW$8 -> 95721.218 | CX17: =CV17+CW17 -> 335176.56 | CY17: =CW$8*$H17 -> 37379.999 | DA17: =$F17*DB$8 -> 23855.951 | DB17: =$G17*DB$8 -> 9536.3111 | DC17: =DA17+DB17 -> 33392.262 | DD17: =DB$8*$H17 -> 3724.0155 | DF17: =$F17*DG$8 -> 825886.86 | DG17: =$G17*DG$8 -> 330144.63 | DH17: =DF17+DG17 -> 1156031.5 | DI17: =DG$8*$H17 -> 128924.45 | DK17: =$F17*DL$8 -> 1707419.8 | DL17: =$G17*DL$8 -> 682533.54 | DM17: =DK17+DL17 -> 2389953.4 | DN17: =DL$8*$H17 -> 266535.5 | DP17: =$F17*DQ$8 -> 334.93121 | DQ17: =$G17*DQ$8 -> 133.88727 | DR17: =DP17+DQ17 -> 468.81848 | DS17: =DQ$8*$H17 -> 52.284188 | DU17: =$F17*DV$8 -> 0 | DV17: =$G17*DV$8 -> 0 | DW17: =DU17+DV17 -> 0 | DX17: =DV$8*$H17 -> 0
A18: 47027 | D18: 1298700 | E18: 285756 | G18: 1804400 | H18: 751642 | J18: 112250 | K18: 166259 | M18: 340375 | N18: 345072 | P18: =D18+G18+J18+M18 -> 3555725 | Q18: =O18+P18 -> 3555725 | R18: =E18+H18+K18+N18 -> 1548729 | T18: ='10-Year FR Revised'!H17 -> 0 | U18: ='10-Year FR Revised'!I17 -> 112250 | V18: =T18+U18 -> 112250 | W18: ='10-Year FR Revised'!K17 -> 166259 | Z18: =AE18+AJ18 -> 1298700 | AA18: =Y18+Z18 -> 1298700 | AB18: =AG18+AL18 -> 285756 | AE18: =D18*$AE$7 -> 215340.82 | AF18: =AD18+AE18 -> 215340.82 | AG18: =AE$7*$E18 -> 47381.945 | AJ18: =D18*$AJ$7 -> 1083359.2 | AK18: =AI18+AJ18 -> 1083359.2 | AL18: =AJ$7*$E18 -> 238374.05 | AN18: ='20-Yrs Acad Revised'!H17 -> 0 | AO18: ='20-Yrs Acad Revised'!I17 -> 176002.26 | AP18: =AN18+AO18 -> 176002.26 | AQ18: ='20-Yrs Acad Revised'!K17 -> 73315.614 | AS18: =BW18+AX18+BC18+BM18+BR18+CG18+CL18+CQ18+CV18+DA18+DF18+DK18+DP18+DU18+BH18+CB18 -> 0 | AT18: =BX18+AY18+BD18+BN18+BS18+CH18+CM18+CR18+CW18+DB18+DG18+DL18+DQ18+DV18+BI18+CC18 -> 1628397.7 | AU18: =AS18+AT18 -> 1628397.7 | AV18: =BZ18+BA18+BF18+BP18+BU18+CJ18+CO18+CT18+CY18+DD18+DI18+DN18+DS18+DX18+BK18+CE18 -> 678326.39 | AX18: =$F18*AY$8 -> 0 | AY18: =$G18*AY$8 -> 95951.62 | AZ18: =AX18+AY18 -> 95951.62 | BA18: =AY$8*$H18 -> 39969.667 | BC18: =$F18*BD$8 -> 0 | BD18: =$G18*BD$8 -> 291193.38 | BE18: =BC18+BD18 -> 291193.38 | BF18: =BD$8*$H18 -> 121299.7 | BH18: =$F18*BI$8 -> 0 | BI18: =$G18*BI$8 -> 36874.33 | BJ18: =BH18+BI18 -> 36874.33 | BK18: =BI$8*$H18 -> 15360.394 | BM18: =$F18*BN$8 -> 0 | BN18: =$G18*BN$8 -> 403.66735 | BO18: =BM18+BN18 -> 403.66735 | BP18: =BN$8*$H18 -> 168.15193 | BR18: =$F18*BS$8 -> 0 | BS18: =$G18*BS$8 -> 640.90983 | BT18: =BR18+BS18 -> 640.90983 | BU18: =BS$8*$H18 -> 266.9778 | BW18: =$F18*BX$8 -> 0 | BX18: =$G18*BX$8 -> 38023.321 | BY18: =BW18+BX18 -> 38023.321 | BZ18: =BX$8*$H18 -> 15839.018 | CB18: =$F18*CC$8 -> 0 | CC18: =$G18*CC$8 -> 195.15533 | CD18: =CB18+CC18 -> 195.15533 | CE18: =CC$8*$H18 -> 81.294028 | CG18: =$F18*CH$8 -> 0 | CH18: =$G18*CH$8 -> 8378.6918 | CI18: =CG18+CH18 -> 8378.6918 | CJ18: =CH$8*$H18 -> 3490.2331 | CL18: =$F18*CM$8 -> 0 | CM18: =$G18*CM$8 -> 9667.2851 | CN18: =CL18+CM18 -> 9667.2851 | CO18: =CM$8*$H18 -> 4027.0103 | CQ18: =$F18*CR$8 -> 0 | CR18: =$G18*CR$8 -> 98923.619 | CS18: =CQ18+CR18 -> 98923.619 | CT18: =CR$8*$H18 -> 41207.685 | CV18: =$F18*CW$8 -> 0 | CW18: =$G18*CW$8 -> 89734.834 | CX18: =CV18+CW18 -> 89734.834 | CY18: =CW$8*$H18 -> 37379.999 | DA18: =$F18*DB$8 -> 0 | DB18: =$G18*DB$8 -> 8939.9123 | DC18: =DA18+DB18 -> 8939.9123 | DD18: =DB$8*$H18 -> 3724.0155 | DF18: =$F18*DG$8 -> 0 | DG18: =$G18*DG$8 -> 309497.45 | DH18: =DF18+DG18 -> 309497.45 | DI18: =DG$8*$H18 -> 128924.45 | DK18: =$F18*DL$8 -> 0 | DL18: =$G18*DL$8 -> 639848.04 | DM18: =DK18+DL18 -> 639848.04 | DN18: =DL$8*$H18 -> 266535.5 | DP18: =$F18*DQ$8 -> 0 | DQ18: =$G18*DQ$8 -> 125.51399 | DR18: =DP18+DQ18 -> 125.51399 | DS18: =DQ$8*$H18 -> 52.284188 | DU18: =$F18*DV$8 -> 0 | DV18: =$G18*DV$8 -> 0 | DW18: =DU18+DV18 -> 0 | DX18: =DV$8*$H18 -> 0
A19: 47209 | C19: 0 | D19: 1298700 | E19: 285756 | F19: 5055000 | G19: 1804400 | H19: 751642 | I19: 1425000 | J19: 112250 | K19: 166259 | L19: 6440000 | M19: 340375 | N19: 345072 | O19: =C19+F19+I19+L19 -> 12920000 | P19: =D19+G19+J19+M19 -> 3555725 | Q19: =O19+P19 -> 16475725 | R19: =E19+H19+K19+N19 -> 1548729 | T19: ='10-Year FR Revised'!H18 -> 1425000 | U19: ='10-Year FR Revised'!I18 -> 112250 | V19: =T19+U19 -> 1537250 | W19: ='10-Year FR Revised'!K18 -> 166259 | Y19: =AD19+AI19 -> 0 | Z19: =AE19+AJ19 -> 1298700 | AA19: =Y19+Z19 -> 1298700 | AB19: =AG19+AL19 -> 285756 | AD19: =C19*$AE$7 -> 0 | AE19: =D19*$AE$7 -> 215340.82 | AF19: =AD19+AE19 -> 215340.82 | AG19: =AE$7*$E19 -> 47381.945 | AI19: =C19*$AJ$7 -> 0 | AJ19: =D19*$AJ$7 -> 1083359.2 | AK19: =AI19+AJ19 -> 1083359.2 | AL19: =AJ$7*$E19 -> 238374.05 | AN19: ='20-Yrs Acad Revised'!H18 -> 493067.75 | AO19: ='20-Yrs Acad Revised'!I18 -> 176002.26 | AP19: =AN19+AO19 -> 669070.01 | AQ19: ='20-Yrs Acad Revised'!K18 -> 73315.614 | AS19: =BW19+AX19+BC19+BM19+BR19+CG19+CL19+CQ19+CV19+DA19+DF19+DK19+DP19+DU19+BH19+CB19 -> 4561932.3 | AT19: =BX19+AY19+BD19+BN19+BS19+CH19+CM19+CR19+CW19+DB19+DG19+DL19+DQ19+DV19+BI19+CC19 -> 1628397.7 | AU19: =AS19+AT19 -> 6190330 | AV19: =BZ19+BA19+BF19+BP19+BU19+CJ19+CO19+CT19+CY19+DD19+DI19+DN19+DS19+DX19+BK19+CE19 -> 678326.39 | AX19: =$F19*AY$8 -> 268807.05 | AY19: =$G19*AY$8 -> 95951.62 | AZ19: =AX19+AY19 -> 364758.67 | BA19: =AY$8*$H19 -> 39969.667 | BC19: =$F19*BD$8 -> 815773.97 | BD19: =$G19*BD$8 -> 291193.38 | BE19: =BC19+BD19 -> 1106967.3 | BF19: =BD$8*$H19 -> 121299.7 | BH19: =$F19*BI$8 -> 103302.89 | BI19: =$G19*BI$8 -> 36874.33 | BJ19: =BH19+BI19 -> 140177.22 | BK19: =BI$8*$H19 -> 15360.394 | BM19: =$F19*BN$8 -> 1130.8681 | BN19: =$G19*BN$8 -> 403.66735 | BO19: =BM19+BN19 -> 1534.5355 | BP19: =BN$8*$H19 -> 168.15193 | BR19: =$F19*BS$8 -> 1795.4994 | BS19: =$G19*BS$8 -> 640.90983 | BT19: =BR19+BS19 -> 2436.4093 | BU19: =BS$8*$H19 -> 266.9778 | BW19: =$F19*BX$8 -> 106521.77 | BX19: =$G19*BX$8 -> 38023.321 | BY19: =BW19+BX19 -> 144545.09 | BZ19: =BX$8*$H19 -> 15839.018 | CB19: =$F19*CC$8 -> 546.72478 | CC19: =$G19*CC$8 -> 195.15533 | CD19: =CB19+CC19 -> 741.88012 | CE19: =CC$8*$H19 -> 81.294028 | CG19: =$F19*CH$8 -> 23472.781 | CH19: =$G19*CH$8 -> 8378.6918 | CI19: =CG19+CH19 -> 31851.473 | CJ19: =CH$8*$H19 -> 3490.2331 | CL19: =$F19*CM$8 -> 27082.757 | CM19: =$G19*CM$8 -> 9667.2851 | CN19: =CL19+CM19 -> 36750.042 | CO19: =CM$8*$H19 -> 4027.0103 | CQ19: =$F19*CR$8 -> 277133.06 | CR19: =$G19*CR$8 -> 98923.619 | CS19: =CQ19+CR19 -> 376056.68 | CT19: =CR$8*$H19 -> 41207.685 | CV19: =$F19*CW$8 -> 251390.82 | CW19: =$G19*CW$8 -> 89734.834 | CX19: =CV19+CW19 -> 341125.65 | CY19: =CW$8*$H19 -> 37379.999 | DA19: =$F19*DB$8 -> 25045.033 | DB19: =$G19*DB$8 -> 8939.9123 | DC19: =DA19+DB19 -> 33984.945 | DD19: =DB$8*$H19 -> 3724.0155 | DF19: =$F19*DG$8 -> 867052.56 | DG19: =$G19*DG$8 -> 309497.45 | DH19: =DF19+DG19 -> 1176550 | DI19: =DG$8*$H19 -> 128924.45 | DK19: =$F19*DL$8 -> 1792524.9 | DL19: =$G19*DL$8 -> 639848.04 | DM19: =DK19+DL19 -> 2432372.9 | DN19: =DL$8*$H19 -> 266535.5 | DP19: =$F19*DQ$8 -> 351.6256 | DQ19: =$G19*DQ$8 -> 125.51399 | DR19: =DP19+DQ19 -> 477.13959 | DS19: =DQ$8*$H19 -> 52.284188 | DU19: =$F19*DV$8 -> 0 | DV19: =$G19*DV$8 -> 0 | DW19: =DU19+DV19 -> 0 | DX19: =DV$8*$H19 -> 0
A20: 47392 | D20: 1298700 | E20: 285756 | G20: 1678025 | H20: 751642 | J20: 76625 | K20: 166259 | M20: 179375 | N20: 345072 | P20: =D20+G20+J20+M20 -> 3232725 | Q20: =O20+P20 -> 3232725 | R20: =E20+H20+K20+N20 -> 1548729 | T20: ='10-Year FR Revised'!H19 -> 0 | U20: ='10-Year FR Revised'!I19 -> 76625 | V20: =T20+U20 -> 76625 | W20: ='10-Year FR Revised'!K19 -> 166259 | Z20: =AE20+AJ20 -> 1298700 | AA20: =Y20+Z20 -> 1298700 | AB20: =AG20+AL20 -> 285756 | AE20: =D20*$AE$7 -> 215340.82 | AF20: =AD20+AE20 -> 215340.82 | AG20: =AE$7*$E20 -> 47381.945 | AJ20: =D20*$AJ$7 -> 1083359.2 | AK20: =AI20+AJ20 -> 1083359.2 | AL20: =AJ$7*$E20 -> 238374.05 | AN20: ='20-Yrs Acad Revised'!H19 -> 0 | AO20: ='20-Yrs Acad Revised'!I19 -> 163675.57 | AP20: =AN20+AO20 -> 163675.57 | AQ20: ='20-Yrs Acad Revised'!K19 -> 73315.614 | AS20: =BW20+AX20+BC20+BM20+BR20+CG20+CL20+CQ20+CV20+DA20+DF20+DK20+DP20+DU20+BH20+CB20 -> 0 | AT20: =BX20+AY20+BD20+BN20+BS20+CH20+CM20+CR20+CW20+DB20+DG20+DL20+DQ20+DV20+BI20+CC20 -> 1514349.4 | AU20: =AS20+AT20 -> 1514349.4 | AV20: =BZ20+BA20+BF20+BP20+BU20+CJ20+CO20+CT20+CY20+DD20+DI20+DN20+DS20+DX20+BK20+CE20 -> 678326.39 | AX20: =$F20*AY$8 -> 0 | AY20: =$G20*AY$8 -> 89231.443 | AZ20: =AX20+AY20 -> 89231.443 | BA20: =AY$8*$H20 -> 39969.667 | BC20: =$F20*BD$8 -> 0 | BD20: =$G20*BD$8 -> 270799.03 | BE20: =BC20+BD20 -> 270799.03 | BF20: =BD$8*$H20 -> 121299.7 | BH20: =$F20*BI$8 -> 0 | BI20: =$G20*BI$8 -> 34291.758 | BJ20: =BH20+BI20 -> 34291.758 | BK20: =BI$8*$H20 -> 15360.394 | BM20: =$F20*BN$8 -> 0 | BN20: =$G20*BN$8 -> 375.39565 | BO20: =BM20+BN20 -> 375.39565 | BP20: =BN$8*$H20 -> 168.15193 | BR20: =$F20*BS$8 -> 0 | BS20: =$G20*BS$8 -> 596.02235 | BT20: =BR20+BS20 -> 596.02235 | BU20: =BS$8*$H20 -> 266.9778 | BW20: =$F20*BX$8 -> 0 | BX20: =$G20*BX$8 -> 35360.276 | BY20: =BW20+BX20 -> 35360.276 | BZ20: =BX$8*$H20 -> 15839.018 | CB20: =$F20*CC$8 -> 0 | CC20: =$G20*CC$8 -> 181.48721 | CD20: =CB20+CC20 -> 181.48721 | CE20: =CC$8*$H20 -> 81.294028 | CG20: =$F20*CH$8 -> 0 | CH20: =$G20*CH$8 -> 7791.8722 | CI20: =CG20+CH20 -> 7791.8722 | CJ20: =CH$8*$H20 -> 3490.2331 | CL20: =$F20*CM$8 -> 0 | CM20: =$G20*CM$8 -> 8990.2161 | CN20: =CL20+CM20 -> 8990.2161 | CO20: =CM$8*$H20 -> 4027.0103 | CQ20: =$F20*CR$8 -> 0 | CR20: =$G20*CR$8 -> 91995.292 | CS20: =CQ20+CR20 -> 91995.292 | CT20: =CR$8*$H20 -> 41207.685 | CV20: =$F20*CW$8 -> 0 | CW20: =$G20*CW$8 -> 83450.064 | CX20: =CV20+CW20 -> 83450.064 | CY20: =CW$8*$H20 -> 37379.999 | DA20: =$F20*DB$8 -> 0 | DB20: =$G20*DB$8 -> 8313.7865 | DC20: =DA20+DB20 -> 8313.7865 | DD20: =DB$8*$H20 -> 3724.0155 | DF20: =$F20*DG$8 -> 0 | DG20: =$G20*DG$8 -> 287821.14 | DH20: =DF20+DG20 -> 287821.14 | DI20: =DG$8*$H20 -> 128924.45 | DK20: =$F20*DL$8 -> 0 | DL20: =$G20*DL$8 -> 595034.92 | DM20: =DK20+DL20 -> 595034.92 | DN20: =DL$8*$H20 -> 266535.5 | DP20: =$F20*DQ$8 -> 0 | DQ20: =$G20*DQ$8 -> 116.72335 | DR20: =DP20+DQ20 -> 116.72335 | DS20: =DQ$8*$H20 -> 52.284188 | DU20: =$F20*DV$8 -> 0 | DV20: =$G20*DV$8 -> 0 | DW20: =DU20+DV20 -> 0 | DX20: =DV$8*$H20 -> 0
A21: 11049 | C21: 0 | D21: 1298700 | E21: 285756 | F21: 5310000 | G21: 1678025 | H21: 751642 | I21: 1495000 | J21: 76625 | K21: 166259 | L21: 0 | M21: 179375 | N21: 345072 | O21: =C21+F21+I21+L21 -> 6805000 | P21: =D21+G21+J21+M21 -> 3232725 | Q21: =O21+P21 -> 10037725 | R21: =E21+H21+K21+N21 -> 1548729 | T21: ='10-Year FR Revised'!H20 -> 1495000 | U21: ='10-Year FR Revised'!I20 -> 76625 | V21: =T21+U21 -> 1571625 | W21: ='10-Year FR Revised'!K20 -> 166259 | Y21: =AD21+AI21 -> 0 | Z21: =AE21+AJ21 -> 1298700 | AA21: =Y21+Z21 -> 1298700 | AB21: =AG21+AL21 -> 285756 | AD21: =C21*$AE$7 -> 0 | AE21: =D21*$AE$7 -> 215340.82 | AF21: =AD21+AE21 -> 215340.82 | AG21: =AE$7*$E21 -> 47381.945 | AI21: =C21*$AJ$7 -> 0 | AJ21: =D21*$AJ$7 -> 1083359.2 | AK21: =AI21+AJ21 -> 1083359.2 | AL21: =AJ$7*$E21 -> 238374.05 | AN21: ='20-Yrs Acad Revised'!H20 -> 517940.6 | AO21: ='20-Yrs Acad Revised'!I20 -> 163675.57 | AP21: =AN21+AO21 -> 681616.17 | AQ21: ='20-Yrs Acad Revised'!K20 -> 73315.614 | AS21: =BW21+AX21+BC21+BM21+BR21+CG21+CL21+CQ21+CV21+DA21+DF21+DK21+DP21+DU21+BH21+CB21 -> 4792059.4 | AT21: =BX21+AY21+BD21+BN21+BS21+CH21+CM21+CR21+CW21+DB21+DG21+DL21+DQ21+DV21+BI21+CC21 -> 1514349.4 | AU21: =AS21+AT21 -> 6306408.8 | AV21: =BZ21+BA21+BF21+BP21+BU21+CJ21+CO21+CT21+CY21+DD21+DI21+DN21+DS21+DX21+BK21+CE21 -> 678326.39 | AX21: =$F21*AY$8 -> 282367.05 | AY21: =$G21*AY$8 -> 89231.443 | AZ21: =AX21+AY21 -> 371598.49 | BA21: =AY$8*$H21 -> 39969.667 | BC21: =$F21*BD$8 -> 856925.77 | BD21: =$G21*BD$8 -> 270799.03 | BE21: =BC21+BD21 -> 1127724.8 | BF21: =BD$8*$H21 -> 121299.7 | BH21: =$F21*BI$8 -> 108514.02 | BI21: =$G21*BI$8 -> 34291.758 | BJ21: =BH21+BI21 -> 142805.77 | BK21: =BI$8*$H21 -> 15360.394 | BM21: =$F21*BN$8 -> 1187.9149 | BN21: =$G21*BN$8 -> 375.39565 | BO21: =BM21+BN21 -> 1563.3105 | BP21: =BN$8*$H21 -> 168.15193 | BR21: =$F21*BS$8 -> 1886.0736 | BS21: =$G21*BS$8 -> 596.02235 | BT21: =BR21+BS21 -> 2482.0959 | BU21: =BS$8*$H21 -> 266.9778 | BW21: =$F21*BX$8 -> 111895.27 | BX21: =$G21*BX$8 -> 35360.276 | BY21: =BW21+BX21 -> 147255.55 | BZ21: =BX$8*$H21 -> 15839.018 | CB21: =$F21*CC$8 -> 574.30437 | CC21: =$G21*CC$8 -> 181.48721 | CD21: =CB21+CC21 -> 755.79158 | CE21: =CC$8*$H21 -> 81.294028 | CG21: =$F21*CH$8 -> 24656.868 | CH21: =$G21*CH$8 -> 7791.8722 | CI21: =CG21+CH21 -> 32448.741 | CJ21: =CH$8*$H21 -> 3490.2331 | CL21: =$F21*CM$8 -> 28448.949 | CM21: =$G21*CM$8 -> 8990.2161 | CN21: =CL21+CM21 -> 37439.165 | CO21: =CM$8*$H21 -> 4027.0103 | CQ21: =$F21*CR$8 -> 291113.07 | CR21: =$G21*CR$8 -> 91995.292 | CS21: =CQ21+CR21 -> 383108.36 | CT21: =CR$8*$H21 -> 41207.685 | CV21: =$F21*CW$8 -> 264072.25 | CW21: =$G21*CW$8 -> 83450.064 | CX21: =CV21+CW21 -> 347522.31 | CY21: =CW$8*$H21 -> 37379.999 | DA21: =$F21*DB$8 -> 26308.432 | DB21: =$G21*DB$8 -> 8313.7865 | DC21: =DA21+DB21 -> 34622.218 | DD21: =DB$8*$H21 -> 3724.0155 | DF21: =$F21*DG$8 -> 910791.11 | DG21: =$G21*DG$8 -> 287821.14 | DH21: =DF21+DG21 -> 1198612.3 | DI21: =DG$8*$H21 -> 128924.45 | DK21: =$F21*DL$8 -> 1882949 | DL21: =$G21*DL$8 -> 595034.92 | DM21: =DK21+DL21 -> 2477983.9 | DN21: =DL$8*$H21 -> 266535.5 | DP21: =$F21*DQ$8 -> 369.36339 | DQ21: =$G21*DQ$8 -> 116.72335 | DR21: =DP21+DQ21 -> 486.08674 | DS21: =DQ$8*$H21 -> 52.284188 | DU21: =$F21*DV$8 -> 0 | DV21: =$G21*DV$8 -> 0 | DW21: =DU21+DV21 -> 0 | DX21: =DV$8*$H21 -> 0
A22: 11232 | D22: 1298700 | E22: 285756 | G22: 1545275 | H22: 751642 | J22: 39250 | K22: 166259 | M22: 179375 | N22: 345072 | P22: =D22+G22+J22+M22 -> 3062600 | Q22: =O22+P22 -> 3062600 | R22: =E22+H22+K22+N22 -> 1548729 | T22: ='10-Year FR Revised'!H21 -> 0 | U22: ='10-Year FR Revised'!I21 -> 39250 | V22: =T22+U22 -> 39250 | W22: ='10-Year FR Revised'!K21 -> 166259 | Z22: =AE22+AJ22 -> 1298700 | AA22: =Y22+Z22 -> 1298700 | AB22: =AG22+AL22 -> 285756 | AE22: =D22*$AE$7 -> 215340.82 | AF22: =AD22+AE22 -> 215340.82 | AG22: =AE$7*$E22 -> 47381.945 | AJ22: =D22*$AJ$7 -> 1083359.2 | AK22: =AI22+AJ22 -> 1083359.2 | AL22: =AJ$7*$E22 -> 238374.05 | AN22: ='20-Yrs Acad Revised'!H21 -> 0 | AO22: ='20-Yrs Acad Revised'!I21 -> 150727.05 | AP22: =AN22+AO22 -> 150727.05 | AQ22: ='20-Yrs Acad Revised'!K21 -> 73315.614 | AS22: =BW22+AX22+BC22+BM22+BR22+CG22+CL22+CQ22+CV22+DA22+DF22+DK22+DP22+DU22+BH22+CB22 -> 0 | AT22: =BX22+AY22+BD22+BN22+BS22+CH22+CM22+CR22+CW22+DB22+DG22+DL22+DQ22+DV22+BI22+CC22 -> 1394547.9 | AU22: =AS22+AT22 -> 1394547.9 | AV22: =BZ22+BA22+BF22+BP22+BU22+CJ22+CO22+CT22+CY22+DD22+DI22+DN22+DS22+DX22+BK22+CE22 -> 678326.39 | AX22: =$F22*AY$8 -> 0 | AY22: =$G22*AY$8 -> 82172.267 | AZ22: =AX22+AY22 -> 82172.267 | BA22: =AY$8*$H22 -> 39969.667 | BC22: =$F22*BD$8 -> 0 | BD22: =$G22*BD$8 -> 249375.89 | BE22: =BC22+BD22 -> 249375.89 | BF22: =BD$8*$H22 -> 121299.7 | BH22: =$F22*BI$8 -> 0 | BI22: =$G22*BI$8 -> 31578.907 | BJ22: =BH22+BI22 -> 31578.907 | BK22: =BI$8*$H22 -> 15360.394 | BM22: =$F22*BN$8 -> 0 | BN22: =$G22*BN$8 -> 345.69778 | BO22: =BM22+BN22 -> 345.69778 | BP22: =BN$8*$H22 -> 168.15193 | BR22: =$F22*BS$8 -> 0 | BS22: =$G22*BS$8 -> 548.87051 | BT22: =BR22+BS22 -> 548.87051 | BU22: =BS$8*$H22 -> 266.9778 | BW22: =$F22*BX$8 -> 0 | BX22: =$G22*BX$8 -> 32562.895 | BY22: =BW22+BX22 -> 32562.895 | BZ22: =BX$8*$H22 -> 15839.018 | CB22: =$F22*CC$8 -> 0 | CC22: =$G22*CC$8 -> 167.1296 | CD22: =CB22+CC22 -> 167.1296 | CE22: =CC$8*$H22 -> 81.294028 | CG22: =$F22*CH$8 -> 0 | CH22: =$G22*CH$8 -> 7175.4505 | CI22: =CG22+CH22 -> 7175.4505 | CJ22: =CH$8*$H22 -> 3490.2331 | CL22: =$F22*CM$8 -> 0 | CM22: =$G22*CM$8 -> 8278.9924 | CN22: =CL22+CM22 -> 8278.9924 | CO22: =CM$8*$H22 -> 4027.0103 | CQ22: =$F22*CR$8 -> 0 | CR22: =$G22*CR$8 -> 84717.466 | CS22: =CQ22+CR22 -> 84717.466 | CT22: =CR$8*$H22 -> 41207.685 | CV22: =$F22*CW$8 -> 0 | CW22: =$G22*CW$8 -> 76848.258 | CX22: =CV22+CW22 -> 76848.258 | CY22: =CW$8*$H22 -> 37379.999 | DA22: =$F22*DB$8 -> 0 | DB22: =$G22*DB$8 -> 7656.0757 | DC22: =DA22+DB22 -> 7656.0757 | DD22: =DB$8*$H22 -> 3724.0155 | DF22: =$F22*DG$8 -> 0 | DG22: =$G22*DG$8 -> 265051.36 | DH22: =DF22+DG22 -> 265051.36 | DI22: =DG$8*$H22 -> 128924.45 | DK22: =$F22*DL$8 -> 0 | DL22: =$G22*DL$8 -> 547961.2 | DM22: =DK22+DL22 -> 547961.2 | DN22: =DL$8*$H22 -> 266535.5 | DP22: =$F22*DQ$8 -> 0 | DQ22: =$G22*DQ$8 -> 107.48927 | DR22: =DP22+DQ22 -> 107.48927 | DS22: =DQ$8*$H22 -> 52.284188 | DU22: =$F22*DV$8 -> 0 | DV22: =$G22*DV$8 -> 0 | DW22: =DU22+DV22 -> 0 | DX22: =DV$8*$H22 -> 0
A23: 11414 | C23: 0 | D23: 1298700 | E23: 285756 | F23: 5575000 | G23: 1545275 | H23: 751642 | I23: 1570000 | J23: 39250 | K23: 166259 | L23: 7175000 | M23: 179375 | N23: 345072 | O23: =C23+F23+I23+L23 -> 14320000 | P23: =D23+G23+J23+M23 -> 3062600 | Q23: =O23+P23 -> 17382600 | R23: =E23+H23+K23+N23 -> 1548729 | T23: ='10-Year FR Revised'!H22 -> 1570000 | U23: ='10-Year FR Revised'!I22 -> 39250 | V23: =T23+U23 -> 1609250 | W23: ='10-Year FR Revised'!K22 -> 166259 | Y23: =AD23+AI23 -> 0 | Z23: =AE23+AJ23 -> 1298700 | AA23: =Y23+Z23 -> 1298700 | AB23: =AG23+AL23 -> 285756 | AD23: =C23*$AE$7 -> 0 | AE23: =D23*$AE$7 -> 215340.82 | AF23: =AD23+AE23 -> 215340.82 | AG23: =AE$7*$E23 -> 47381.945 | AI23: =C23*$AJ$7 -> 0 | AJ23: =D23*$AJ$7 -> 1083359.2 | AK23: =AI23+AJ23 -> 1083359.2 | AL23: =AJ$7*$E23 -> 238374.05 | AN23: ='20-Yrs Acad Revised'!H22 -> 543788.86 | AO23: ='20-Yrs Acad Revised'!I22 -> 150727.05 | AP23: =AN23+AO23 -> 694515.91 | AQ23: ='20-Yrs Acad Revised'!K22 -> 73315.614 | AS23: =BW23+AX23+BC23+BM23+BR23+CG23+CL23+CQ23+CV23+DA23+DF23+DK23+DP23+DU23+BH23+CB23 -> 5031211.1 | AT23: =BX23+AY23+BD23+BN23+BS23+CH23+CM23+CR23+CW23+DB23+DG23+DL23+DQ23+DV23+BI23+CC23 -> 1394547.9 | AU23: =AS23+AT23 -> 6425759.1 | AV23: =BZ23+BA23+BF23+BP23+BU23+CJ23+CO23+CT23+CY23+DD23+DI23+DN23+DS23+DX23+BK23+CE23 -> 678326.39 | AX23: =$F23*AY$8 -> 296458.81 | AY23: =$G23*AY$8 -> 82172.267 | AZ23: =AX23+AY23 -> 378631.08 | BA23: =AY$8*$H23 -> 39969.667 | BC23: =$F23*BD$8 -> 899691.37 | BD23: =$G23*BD$8 -> 249375.89 | BE23: =BC23+BD23 -> 1149067.3 | BF23: =BD$8*$H23 -> 121299.7 | BH23: =$F23*BI$8 -> 113929.5 | BI23: =$G23*BI$8 -> 31578.907 | BJ23: =BH23+BI23 -> 145508.41 | BK23: =BI$8*$H23 -> 15360.394 | BM23: =$F23*BN$8 -> 1247.1988 | BN23: =$G23*BN$8 -> 345.69778 | BO23: =BM23+BN23 -> 1592.8966 | BP23: =BN$8*$H23 -> 168.15193 | BR23: =$F23*BS$8 -> 1980.1997 | BS23: =$G23*BS$8 -> 548.87051 | BT23: =BR23+BS23 -> 2529.0702 | BU23: =BS$8*$H23 -> 266.9778 | BW23: =$F23*BX$8 -> 117479.5 | BX23: =$G23*BX$8 -> 32562.895 | BY23: =BW23+BX23 -> 150042.4 | BZ23: =BX$8*$H23 -> 15839.018 | CB23: =$F23*CC$8 -> 602.96551 | CC23: =$G23*CC$8 -> 167.1296 | CD23: =CB23+CC23 -> 770.09512 | CE23: =CC$8*$H23 -> 81.294028 | CG23: =$F23*CH$8 -> 25887.39 | CH23: =$G23*CH$8 -> 7175.4505 | CI23: =CG23+CH23 -> 33062.841 | CJ23: =CH$8*$H23 -> 3490.2331 | CL23: =$F23*CM$8 -> 29868.718 | CM23: =$G23*CM$8 -> 8278.9924 | CN23: =CL23+CM23 -> 38147.71 | CO23: =CM$8*$H23 -> 4027.0103 | CQ23: =$F23*CR$8 -> 305641.31 | CR23: =$G23*CR$8 -> 84717.466 | CS23: =CQ23+CR23 -> 390358.77 | CT23: =CR$8*$H23 -> 41207.685 | CV23: =$F23*CW$8 -> 277251 | CW23: =$G23*CW$8 -> 76848.258 | CX23: =CV23+CW23 -> 354099.26 | CY23: =CW$8*$H23 -> 37379.999 | DA23: =$F23*DB$8 -> 27621.376 | DB23: =$G23*DB$8 -> 7656.0757 | DC23: =DA23+DB23 -> 35277.452 | DD23: =DB$8*$H23 -> 3724.0155 | DF23: =$F23*DG$8 -> 956244.91 | DG23: =$G23*DG$8 -> 265051.36 | DH23: =DF23+DG23 -> 1221296.3 | DI23: =DG$8*$H23 -> 128924.45 | DK23: =$F23*DL$8 -> 1976919.1 | DL23: =$G23*DL$8 -> 547961.2 | DM23: =DK23+DL23 -> 2524880.3 | DN23: =DL$8*$H23 -> 266535.5 | DP23: =$F23*DQ$8 -> 387.79678 | DQ23: =$G23*DQ$8 -> 107.48927 | DR23: =DP23+DQ23 -> 495.28605 | DS23: =DQ$8*$H23 -> 52.284188 | DU23: =$F23*DV$8 -> 0 | DV23: =$G23*DV$8 -> 0 | DW23: =DU23+DV23 -> 0 | DX23: =DV$8*$H23 -> 0
A24: 11597 | D24: 1298700 | E24: 285756 | G24: 1405900 | H24: 751642 | P24: =D24+G24+J24+M24 -> 2704600 | Q24: =O24+P24 -> 2704600 | R24: =E24+H24+K24+N24 -> 1037398 | Z24: =AE24+AJ24 -> 1298700 | AA24: =Y24+Z24 -> 1298700 | AB24: =AG24+AL24 -> 285756 | AE24: =D24*$AE$7 -> 215340.82 | AF24: =AD24+AE24 -> 215340.82 | AG24: =AE$7*$E24 -> 47381.945 | AJ24: =D24*$AJ$7 -> 1083359.2 | AK24: =AI24+AJ24 -> 1083359.2 | AL24: =AJ$7*$E24 -> 238374.05 | AN24: ='20-Yrs Acad Revised'!H23 -> 0 | AO24: ='20-Yrs Acad Revised'!I23 -> 137132.33 | AP24: =AN24+AO24 -> 137132.33 | AQ24: ='20-Yrs Acad Revised'!K23 -> 73315.614 | AS24: =BW24+AX24+BC24+BM24+BR24+CG24+CL24+CQ24+CV24+DA24+DF24+DK24+DP24+DU24+BH24+CB24 -> 0 | AT24: =BX24+AY24+BD24+BN24+BS24+CH24+CM24+CR24+CW24+DB24+DG24+DL24+DQ24+DV24+BI24+CC24 -> 1268767.7 | AU24: =AS24+AT24 -> 1268767.7 | AV24: =BZ24+BA24+BF24+BP24+BU24+CJ24+CO24+CT24+CY24+DD24+DI24+DN24+DS24+DX24+BK24+CE24 -> 678326.39 | AX24: =$F24*AY$8 -> 0 | AY24: =$G24*AY$8 -> 74760.797 | AZ24: =AX24+AY24 -> 74760.797 | BA24: =AY$8*$H24 -> 39969.667 | BC24: =$F24*BD$8 -> 0 | BD24: =$G24*BD$8 -> 226883.6 | BE24: =BC24+BD24 -> 226883.6 | BF24: =BD$8*$H24 -> 121299.7 | BH24: =$F24*BI$8 -> 0 | BI24: =$G24*BI$8 -> 28730.67 | BJ24: =BH24+BI24 -> 28730.67 | BK24: =BI$8*$H24 -> 15360.394 | BM24: =$F24*BN$8 -> 0 | BN24: =$G24*BN$8 -> 314.51781 | BO24: =BM24+BN24 -> 314.51781 | BP24: =BN$8*$H24 -> 168.15193 | BR24: =$F24*BS$8 -> 0 | BS24: =$G24*BS$8 -> 499.36551 | BT24: =BR24+BS24 -> 499.36551 | BU24: =BS$8*$H24 -> 266.9778 | BW24: =$F24*BX$8 -> 0 | BX24: =$G24*BX$8 -> 29625.907 | BY24: =BW24+BX24 -> 29625.907 | BZ24: =BX$8*$H24 -> 15839.018 | CB24: =$F24*CC$8 -> 0 | CC24: =$G24*CC$8 -> 152.05546 | CD24: =CB24+CC24 -> 152.05546 | CE24: =CC$8*$H24 -> 81.294028 | CG24: =$F24*CH$8 -> 0 | CH24: =$G24*CH$8 -> 6528.2658 | CI24: =CG24+CH24 -> 6528.2658 | CJ24: =CH$8*$H24 -> 3490.2331 | CL24: =$F24*CM$8 -> 0 | CM24: =$G24*CM$8 -> 7532.2745 | CN24: =CL24+CM24 -> 7532.2745 | CO24: =CM$8*$H24 -> 4027.0103 | CQ24: =$F24*CR$8 -> 0 | CR24: =$G24*CR$8 -> 77076.433 | CS24: =CQ24+CR24 -> 77076.433 | CT24: =CR$8*$H24 -> 41207.685 | CV24: =$F24*CW$8 -> 0 | CW24: =$G24*CW$8 -> 69916.983 | CX24: =CV24+CW24 -> 69916.983 | CY24: =CW$8*$H24 -> 37379.999 | DA24: =$F24*DB$8 -> 0 | DB24: =$G24*DB$8 -> 6965.5413 | DC24: =DA24+DB24 -> 6965.5413 | DD24: =DB$8*$H24 -> 3724.0155 | DF24: =$F24*DG$8 -> 0 | DG24: =$G24*DG$8 -> 241145.24 | DH24: =DF24+DG24 -> 241145.24 | DI24: =DG$8*$H24 -> 128924.45 | DK24: =$F24*DL$8 -> 0 | DL24: =$G24*DL$8 -> 498538.22 | DM24: =DK24+DL24 -> 498538.22 | DN24: =DL$8*$H24 -> 266535.5 | DP24: =$F24*DQ$8 -> 0 | DQ24: =$G24*DQ$8 -> 97.794348 | DR24: =DP24+DQ24 -> 97.794348 | DS24: =DQ$8*$H24 -> 52.284188 | DU24: =$F24*DV$8 -> 0 | DV24: =$G24*DV$8 -> 0 | DW24: =DU24+DV24 -> 0 | DX24: =DV$8*$H24 -> 0
A25: 11780 | C25: 0 | D25: 1298700 | E25: 285756 | F25: 5855000 | G25: 1405900 | H25: 751642 | O25: =C25+F25+I25+L25 -> 5855000 | P25: =D25+G25+J25+M25 -> 2704600 | Q25: =O25+P25 -> 8559600 | R25: =E25+H25+K25+N25 -> 1037398 | Y25: =AD25+AI25 -> 0 | Z25: =AE25+AJ25 -> 1298700 | AA25: =Y25+Z25 -> 1298700 | AB25: =AG25+AL25 -> 285756 | AD25: =C25*$AE$7 -> 0 | AE25: =D25*$AE$7 -> 215340.82 | AF25: =AD25+AE25 -> 215340.82 | AG25: =AE$7*$E25 -> 47381.945 | AI25: =C25*$AJ$7 -> 0 | AJ25: =D25*$AJ$7 -> 1083359.2 | AK25: =AI25+AJ25 -> 1083359.2 | AL25: =AJ$7*$E25 -> 238374.05 | AN25: ='20-Yrs Acad Revised'!H24 -> 571100.23 | AO25: ='20-Yrs Acad Revised'!I24 -> 137132.33 | AP25: =AN25+AO25 -> 708232.56 | AQ25: ='20-Yrs Acad Revised'!K24 -> 73315.614 | AS25: =BW25+AX25+BC25+BM25+BR25+CG25+CL25+CQ25+CV25+DA25+DF25+DK25+DP25+DU25+BH25+CB25 -> 5283899.8 | AT25: =BX25+AY25+BD25+BN25+BS25+CH25+CM25+CR25+CW25+DB25+DG25+DL25+DQ25+DV25+BI25+CC25 -> 1268767.7 | AU25: =AS25+AT25 -> 6552667.4 | AV25: =BZ25+BA25+BF25+BP25+BU25+CJ25+CO25+CT25+CY25+DD25+DI25+DN25+DS25+DX25+BK25+CE25 -> 678326.39 | AX25: =$F25*AY$8 -> 311348.22 | AY25: =$G25*AY$8 -> 74760.797 | AZ25: =AX25+AY25 -> 386109.02 | BA25: =AY$8*$H25 -> 39969.667 | BC25: =$F25*BD$8 -> 944877.66 | BD25: =$G25*BD$8 -> 226883.6 | BE25: =BC25+BD25 -> 1171761.3 | BF25: =BD$8*$H25 -> 121299.7 | BH25: =$F25*BI$8 -> 119651.52 | BI25: =$G25*BI$8 -> 28730.67 | BJ25: =BH25+BI25 -> 148382.19 | BK25: =BI$8*$H25 -> 15360.394 | BM25: =$F25*BN$8 -> 1309.8384 | BN25: =$G25*BN$8 -> 314.51781 | BO25: =BM25+BN25 -> 1624.3562 | BP25: =BN$8*$H25 -> 168.15193 | BR25: =$F25*BS$8 -> 2079.6537 | BS25: =$G25*BS$8 -> 499.36551 | BT25: =BR25+BS25 -> 2579.0192 | BU25: =BS$8*$H25 -> 266.9778 | BW25: =$F25*BX$8 -> 123379.82 | BX25: =$G25*BX$8 -> 29625.907 | BY25: =BW25+BX25 -> 153005.72 | BZ25: =BX$8*$H25 -> 15839.018 | CB25: =$F25*CC$8 -> 633.24898 | CC25: =$G25*CC$8 -> 152.05546 | CD25: =CB25+CC25 -> 785.30445 | CE25: =CC$8*$H25 -> 81.294028 | CG25: =$F25*CH$8 -> 27187.564 | CH25: =$G25*CH$8 -> 6528.2658 | CI25: =CG25+CH25 -> 33715.83 | CJ25: =CH$8*$H25 -> 3490.2331 | CL25: =$F25*CM$8 -> 31368.851 | CM25: =$G25*CM$8 -> 7532.2745 | CN25: =CL25+CM25 -> 38901.125 | CO25: =CM$8*$H25 -> 4027.0103 | CQ25: =$F25*CR$8 -> 320991.9 | CR25: =$G25*CR$8 -> 77076.433 | CS25: =CQ25+CR25 -> 398068.33 | CT25: =CR$8*$H25 -> 41207.685 | CV25: =$F25*CW$8 -> 291175.71 | CW25: =$G25*CW$8 -> 69916.983 | CX25: =CV25+CW25 -> 361092.69 | CY25: =CW$8*$H25 -> 37379.999 | DA25: =$F25*DB$8 -> 29008.638 | DB25: =$G25*DB$8 -> 6965.5413 | DC25: =DA25+DB25 -> 35974.179 | DD25: =DB$8*$H25 -> 3724.0155 | DF25: =$F25*DG$8 -> 1004271.6 | DG25: =$G25*DG$8 -> 241145.24 | DH25: =DF25+DG25 -> 1245416.8 | DI25: =DG$8*$H25 -> 128924.45 | DK25: =$F25*DL$8 -> 2076208.3 | DL25: =$G25*DL$8 -> 498538.22 | DM25: =DK25+DL25 -> 2574746.5 | DN25: =DL$8*$H25 -> 266535.5 | DP25: =$F25*DQ$8 -> 407.27357 | DQ25: =$G25*DQ$8 -> 97.794348 | DR25: =DP25+DQ25 -> 505.06791 | DS25: =DQ$8*$H25 -> 52.284188 | DU25: =$F25*DV$8 -> 0 | DV25: =$G25*DV$8 -> 0 | DW25: =DU25+DV25 -> 0 | DX25: =DV$8*$H25 -> 0
A26: 11963 | D26: 1298700 | E26: 285756 | G26: 1288800 | H26: 751642 | P26: =D26+G26+J26+M26 -> 2587500 | Q26: =O26+P26 -> 2587500 | R26: =E26+H26+K26+N26 -> 1037398 | Z26: =AE26+AJ26 -> 1298700 | AA26: =Y26+Z26 -> 1298700 | AB26: =AG26+AL26 -> 285756 | AE26: =D26*$AE$7 -> 215340.82 | AF26: =AD26+AE26 -> 215340.82 | AG26: =AE$7*$E26 -> 47381.945 | AJ26: =D26*$AJ$7 -> 1083359.2 | AK26: =AI26+AJ26 -> 1083359.2 | AL26: =AJ$7*$E26 -> 238374.05 | AN26: ='20-Yrs Acad Revised'!H25 -> 0 | AO26: ='20-Yrs Acad Revised'!I25 -> 125710.33 | AP26: =AN26+AO26 -> 125710.33 | AQ26: ='20-Yrs Acad Revised'!K25 -> 73315.614 | AS26: =BW26+AX26+BC26+BM26+BR26+CG26+CL26+CQ26+CV26+DA26+DF26+DK26+DP26+DU26+BH26+CB26 -> 0 | AT26: =BX26+AY26+BD26+BN26+BS26+CH26+CM26+CR26+CW26+DB26+DG26+DL26+DQ26+DV26+BI26+CC26 -> 1163089.7 | AU26: =AS26+AT26 -> 1163089.7 | AV26: =BZ26+BA26+BF26+BP26+BU26+CJ26+CO26+CT26+CY26+DD26+DI26+DN26+DS26+DX26+BK26+CE26 -> 678326.39 | AX26: =$F26*AY$8 -> 0 | AY26: =$G26*AY$8 -> 68533.832 | AZ26: =AX26+AY26 -> 68533.832 | BA26: =AY$8*$H26 -> 39969.667 | BC26: =$F26*BD$8 -> 0 | BD26: =$G26*BD$8 -> 207986.05 | BE26: =BC26+BD26 -> 207986.05 | BF26: =BD$8*$H26 -> 121299.7 | BH26: =$F26*BI$8 -> 0 | BI26: =$G26*BI$8 -> 26337.639 | BJ26: =BH26+BI26 -> 26337.639 | BK26: =BI$8*$H26 -> 15360.394 | BM26: =$F26*BN$8 -> 0 | BN26: =$G26*BN$8 -> 288.32104 | BO26: =BM26+BN26 -> 288.32104 | BP26: =BN$8*$H26 -> 168.15193 | BR26: =$F26*BS$8 -> 0 | BS26: =$G26*BS$8 -> 457.77244 | BT26: =BR26+BS26 -> 457.77244 | BU26: =BS$8*$H26 -> 266.9778 | BW26: =$F26*BX$8 -> 0 | BX26: =$G26*BX$8 -> 27158.311 | BY26: =BW26+BX26 -> 27158.311 | BZ26: =BX$8*$H26 -> 15839.018 | CB26: =$F26*CC$8 -> 0 | CC26: =$G26*CC$8 -> 139.39048 | CD26: =CB26+CC26 -> 139.39048 | CE26: =CC$8*$H26 -> 81.294028 | CG26: =$F26*CH$8 -> 0 | CH26: =$G26*CH$8 -> 5984.5145 | CI26: =CG26+CH26 -> 5984.5145 | CJ26: =CH$8*$H26 -> 3490.2331 | CL26: =$F26*CM$8 -> 0 | CM26: =$G26*CM$8 -> 6904.8975 | CN26: =CL26+CM26 -> 6904.8975 | CO26: =CM$8*$H26 -> 4027.0103 | CQ26: =$F26*CR$8 -> 0 | CR26: =$G26*CR$8 -> 70656.595 | CS26: =CQ26+CR26 -> 70656.595 | CT26: =CR$8*$H26 -> 41207.685 | CV26: =$F26*CW$8 -> 0 | CW26: =$G26*CW$8 -> 64093.468 | CX26: =CV26+CW26 -> 64093.468 | CY26: =CW$8*$H26 -> 37379.999 | DA26: =$F26*DB$8 -> 0 | DB26: =$G26*DB$8 -> 6385.3685 | DC26: =DA26+DB26 -> 6385.3685 | DD26: =DB$8*$H26 -> 3724.0155 | DF26: =$F26*DG$8 -> 0 | DG26: =$G26*DG$8 -> 221059.81 | DH26: =DF26+DG26 -> 221059.81 | DI26: =DG$8*$H26 -> 128924.45 | DK26: =$F26*DL$8 -> 0 | DL26: =$G26*DL$8 -> 457014.05 | DM26: =DK26+DL26 -> 457014.05 | DN26: =DL$8*$H26 -> 266535.5 | DP26: =$F26*DQ$8 -> 0 | DQ26: =$G26*DQ$8 -> 89.648877 | DR26: =DP26+DQ26 -> 89.648877 | DS26: =DQ$8*$H26 -> 52.284188 | DU26: =$F26*DV$8 -> 0 | DV26: =$G26*DV$8 -> 0 | DW26: =DU26+DV26 -> 0 | DX26: =DV$8*$H26 -> 0
A27: 12145 | C27: 0 | D27: 1298700 | E27: 285756 | F27: 6090000 | G27: 1288800 | H27: 751642 | O27: =C27+F27+I27+L27 -> 6090000 | P27: =D27+G27+J27+M27 -> 2587500 | Q27: =O27+P27 -> 8677500 | R27: =E27+H27+K27+N27 -> 1037398 | Y27: =AD27+AI27 -> 0 | Z27: =AE27+AJ27 -> 1298700 | AA27: =Y27+Z27 -> 1298700 | AB27: =AG27+AL27 -> 285756 | AD27: =C27*$AE$7 -> 0 | AE27: =D27*$AE$7 -> 215340.82 | AF27: =AD27+AE27 -> 215340.82 | AG27: =AE$7*$E27 -> 47381.945 | AI27: =C27*$AJ$7 -> 0 | AJ27: =D27*$AJ$7 -> 1083359.2 | AK27: =AI27+AJ27 -> 1083359.2 | AL27: =AJ$7*$E27 -> 238374.05 | AN27: ='20-Yrs Acad Revised'!H26 -> 594022.27 | AO27: ='20-Yrs Acad Revised'!I26 -> 125710.33 | AP27: =AN27+AO27 -> 719732.6 | AQ27: ='20-Yrs Acad Revised'!K26 -> 73315.614 | AS27: =BW27+AX27+BC27+BM27+BR27+CG27+CL27+CQ27+CV27+DA27+DF27+DK27+DP27+DU27+BH27+CB27 -> 5495977.7 | AT27: =BX27+AY27+BD27+BN27+BS27+CH27+CM27+CR27+CW27+DB27+DG27+DL27+DQ27+DV27+BI27+CC27 -> 1163089.7 | AU27: =AS27+AT27 -> 6659067.4 | AV27: =BZ27+BA27+BF27+BP27+BU27+CJ27+CO27+CT27+CY27+DD27+DI27+DN27+DS27+DX27+BK27+CE27 -> 678326.39 | AX27: =$F27*AY$8 -> 323844.69 | AY27: =$G27*AY$8 -> 68533.832 | AZ27: =AX27+AY27 -> 392378.52 | BA27: =AY$8*$H27 -> 39969.667 | BC27: =$F27*BD$8 -> 982801.87 | BD27: =$G27*BD$8 -> 207986.05 | BE27: =BC27+BD27 -> 1190787.9 | BF27: =BD$8*$H27 -> 121299.7 | BH27: =$F27*BI$8 -> 124453.93 | BI27: =$G27*BI$8 -> 26337.639 | BJ27: =BH27+BI27 -> 150791.57 | BK27: =BI$8*$H27 -> 15360.394 | BM27: =$F27*BN$8 -> 1362.4109 | BN27: =$G27*BN$8 -> 288.32104 | BO27: =BM27+BN27 -> 1650.7319 | BP27: =BN$8*$H27 -> 168.15193 | BR27: =$F27*BS$8 -> 2163.124 | BS27: =$G27*BS$8 -> 457.77244 | BT27: =BR27+BS27 -> 2620.8964 | BU27: =BS$8*$H27 -> 266.9778 | BW27: =$F27*BX$8 -> 128331.87 | BX27: =$G27*BX$8 -> 27158.311 | BY27: =BW27+BX27 -> 155490.18 | BZ27: =BX$8*$H27 -> 15839.018 | CB27: =$F27*CC$8 -> 658.66547 | CC27: =$G27*CC$8 -> 139.39048 | CD27: =CB27+CC27 -> 798.05595 | CE27: =CC$8*$H27 -> 81.294028 | CG27: =$F27*CH$8 -> 28278.781 | CH27: =$G27*CH$8 -> 5984.5145 | CI27: =CG27+CH27 -> 34263.296 | CJ27: =CH$8*$H27 -> 3490.2331 | CL27: =$F27*CM$8 -> 32627.891 | CM27: =$G27*CM$8 -> 6904.8975 | CN27: =CL27+CM27 -> 39532.788 | CO27: =CM$8*$H27 -> 4027.0103 | CQ27: =$F27*CR$8 -> 333875.44 | CR27: =$G27*CR$8 -> 70656.595 | CS27: =CQ27+CR27 -> 404532.03 | CT27: =CR$8*$H27 -> 41207.685 | CV27: =$F27*CW$8 -> 302862.53 | CW27: =$G27*CW$8 -> 64093.468 | CX27: =CV27+CW27 -> 366955.99 | CY27: =CW$8*$H27 -> 37379.999 | DA27: =$F27*DB$8 -> 30172.947 | DB27: =$G27*DB$8 -> 6385.3685 | DC27: =DA27+DB27 -> 36558.316 | DD27: =DB$8*$H27 -> 3724.0155 | DF27: =$F27*DG$8 -> 1044579.6 | DG27: =$G27*DG$8 -> 221059.81 | DH27: =DF27+DG27 -> 1265639.4 | DI27: =DG$8*$H27 -> 128924.45 | DK27: =$F27*DL$8 -> 2159540.3 | DL27: =$G27*DL$8 -> 457014.05 | DM27: =DK27+DL27 -> 2616554.4 | DN27: =DL$8*$H27 -> 266535.5 | DP27: =$F27*DQ$8 -> 423.62016 | DQ27: =$G27*DQ$8 -> 89.648877 | DR27: =DP27+DQ27 -> 513.26903 | DS27: =DQ$8*$H27 -> 52.284188 | DU27: =$F27*DV$8 -> 0 | DV27: =$G27*DV$8 -> 0 | DW27: =DU27+DV27 -> 0 | DX27: =DV$8*$H27 -> 0
A28: 12328 | D28: 1298700 | E28: 285756 | G28: 1167000 | H28: 751642 | P28: =D28+G28+J28+M28 -> 2465700 | Q28: =O28+P28 -> 2465700 | R28: =E28+H28+K28+N28 -> 1037398 | Z28: =AE28+AJ28 -> 1298700 | AA28: =Y28+Z28 -> 1298700 | AB28: =AG28+AL28 -> 285756 | AE28: =D28*$AE$7 -> 215340.82 | AF28: =AD28+AE28 -> 215340.82 | AG28: =AE$7*$E28 -> 47381.945 | AJ28: =D28*$AJ$7 -> 1083359.2 | AK28: =AI28+AJ28 -> 1083359.2 | AL28: =AJ$7*$E28 -> 238374.05 | AN28: ='20-Yrs Acad Revised'!H27 -> 0 | AO28: ='20-Yrs Acad Revised'!I27 -> 113829.88 | AP28: =AN28+AO28 -> 113829.88 | AQ28: ='20-Yrs Acad Revised'!K27 -> 73315.614 | AS28: =BW28+AX28+BC28+BM28+BR28+CG28+CL28+CQ28+CV28+DA28+DF28+DK28+DP28+DU28+BH28+CB28 -> 0 | AT28: =BX28+AY28+BD28+BN28+BS28+CH28+CM28+CR28+CW28+DB28+DG28+DL28+DQ28+DV28+BI28+CC28 -> 1053170.1 | AU28: =AS28+AT28 -> 1053170.1 | AV28: =BZ28+BA28+BF28+BP28+BU28+CJ28+CO28+CT28+CY28+DD28+DI28+DN28+DS28+DX28+BK28+CE28 -> 678326.39 | AX28: =$F28*AY$8 -> 0 | AY28: =$G28*AY$8 -> 62056.939 | AZ28: =AX28+AY28 -> 62056.939 | BA28: =AY$8*$H28 -> 39969.667 | BC28: =$F28*BD$8 -> 0 | BD28: =$G28*BD$8 -> 188330.01 | BE28: =BC28+BD28 -> 188330.01 | BF28: =BD$8*$H28 -> 121299.7 | BH28: =$F28*BI$8 -> 0 | BI28: =$G28*BI$8 -> 23848.561 | BJ28: =BH28+BI28 -> 23848.561 | BK28: =BI$8*$H28 -> 15360.394 | BM28: =$F28*BN$8 -> 0 | BN28: =$G28*BN$8 -> 261.07282 | BO28: =BM28+BN28 -> 261.07282 | BP28: =BN$8*$H28 -> 168.15193 | BR28: =$F28*BS$8 -> 0 | BS28: =$G28*BS$8 -> 414.50996 | BT28: =BR28+BS28 -> 414.50996 | BU28: =BS$8*$H28 -> 266.9778 | BW28: =$F28*BX$8 -> 0 | BX28: =$G28*BX$8 -> 24591.673 | BY28: =BW28+BX28 -> 24591.673 | BZ28: =BX$8*$H28 -> 15839.018 | CB28: =$F28*CC$8 -> 0 | CC28: =$G28*CC$8 -> 126.21718 | CD28: =CB28+CC28 -> 126.21718 | CE28: =CC$8*$H28 -> 81.294028 | CG28: =$F28*CH$8 -> 0 | CH28: =$G28*CH$8 -> 5418.9389 | CI28: =CG28+CH28 -> 5418.9389 | CJ28: =CH$8*$H28 -> 3490.2331 | CL28: =$F28*CM$8 -> 0 | CM28: =$G28*CM$8 -> 6252.3396 | CN28: =CL28+CM28 -> 6252.3396 | CO28: =CM$8*$H28 -> 4027.0103 | CQ28: =$F28*CR$8 -> 0 | CR28: =$G28*CR$8 -> 63979.086 | CS28: =CQ28+CR28 -> 63979.086 | CT28: =CR$8*$H28 -> 41207.685 | CV28: =$F28*CW$8 -> 0 | CW28: =$G28*CW$8 -> 58036.218 | CX28: =CV28+CW28 -> 58036.218 | CY28: =CW$8*$H28 -> 37379.999 | DA28: =$F28*DB$8 -> 0 | DB28: =$G28*DB$8 -> 5781.9096 | DC28: =DA28+DB28 -> 5781.9096 | DD28: =DB$8*$H28 -> 3724.0155 | DF28: =$F28*DG$8 -> 0 | DG28: =$G28*DG$8 -> 200168.22 | DH28: =DF28+DG28 -> 200168.22 | DI28: =DG$8*$H28 -> 128924.45 | DK28: =$F28*DL$8 -> 0 | DL28: =$G28*DL$8 -> 413823.25 | DM28: =DK28+DL28 -> 413823.25 | DN28: =DL$8*$H28 -> 266535.5 | DP28: =$F28*DQ$8 -> 0 | DQ28: =$G28*DQ$8 -> 81.176473 | DR28: =DP28+DQ28 -> 81.176473 | DS28: =DQ$8*$H28 -> 52.284188 | DU28: =$F28*DV$8 -> 0 | DV28: =$G28*DV$8 -> 0 | DW28: =DU28+DV28 -> 0 | DX28: =DV$8*$H28 -> 0
A29: 12510 | C29: 0 | D29: 1298700 | E29: 285756 | F29: 6330000 | G29: 1167000 | H29: 751642 | O29: =C29+F29+I29+L29 -> 6330000 | P29: =D29+G29+J29+M29 -> 2465700 | Q29: =O29+P29 -> 8795700 | R29: =E29+H29+K29+N29 -> 1037398 | Y29: =AD29+AI29 -> 0 | Z29: =AE29+AJ29 -> 1298700 | AA29: =Y29+Z29 -> 1298700 | AB29: =AG29+AL29 -> 285756 | AD29: =C29*$AE$7 -> 0 | AE29: =D29*$AE$7 -> 215340.82 | AF29: =AD29+AE29 -> 215340.82 | AG29: =AE$7*$E29 -> 47381.945 | AI29: =C29*$AJ$7 -> 0 | AJ29: =D29*$AJ$7 -> 1083359.2 | AK29: =AI29+AJ29 -> 1083359.2 | AL29: =AJ$7*$E29 -> 238374.05 | AN29: ='20-Yrs Acad Revised'!H28 -> 617432.01 | AO29: ='20-Yrs Acad Revised'!I28 -> 113829.88 | AP29: =AN29+AO29 -> 731261.9 | AQ29: ='20-Yrs Acad Revised'!K28 -> 73315.614 | AS29: =BW29+AX29+BC29+BM29+BR29+CG29+CL29+CQ29+CV29+DA29+DF29+DK29+DP29+DU29+BH29+CB29 -> 5712568 | AT29: =BX29+AY29+BD29+BN29+BS29+CH29+CM29+CR29+CW29+DB29+DG29+DL29+DQ29+DV29+BI29+CC29 -> 1053170.1 | AU29: =AS29+AT29 -> 6765738.1 | AV29: =BZ29+BA29+BF29+BP29+BU29+CJ29+CO29+CT29+CY29+DD29+DI29+DN29+DS29+DX29+BK29+CE29 -> 678326.39 | AX29: =$F29*AY$8 -> 336607.04 | AY29: =$G29*AY$8 -> 62056.939 | AZ29: =AX29+AY29 -> 398663.98 | BA29: =AY$8*$H29 -> 39969.667 | BC29: =$F29*BD$8 -> 1021533 | BD29: =$G29*BD$8 -> 188330.01 | BE29: =BC29+BD29 -> 1209863 | BF29: =BD$8*$H29 -> 121299.7 | BH29: =$F29*BI$8 -> 129358.52 | BI29: =$G29*BI$8 -> 23848.561 | BJ29: =BH29+BI29 -> 153207.08 | BK29: =BI$8*$H29 -> 15360.394 | BM29: =$F29*BN$8 -> 1416.1019 | BN29: =$G29*BN$8 -> 261.07282 | BO29: =BM29+BN29 -> 1677.1748 | BP29: =BN$8*$H29 -> 168.15193 | BR29: =$F29*BS$8 -> 2248.3702 | BS29: =$G29*BS$8 -> 414.50996 | BT29: =BR29+BS29 -> 2662.8802 | BU29: =BS$8*$H29 -> 266.9778 | BW29: =$F29*BX$8 -> 133389.28 | BX29: =$G29*BX$8 -> 24591.673 | BY29: =BW29+BX29 -> 157980.96 | BZ29: =BX$8*$H29 -> 15839.018 | CB29: =$F29*CC$8 -> 684.62273 | CC29: =$G29*CC$8 -> 126.21718 | CD29: =CB29+CC29 -> 810.8399 | CE29: =CC$8*$H29 -> 81.294028 | CG29: =$F29*CH$8 -> 29393.216 | CH29: =$G29*CH$8 -> 5418.9389 | CI29: =CG29+CH29 -> 34812.155 | CJ29: =CH$8*$H29 -> 3490.2331 | CL29: =$F29*CM$8 -> 33913.719 | CM29: =$G29*CM$8 -> 6252.3396 | CN29: =CL29+CM29 -> 40166.059 | CO29: =CM$8*$H29 -> 4027.0103 | CQ29: =$F29*CR$8 -> 347033.09 | CR29: =$G29*CR$8 -> 63979.086 | CS29: =CQ29+CR29 -> 411012.18 | CT29: =CR$8*$H29 -> 41207.685 | CV29: =$F29*CW$8 -> 314797.99 | CW29: =$G29*CW$8 -> 58036.218 | CX29: =CV29+CW29 -> 372834.21 | CY29: =CW$8*$H29 -> 37379.999 | DA29: =$F29*DB$8 -> 31362.029 | DB29: =$G29*DB$8 -> 5781.9096 | DC29: =DA29+DB29 -> 37143.938 | DD29: =DB$8*$H29 -> 3724.0155 | DF29: =$F29*DG$8 -> 1085745.3 | DG29: =$G29*DG$8 -> 200168.22 | DH29: =DF29+DG29 -> 1285913.6 | DI29: =DG$8*$H29 -> 128924.45 | DK29: =$F29*DL$8 -> 2244645.4 | DL29: =$G29*DL$8 -> 413823.25 | DM29: =DK29+DL29 -> 2658468.6 | DN29: =DL$8*$H29 -> 266535.5 | DP29: =$F29*DQ$8 -> 440.31455 | DQ29: =$G29*DQ$8 -> 81.176473 | DR29: =DP29+DQ29 -> 521.49102 | DS29: =DQ$8*$H29 -> 52.284188 | DU29: =$F29*DV$8 -> 0 | DV29: =$G29*DV$8 -> 0 | DW29: =DU29+DV29 -> 0 | DX29: =DV$8*$H29 -> 0
A30: 12693 | D30: 1298700 | E30: 285756 | G30: 1040400 | H30: 751642 | P30: =D30+G30+J30+M30 -> 2339100 | Q30: =O30+P30 -> 2339100 | R30: =E30+H30+K30+N30 -> 1037398 | Z30: =AE30+AJ30 -> 1298700 | AA30: =Y30+Z30 -> 1298700 | AB30: =AG30+AL30 -> 285756 | AE30: =D30*$AE$7 -> 215340.82 | AF30: =AD30+AE30 -> 215340.82 | AG30: =AE$7*$E30 -> 47381.945 | AJ30: =D30*$AJ$7 -> 1083359.2 | AK30: =AI30+AJ30 -> 1083359.2 | AL30: =AJ$7*$E30 -> 238374.05 | AN30: ='20-Yrs Acad Revised'!H29 -> 0 | AO30: ='20-Yrs Acad Revised'!I29 -> 101481.24 | AP30: =AN30+AO30 -> 101481.24 | AQ30: ='20-Yrs Acad Revised'!K29 -> 73315.614 | AS30: =BW30+AX30+BC30+BM30+BR30+CG30+CL30+CQ30+CV30+DA30+DF30+DK30+DP30+DU30+BH30+CB30 -> 0 | AT30: =BX30+AY30+BD30+BN30+BS30+CH30+CM30+CR30+CW30+DB30+DG30+DL30+DQ30+DV30+BI30+CC30 -> 938918.76 | AU30: =AS30+AT30 -> 938918.76 | AV30: =BZ30+BA30+BF30+BP30+BU30+CJ30+CO30+CT30+CY30+DD30+DI30+DN30+DS30+DX30+BK30+CE30 -> 678326.39 | AX30: =$F30*AY$8 -> 0 | AY30: =$G30*AY$8 -> 55324.798 | AZ30: =AX30+AY30 -> 55324.798 | BA30: =AY$8*$H30 -> 39969.667 | BC30: =$F30*BD$8 -> 0 | BD30: =$G30*BD$8 -> 167899.35 | BE30: =BC30+BD30 -> 167899.35 | BF30: =BD$8*$H30 -> 121299.7 | BH30: =$F30*BI$8 -> 0 | BI30: =$G30*BI$8 -> 21261.39 | BJ30: =BH30+BI30 -> 21261.39 | BK30: =BI$8*$H30 -> 15360.394 | BM30: =$F30*BN$8 -> 0 | BN30: =$G30*BN$8 -> 232.75078 | BO30: =BM30+BN30 -> 232.75078 | BP30: =BN$8*$H30 -> 168.15193 | BR30: =$F30*BS$8 -> 0 | BS30: =$G30*BS$8 -> 369.54256 | BT30: =BR30+BS30 -> 369.54256 | BU30: =BS$8*$H30 -> 266.9778 | BW30: =$F30*BX$8 -> 0 | BX30: =$G30*BX$8 -> 21923.888 | BY30: =BW30+BX30 -> 21923.888 | BZ30: =BX$8*$H30 -> 15839.018 | CB30: =$F30*CC$8 -> 0 | CC30: =$G30*CC$8 -> 112.52472 | CD30: =CB30+CC30 -> 112.52472 | CE30: =CC$8*$H30 -> 81.294028 | CG30: =$F30*CH$8 -> 0 | CH30: =$G30*CH$8 -> 4831.0746 | CI30: =CG30+CH30 -> 4831.0746 | CJ30: =CH$8*$H30 -> 3490.2331 | CL30: =$F30*CM$8 -> 0 | CM30: =$G30*CM$8 -> 5574.0653 | CN30: =CL30+CM30 -> 5574.0653 | CO30: =CM$8*$H30 -> 4027.0103 | CQ30: =$F30*CR$8 -> 0 | CR30: =$G30*CR$8 -> 57038.424 | CS30: =CQ30+CR30 -> 57038.424 | CT30: =CR$8*$H30 -> 41207.685 | CV30: =$F30*CW$8 -> 0 | CW30: =$G30*CW$8 -> 51740.258 | CX30: =CV30+CW30 -> 51740.258 | CY30: =CW$8*$H30 -> 37379.999 | DA30: =$F30*DB$8 -> 0 | DB30: =$G30*DB$8 -> 5154.669 | DC30: =DA30+DB30 -> 5154.669 | DD30: =DB$8*$H30 -> 3724.0155 | DF30: =$F30*DG$8 -> 0 | DG30: =$G30*DG$8 -> 178453.31 | DH30: =DF30+DG30 -> 178453.31 | DI30: =DG$8*$H30 -> 128924.45 | DK30: =$F30*DL$8 -> 0 | DL30: =$G30*DL$8 -> 368930.34 | DM30: =DK30+DL30 -> 368930.34 | DN30: =DL$8*$H30 -> 266535.5 | DP30: =$F30*DQ$8 -> 0 | DQ30: =$G30*DQ$8 -> 72.370183 | DR30: =DP30+DQ30 -> 72.370183 | DS30: =DQ$8*$H30 -> 52.284188 | DU30: =$F30*DV$8 -> 0 | DV30: =$G30*DV$8 -> 0 | DW30: =DU30+DV30 -> 0 | DX30: =DV$8*$H30 -> 0
A31: 12875 | C31: 0 | D31: 1298700 | E31: 285756 | F31: 6585000 | G31: 1040400 | H31: 751642 | O31: =C31+F31+I31+L31 -> 6585000 | P31: =D31+G31+J31+M31 -> 2339100 | Q31: =O31+P31 -> 8924100 | R31: =E31+H31+K31+N31 -> 1037398 | Y31: =AD31+AI31 -> 0 | Z31: =AE31+AJ31 -> 1298700 | AA31: =Y31+Z31 -> 1298700 | AB31: =AG31+AL31 -> 285756 | AD31: =C31*$AE$7 -> 0 | AE31: =D31*$AE$7 -> 215340.82 | AF31: =AD31+AE31 -> 215340.82 | AG31: =AE$7*$E31 -> 47381.945 | AI31: =C31*$AJ$7 -> 0 | AJ31: =D31*$AJ$7 -> 1083359.2 | AK31: =AI31+AJ31 -> 1083359.2 | AL31: =AJ$7*$E31 -> 238374.05 | AN31: ='20-Yrs Acad Revised'!H30 -> 642304.87 | AO31: ='20-Yrs Acad Revised'!I30 -> 101481.24 | AP31: =AN31+AO31 -> 743786.11 | AQ31: ='20-Yrs Acad Revised'!K30 -> 73315.614 | AS31: =BW31+AX31+BC31+BM31+BR31+CG31+CL31+CQ31+CV31+DA31+DF31+DK31+DP31+DU31+BH31+CB31 -> 5942695.1 | AT31: =BX31+AY31+BD31+BN31+BS31+CH31+CM31+CR31+CW31+DB31+DG31+DL31+DQ31+DV31+BI31+CC31 -> 938918.76 | AU31: =AS31+AT31 -> 6881613.9 | AV31: =BZ31+BA31+BF31+BP31+BU31+CJ31+CO31+CT31+CY31+DD31+DI31+DN31+DS31+DX31+BK31+CE31 -> 678326.39 | AX31: =$F31*AY$8 -> 350167.04 | AY31: =$G31*AY$8 -> 55324.798 | AZ31: =AX31+AY31 -> 405491.84 | BA31: =AY$8*$H31 -> 39969.667 | BC31: =$F31*BD$8 -> 1062684.8 | BD31: =$G31*BD$8 -> 167899.35 | BE31: =BC31+BD31 -> 1230584.1 | BF31: =BD$8*$H31 -> 121299.7 | BH31: =$F31*BI$8 -> 134569.64 | BI31: =$G31*BI$8 -> 21261.39 | BJ31: =BH31+BI31 -> 155831.03 | BK31: =BI$8*$H31 -> 15360.394 | BM31: =$F31*BN$8 -> 1473.1487 | BN31: =$G31*BN$8 -> 232.75078 | BO31: =BM31+BN31 -> 1705.8995 | BP31: =BN$8*$H31 -> 168.15193 | BR31: =$F31*BS$8 -> 2338.9444 | BS31: =$G31*BS$8 -> 369.54256 | BT31: =BR31+BS31 -> 2708.4869 | BU31: =BS$8*$H31 -> 266.9778 | BW31: =$F31*BX$8 -> 138762.78 | BX31: =$G31*BX$8 -> 21923.888 | BY31: =BW31+BX31 -> 160686.67 | BZ31: =BX$8*$H31 -> 15839.018 | CB31: =$F31*CC$8 -> 712.20231 | CC31: =$G31*CC$8 -> 112.52472 | CD31: =CB31+CC31 -> 824.72704 | CE31: =CC$8*$H31 -> 81.294028 | CG31: =$F31*CH$8 -> 30577.303 | CH31: =$G31*CH$8 -> 4831.0746 | CI31: =CG31+CH31 -> 35408.377 | CJ31: =CH$8*$H31 -> 3490.2331 | CL31: =$F31*CM$8 -> 35279.911 | CM31: =$G31*CM$8 -> 5574.0653 | CN31: =CL31+CM31 -> 40853.977 | CO31: =CM$8*$H31 -> 4027.0103 | CQ31: =$F31*CR$8 -> 361013.1 | CR31: =$G31*CR$8 -> 57038.424 | CS31: =CQ31+CR31 -> 418051.52 | CT31: =CR$8*$H31 -> 41207.685 | CV31: =$F31*CW$8 -> 327479.43 | CW31: =$G31*CW$8 -> 51740.258 | CX31: =CV31+CW31 -> 379219.69 | CY31: =CW$8*$H31 -> 37379.999 | DA31: =$F31*DB$8 -> 32625.428 | DB31: =$G31*DB$8 -> 5154.669 | DC31: =DA31+DB31 -> 37780.097 | DD31: =DB$8*$H31 -> 3724.0155 | DF31: =$F31*DG$8 -> 1129483.9 | DG31: =$G31*DG$8 -> 178453.31 | DH31: =DF31+DG31 -> 1307937.2 | DI31: =DG$8*$H31 -> 128924.45 | DK31: =$F31*DL$8 -> 2335069.5 | DL31: =$G31*DL$8 -> 368930.34 | DM31: =DK31+DL31 -> 2703999.8 | DN31: =DL$8*$H31 -> 266535.5 | DP31: =$F31*DQ$8 -> 458.05234 | DQ31: =$G31*DQ$8 -> 72.370183 | DR31: =DP31+DQ31 -> 530.42252 | DS31: =DQ$8*$H31 -> 52.284188 | DU31: =$F31*DV$8 -> 0 | DV31: =$G31*DV$8 -> 0 | DW31: =DU31+DV31 -> 0 | DX31: =DV$8*$H31 -> 0
A32: 13058 | D32: 1298700 | E32: 285756 | G32: 908700 | H32: 751642 | P32: =D32+G32+J32+M32 -> 2207400 | Q32: =O32+P32 -> 2207400 | R32: =E32+H32+K32+N32 -> 1037398 | Z32: =AE32+AJ32 -> 1298700 | AA32: =Y32+Z32 -> 1298700 | AB32: =AG32+AL32 -> 285756 | AE32: =D32*$AE$7 -> 215340.82 | AF32: =AD32+AE32 -> 215340.82 | AG32: =AE$7*$E32 -> 47381.945 | AJ32: =D32*$AJ$7 -> 1083359.2 | AK32: =AI32+AJ32 -> 1083359.2 | AL32: =AJ$7*$E32 -> 238374.05 | AN32: ='20-Yrs Acad Revised'!H31 -> 0 | AO32: ='20-Yrs Acad Revised'!I31 -> 88635.146 | AP32: =AN32+AO32 -> 88635.146 | AQ32: ='20-Yrs Acad Revised'!K31 -> 73315.614 | AS32: =BW32+AX32+BC32+BM32+BR32+CG32+CL32+CQ32+CV32+DA32+DF32+DK32+DP32+DU32+BH32+CB32 -> 0 | AT32: =BX32+AY32+BD32+BN32+BS32+CH32+CM32+CR32+CW32+DB32+DG32+DL32+DQ32+DV32+BI32+CC32 -> 820064.85 | AU32: =AS32+AT32 -> 820064.85 | AV32: =BZ32+BA32+BF32+BP32+BU32+CJ32+CO32+CT32+CY32+DD32+DI32+DN32+DS32+DX32+BK32+CE32 -> 678326.39 | AX32: =$F32*AY$8 -> 0 | AY32: =$G32*AY$8 -> 48321.457 | AZ32: =AX32+AY32 -> 48321.457 | BA32: =AY$8*$H32 -> 39969.667 | BC32: =$F32*BD$8 -> 0 | BD32: =$G32*BD$8 -> 146645.66 | BE32: =BC32+BD32 -> 146645.66 | BF32: =BD$8*$H32 -> 121299.7 | BH32: =$F32*BI$8 -> 0 | BI32: =$G32*BI$8 -> 18569.998 | BJ32: =BH32+BI32 -> 18569.998 | BK32: =BI$8*$H32 -> 15360.394 | BM32: =$F32*BN$8 -> 0 | BN32: =$G32*BN$8 -> 203.28781 | BO32: =BM32+BN32 -> 203.28781 | BP32: =BN$8*$H32 -> 168.15193 | BR32: =$F32*BS$8 -> 0 | BS32: =$G32*BS$8 -> 322.76367 | BT32: =BR32+BS32 -> 322.76367 | BU32: =BS$8*$H32 -> 266.9778 | BW32: =$F32*BX$8 -> 0 | BX32: =$G32*BX$8 -> 19148.632 | BY32: =BW32+BX32 -> 19148.632 | BZ32: =BX$8*$H32 -> 15839.018 | CB32: =$F32*CC$8 -> 0 | CC32: =$G32*CC$8 -> 98.280675 | CD32: =CB32+CC32 -> 98.280675 | CE32: =CC$8*$H32 -> 81.294028 | CG32: =$F32*CH$8 -> 0 | CH32: =$G32*CH$8 -> 4219.5285 | CI32: =CG32+CH32 -> 4219.5285 | CJ32: =CH$8*$H32 -> 3490.2331 | CL32: =$F32*CM$8 -> 0 | CM32: =$G32*CM$8 -> 4868.467 | CN32: =CL32+CM32 -> 4868.467 | CO32: =CM$8*$H32 -> 4027.0103 | CQ32: =$F32*CR$8 -> 0 | CR32: =$G32*CR$8 -> 49818.162 | CS32: =CQ32+CR32 -> 49818.162 | CT32: =CR$8*$H32 -> 41207.685 | CV32: =$F32*CW$8 -> 0 | CW32: =$G32*CW$8 -> 45190.669 | CX32: =CV32+CW32 -> 45190.669 | CY32: =CW$8*$H32 -> 37379.999 | DA32: =$F32*DB$8 -> 0 | DB32: =$G32*DB$8 -> 4502.1604 | DC32: =DA32+DB32 -> 4502.1604 | DD32: =DB$8*$H32 -> 3724.0155 | DF32: =$F32*DG$8 -> 0 | DG32: =$G32*DG$8 -> 155863.63 | DH32: =DF32+DG32 -> 155863.63 | DI32: =DG$8*$H32 -> 128924.45 | DK32: =$F32*DL$8 -> 0 | DL32: =$G32*DL$8 -> 322228.95 | DM32: =DK32+DL32 -> 322228.95 | DN32: =DL$8*$H32 -> 266535.5 | DP32: =$F32*DQ$8 -> 0 | DQ32: =$G32*DQ$8 -> 63.209136 | DR32: =DP32+DQ32 -> 63.209136 | DS32: =DQ$8*$H32 -> 52.284188 | DU32: =$F32*DV$8 -> 0 | DV32: =$G32*DV$8 -> 0 | DW32: =DU32+DV32 -> 0 | DX32: =DV$8*$H32 -> 0
A33: 13241 | C33: 0 | D33: 1298700 | E33: 285756 | F33: 6850000 | G33: 908700 | H33: 751642 | O33: =C33+F33+I33+L33 -> 6850000 | P33: =D33+G33+J33+M33 -> 2207400 | Q33: =O33+P33 -> 9057400 | R33: =E33+H33+K33+N33 -> 1037398 | Y33: =AD33+AI33 -> 0 | Z33: =AE33+AJ33 -> 1298700 | AA33: =Y33+Z33 -> 1298700 | AB33: =AG33+AL33 -> 285756 | AD33: =C33*$AE$7 -> 0 | AE33: =D33*$AE$7 -> 215340.82 | AF33: =AD33+AE33 -> 215340.82 | AG33: =AE$7*$E33 -> 47381.945 | AI33: =C33*$AJ$7 -> 0 | AJ33: =D33*$AJ$7 -> 1083359.2 | AK33: =AI33+AJ33 -> 1083359.2 | AL33: =AJ$7*$E33 -> 238374.05 | AN33: ='20-Yrs Acad Revised'!H32 -> 668153.13 | AO33: ='20-Yrs Acad Revised'!I32 -> 88635.146 | AP33: =AN33+AO33 -> 756788.27 | AQ33: ='20-Yrs Acad Revised'!K32 -> 73315.614 | AS33: =BW33+AX33+BC33+BM33+BR33+CG33+CL33+CQ33+CV33+DA33+DF33+DK33+DP33+DU33+BH33+CB33 -> 6181846.9 | AT33: =BX33+AY33+BD33+BN33+BS33+CH33+CM33+CR33+CW33+DB33+DG33+DL33+DQ33+DV33+BI33+CC33 -> 820064.85 | AU33: =AS33+AT33 -> 7001911.7 | AV33: =BZ33+BA33+BF33+BP33+BU33+CJ33+CO33+CT33+CY33+DD33+DI33+DN33+DS33+DX33+BK33+CE33 -> 678326.39 | AX33: =$F33*AY$8 -> 364258.81 | AY33: =$G33*AY$8 -> 48321.457 | AZ33: =AX33+AY33 -> 412580.27 | BA33: =AY$8*$H33 -> 39969.667 | BC33: =$F33*BD$8 -> 1105450.4 | BD33: =$G33*BD$8 -> 146645.66 | BE33: =BC33+BD33 -> 1252096 | BF33: =BD$8*$H33 -> 121299.7 | BH33: =$F33*BI$8 -> 139985.12 | BI33: =$G33*BI$8 -> 18569.998 | BJ33: =BH33+BI33 -> 158555.12 | BK33: =BI$8*$H33 -> 15360.394 | BM33: =$F33*BN$8 -> 1532.4326 | BN33: =$G33*BN$8 -> 203.28781 | BO33: =BM33+BN33 -> 1735.7204 | BP33: =BN$8*$H33 -> 168.15193 | BR33: =$F33*BS$8 -> 2433.0705 | BS33: =$G33*BS$8 -> 322.76367 | BT33: =BR33+BS33 -> 2755.8341 | BU33: =BS$8*$H33 -> 266.9778 | BW33: =$F33*BX$8 -> 144347.01 | BX33: =$G33*BX$8 -> 19148.632 | BY33: =BW33+BX33 -> 163495.64 | BZ33: =BX$8*$H33 -> 15839.018 | CB33: =$F33*CC$8 -> 740.86346 | CC33: =$G33*CC$8 -> 98.280675 | CD33: =CB33+CC33 -> 839.14413 | CE33: =CC$8*$H33 -> 81.294028 | CG33: =$F33*CH$8 -> 31807.825 | CH33: =$G33*CH$8 -> 4219.5285 | CI33: =CG33+CH33 -> 36027.353 | CJ33: =CH$8*$H33 -> 3490.2331 | CL33: =$F33*CM$8 -> 36699.68 | CM33: =$G33*CM$8 -> 4868.467 | CN33: =CL33+CM33 -> 41568.147 | CO33: =CM$8*$H33 -> 4027.0103 | CQ33: =$F33*CR$8 -> 375541.34 | CR33: =$G33*CR$8 -> 49818.162 | CS33: =CQ33+CR33 -> 425359.5 | CT33: =CR$8*$H33 -> 41207.685 | CV33: =$F33*CW$8 -> 340658.18 | CW33: =$G33*CW$8 -> 45190.669 | CX33: =CV33+CW33 -> 385848.85 | CY33: =CW$8*$H33 -> 37379.999 | DA33: =$F33*DB$8 -> 33938.372 | DB33: =$G33*DB$8 -> 4502.1604 | DC33: =DA33+DB33 -> 38440.533 | DD33: =DB$8*$H33 -> 3724.0155 | DF33: =$F33*DG$8 -> 1174937.7 | DG33: =$G33*DG$8 -> 155863.63 | DH33: =DF33+DG33 -> 1330801.3 | DI33: =DG$8*$H33 -> 128924.45 | DK33: =$F33*DL$8 -> 2429039.6 | DL33: =$G33*DL$8 -> 322228.95 | DM33: =DK33+DL33 -> 2751268.6 | DN33: =DL$8*$H33 -> 266535.5 | DP33: =$F33*DQ$8 -> 476.48573 | DQ33: =$G33*DQ$8 -> 63.209136 | DR33: =DP33+DQ33 -> 539.69486 | DS33: =DQ$8*$H33 -> 52.284188 | DU33: =$F33*DV$8 -> 0 | DV33: =$G33*DV$8 -> 0 | DW33: =DU33+DV33 -> 0 | DX33: =DV$8*$H33 -> 0
A34: 13424 | D34: 1298700 | E34: 285756 | G34: 771700 | H34: 751642 | P34: =D34+G34+J34+M34 -> 2070400 | Q34: =O34+P34 -> 2070400 | R34: =E34+H34+K34+N34 -> 1037398 | Z34: =AE34+AJ34 -> 1298700 | AA34: =Y34+Z34 -> 1298700 | AB34: =AG34+AL34 -> 285756 | AE34: =D34*$AE$7 -> 215340.82 | AF34: =AD34+AE34 -> 215340.82 | AG34: =AE$7*$E34 -> 47381.945 | AJ34: =D34*$AJ$7 -> 1083359.2 | AK34: =AI34+AJ34 -> 1083359.2 | AL34: =AJ$7*$E34 -> 238374.05 | AN34: ='20-Yrs Acad Revised'!H33 -> 0 | AO34: ='20-Yrs Acad Revised'!I33 -> 75272.083 | AP34: =AN34+AO34 -> 75272.083 | AQ34: ='20-Yrs Acad Revised'!K33 -> 73315.614 | AS34: =BW34+AX34+BC34+BM34+BR34+CG34+CL34+CQ34+CV34+DA34+DF34+DK34+DP34+DU34+BH34+CB34 -> 0 | AT34: =BX34+AY34+BD34+BN34+BS34+CH34+CM34+CR34+CW34+DB34+DG34+DL34+DQ34+DV34+BI34+CC34 -> 696427.92 | AU34: =AS34+AT34 -> 696427.92 | AV34: =BZ34+BA34+BF34+BP34+BU34+CJ34+CO34+CT34+CY34+DD34+DI34+DN34+DS34+DX34+BK34+CE34 -> 678326.39 | AX34: =$F34*AY$8 -> 0 | AY34: =$G34*AY$8 -> 41036.281 | AZ34: =AX34+AY34 -> 41036.281 | BA34: =AY$8*$H34 -> 39969.667 | BC34: =$F34*BD$8 -> 0 | BD34: =$G34*BD$8 -> 124536.65 | BE34: =BC34+BD34 -> 124536.65 | BF34: =BD$8*$H34 -> 121299.7 | BH34: =$F34*BI$8 -> 0 | BI34: =$G34*BI$8 -> 15770.295 | BJ34: =BH34+BI34 -> 15770.295 | BK34: =BI$8*$H34 -> 15360.394 | BM34: =$F34*BN$8 -> 0 | BN34: =$G34*BN$8 -> 172.63916 | BO34: =BM34+BN34 -> 172.63916 | BP34: =BN$8*$H34 -> 168.15193 | BR34: =$F34*BS$8 -> 0 | BS34: =$G34*BS$8 -> 274.10226 | BT34: =BR34+BS34 -> 274.10226 | BU34: =BS$8*$H34 -> 266.9778 | BW34: =$F34*BX$8 -> 0 | BX34: =$G34*BX$8 -> 16261.692 | BY34: =BW34+BX34 -> 16261.692 | BZ34: =BX$8*$H34 -> 15839.018 | CB34: =$F34*CC$8 -> 0 | CC34: =$G34*CC$8 -> 83.463406 | CD34: =CB34+CC34 -> 83.463406 | CE34: =CC$8*$H34 -> 81.294028 | CG34: =$F34*CH$8 -> 0 | CH34: =$G34*CH$8 -> 3583.372 | CI34: =CG34+CH34 -> 3583.372 | CJ34: =CH$8*$H34 -> 3490.2331 | CL34: =$F34*CM$8 -> 0 | CM34: =$G34*CM$8 -> 4134.4734 | CN34: =CL34+CM34 -> 4134.4734 | CO34: =CM$8*$H34 -> 4027.0103 | CQ34: =$F34*CR$8 -> 0 | CR34: =$G34*CR$8 -> 42307.336 | CS34: =CQ34+CR34 -> 42307.336 | CT34: =CR$8*$H34 -> 41207.685 | CV34: =$F34*CW$8 -> 0 | CW34: =$G34*CW$8 -> 38377.506 | CX34: =CV34+CW34 -> 38377.506 | CY34: =CW$8*$H34 -> 37379.999 | DA34: =$F34*DB$8 -> 0 | DB34: =$G34*DB$8 -> 3823.393 | DC34: =DA34+DB34 -> 3823.393 | DD34: =DB$8*$H34 -> 3724.0155 | DF34: =$F34*DG$8 -> 0 | DG34: =$G34*DG$8 -> 132364.88 | DH34: =DF34+DG34 -> 132364.88 | DI34: =DG$8*$H34 -> 128924.45 | DK34: =$F34*DL$8 -> 0 | DL34: =$G34*DL$8 -> 273648.16 | DM34: =DK34+DL34 -> 273648.16 | DN34: =DL$8*$H34 -> 266535.5 | DP34: =$F34*DQ$8 -> 0 | DQ34: =$G34*DQ$8 -> 53.679421 | DR34: =DP34+DQ34 -> 53.679421 | DS34: =DQ$8*$H34 -> 52.284188 | DU34: =$F34*DV$8 -> 0 | DV34: =$G34*DV$8 -> 0 | DW34: =DU34+DV34 -> 0 | DX34: =DV$8*$H34 -> 0
A35: 13606 | C35: 0 | D35: 1298700 | E35: 285756 | F35: 7125000 | G35: 771700 | H35: 751642 | O35: =C35+F35+I35+L35 -> 7125000 | P35: =D35+G35+J35+M35 -> 2070400 | Q35: =O35+P35 -> 9195400 | R35: =E35+H35+K35+N35 -> 1037398 | Y35: =AD35+AI35 -> 0 | Z35: =AE35+AJ35 -> 1298700 | AA35: =Y35+Z35 -> 1298700 | AB35: =AG35+AL35 -> 285756 | AD35: =C35*$AE$7 -> 0 | AE35: =D35*$AE$7 -> 215340.82 | AF35: =AD35+AE35 -> 215340.82 | AG35: =AE$7*$E35 -> 47381.945 | AI35: =C35*$AJ$7 -> 0 | AJ35: =D35*$AJ$7 -> 1083359.2 | AK35: =AI35+AJ35 -> 1083359.2 | AL35: =AJ$7*$E35 -> 238374.05 | AN35: ='20-Yrs Acad Revised'!H34 -> 694976.79 | AO35: ='20-Yrs Acad Revised'!I34 -> 75272.083 | AP35: =AN35+AO35 -> 770248.88 | AQ35: ='20-Yrs Acad Revised'!K34 -> 73315.614 | AS35: =BW35+AX35+BC35+BM35+BR35+CG35+CL35+CQ35+CV35+DA35+DF35+DK35+DP35+DU35+BH35+CB35 -> 6430023.2 | AT35: =BX35+AY35+BD35+BN35+BS35+CH35+CM35+CR35+CW35+DB35+DG35+DL35+DQ35+DV35+BI35+CC35 -> 696427.92 | AU35: =AS35+AT35 -> 7126451.1 | AV35: =BZ35+BA35+BF35+BP35+BU35+CJ35+CO35+CT35+CY35+DD35+DI35+DN35+DS35+DX35+BK35+CE35 -> 678326.39 | AX35: =$F35*AY$8 -> 378882.34 | AY35: =$G35*AY$8 -> 41036.281 | AZ35: =AX35+AY35 -> 419918.62 | BA35: =AY$8*$H35 -> 39969.667 | BC35: =$F35*BD$8 -> 1149829.8 | BD35: =$G35*BD$8 -> 124536.65 | BE35: =BC35+BD35 -> 1274366.4 | BF35: =BD$8*$H35 -> 121299.7 | BH35: =$F35*BI$8 -> 145604.97 | BI35: =$G35*BI$8 -> 15770.295 | BJ35: =BH35+BI35 -> 161375.26 | BK35: =BI$8*$H35 -> 15360.394 | BM35: =$F35*BN$8 -> 1593.9536 | BN35: =$G35*BN$8 -> 172.63916 | BO35: =BM35+BN35 -> 1766.5928 | BP35: =BN$8*$H35 -> 168.15193 | BR35: =$F35*BS$8 -> 2530.7485 | BS35: =$G35*BS$8 -> 274.10226 | BT35: =BR35+BS35 -> 2804.8507 | BU35: =BS$8*$H35 -> 266.9778 | BW35: =$F35*BX$8 -> 150141.96 | BX35: =$G35*BX$8 -> 16261.692 | BY35: =BW35+BX35 -> 166403.66 | BZ35: =BX$8*$H35 -> 15839.018 | CB35: =$F35*CC$8 -> 770.60615 | CC35: =$G35*CC$8 -> 83.463406 | CD35: =CB35+CC35 -> 854.06955 | CE35: =CC$8*$H35 -> 81.294028 | CG35: =$F35*CH$8 -> 33084.781 | CH35: =$G35*CH$8 -> 3583.372 | CI35: =CG35+CH35 -> 36668.153 | CJ35: =CH$8*$H35 -> 3490.2331 | CL35: =$F35*CM$8 -> 38173.025 | CM35: =$G35*CM$8 -> 4134.4734 | CN35: =CL35+CM35 -> 42307.498 | CO35: =CM$8*$H35 -> 4027.0103 | CQ35: =$F35*CR$8 -> 390617.81 | CR35: =$G35*CR$8 -> 42307.336 | CS35: =CQ35+CR35 -> 432925.15 | CT35: =CR$8*$H35 -> 41207.685 | CV35: =$F35*CW$8 -> 354334.24 | CW35: =$G35*CW$8 -> 38377.506 | CX35: =CV35+CW35 -> 392711.74 | CY35: =CW$8*$H35 -> 37379.999 | DA35: =$F35*DB$8 -> 35300.862 | DB35: =$G35*DB$8 -> 3823.393 | DC35: =DA35+DB35 -> 39124.255 | DD35: =DB$8*$H35 -> 3724.0155 | DF35: =$F35*DG$8 -> 1222106.7 | DG35: =$G35*DG$8 -> 132364.88 | DH35: =DF35+DG35 -> 1354471.6 | DI35: =DG$8*$H35 -> 128924.45 | DK35: =$F35*DL$8 -> 2526555.8 | DL35: =$G35*DL$8 -> 273648.16 | DM35: =DK35+DL35 -> 2800204 | DN35: =DL$8*$H35 -> 266535.5 | DP35: =$F35*DQ$8 -> 495.61472 | DQ35: =$G35*DQ$8 -> 53.679421 | DR35: =DP35+DQ35 -> 549.29414 | DS35: =DQ$8*$H35 -> 52.284188 | DU35: =$F35*DV$8 -> 0 | DV35: =$G35*DV$8 -> 0 | DW35: =DU35+DV35 -> 0 | DX35: =DV$8*$H35 -> 0
A36: 13789 | D36: 1298700 | E36: 285756 | G36: 629200 | H36: 751642 | P36: =D36+G36+J36+M36 -> 1927900 | Q36: =O36+P36 -> 1927900 | R36: =E36+H36+K36+N36 -> 1037398 | Z36: =AE36+AJ36 -> 1298700 | AA36: =Y36+Z36 -> 1298700 | AB36: =AG36+AL36 -> 285756 | AE36: =D36*$AE$7 -> 215340.82 | AF36: =AD36+AE36 -> 215340.82 | AG36: =AE$7*$E36 -> 47381.945 | AJ36: =D36*$AJ$7 -> 1083359.2 | AK36: =AI36+AJ36 -> 1083359.2 | AL36: =AJ$7*$E36 -> 238374.05 | AN36: ='20-Yrs Acad Revised'!H35 -> 0 | AO36: ='20-Yrs Acad Revised'!I35 -> 61372.547 | AP36: =AN36+AO36 -> 61372.547 | AQ36: ='20-Yrs Acad Revised'!K35 -> 73315.614 | AS36: =BW36+AX36+BC36+BM36+BR36+CG36+CL36+CQ36+CV36+DA36+DF36+DK36+DP36+DU36+BH36+CB36 -> 0 | AT36: =BX36+AY36+BD36+BN36+BS36+CH36+CM36+CR36+CW36+DB36+DG36+DL36+DQ36+DV36+BI36+CC36 -> 567827.45 | AU36: =AS36+AT36 -> 567827.45 | AV36: =BZ36+BA36+BF36+BP36+BU36+CJ36+CO36+CT36+CY36+DD36+DI36+DN36+DS36+DX36+BK36+CE36 -> 678326.39 | AX36: =$F36*AY$8 -> 0 | AY36: =$G36*AY$8 -> 33458.634 | AZ36: =AX36+AY36 -> 33458.634 | BA36: =AY$8*$H36 -> 39969.667 | BC36: =$F36*BD$8 -> 0 | BD36: =$G36*BD$8 -> 101540.06 | BE36: =BC36+BD36 -> 101540.06 | BF36: =BD$8*$H36 -> 121299.7 | BH36: =$F36*BI$8 -> 0 | BI36: =$G36*BI$8 -> 12858.196 | BJ36: =BH36+BI36 -> 12858.196 | BK36: =BI$8*$H36 -> 15360.394 | BM36: =$F36*BN$8 -> 0 | BN36: =$G36*BN$8 -> 140.76008 | BO36: =BM36+BN36 -> 140.76008 | BP36: =BN$8*$H36 -> 168.15193 | BR36: =$F36*BS$8 -> 0 | BS36: =$G36*BS$8 -> 223.48729 | BT36: =BR36+BS36 -> 223.48729 | BU36: =BS$8*$H36 -> 266.9778 | BW36: =$F36*BX$8 -> 0 | BX36: =$G36*BX$8 -> 13258.852 | BY36: =BW36+BX36 -> 13258.852 | BZ36: =BX$8*$H36 -> 15839.018 | CB36: =$F36*CC$8 -> 0 | CC36: =$G36*CC$8 -> 68.051283 | CD36: =CB36+CC36 -> 68.051283 | CE36: =CC$8*$H36 -> 81.294028 | CG36: =$F36*CH$8 -> 0 | CH36: =$G36*CH$8 -> 2921.6764 | CI36: =CG36+CH36 -> 2921.6764 | CJ36: =CH$8*$H36 -> 3490.2331 | CL36: =$F36*CM$8 -> 0 | CM36: =$G36*CM$8 -> 3371.0129 | CN36: =CL36+CM36 -> 3371.0129 | CO36: =CM$8*$H36 -> 4027.0103 | CQ36: =$F36*CR$8 -> 0 | CR36: =$G36*CR$8 -> 34494.979 | CS36: =CQ36+CR36 -> 34494.979 | CT36: =CR$8*$H36 -> 41207.685 | CV36: =$F36*CW$8 -> 0 | CW36: =$G36*CW$8 -> 31290.821 | CX36: =CV36+CW36 -> 31290.821 | CY36: =CW$8*$H36 -> 37379.999 | DA36: =$F36*DB$8 -> 0 | DB36: =$G36*DB$8 -> 3117.3758 | DC36: =DA36+DB36 -> 3117.3758 | DD36: =DB$8*$H36 -> 3724.0155 | DF36: =$F36*DG$8 -> 0 | DG36: =$G36*DG$8 -> 107922.74 | DH36: =DF36+DG36 -> 107922.74 | DI36: =DG$8*$H36 -> 128924.45 | DK36: =$F36*DL$8 -> 0 | DL36: =$G36*DL$8 -> 223117.04 | DM36: =DK36+DL36 -> 223117.04 | DN36: =DL$8*$H36 -> 266535.5 | DP36: =$F36*DQ$8 -> 0 | DQ36: =$G36*DQ$8 -> 43.767127 | DR36: =DP36+DQ36 -> 43.767127 | DS36: =DQ$8*$H36 -> 52.284188 | DU36: =$F36*DV$8 -> 0 | DV36: =$G36*DV$8 -> 0 | DW36: =DU36+DV36 -> 0 | DX36: =DV$8*$H36 -> 0
A37: 13971 | C37: 0 | D37: 1298700 | E37: 285756 | F37: 7410000 | G37: 629200 | H37: 751642 | O37: =C37+F37+I37+L37 -> 7410000 | P37: =D37+G37+J37+M37 -> 1927900 | Q37: =O37+P37 -> 9337900 | R37: =E37+H37+K37+N37 -> 1037398 | Y37: =AD37+AI37 -> 0 | Z37: =AE37+AJ37 -> 1298700 | AA37: =Y37+Z37 -> 1298700 | AB37: =AG37+AL37 -> 285756 | AD37: =C37*$AE$7 -> 0 | AE37: =D37*$AE$7 -> 215340.82 | AF37: =AD37+AE37 -> 215340.82 | AG37: =AE$7*$E37 -> 47381.945 | AI37: =C37*$AJ$7 -> 0 | AJ37: =D37*$AJ$7 -> 1083359.2 | AK37: =AI37+AJ37 -> 1083359.2 | AL37: =AJ$7*$E37 -> 238374.05 | AN37: ='20-Yrs Acad Revised'!H36 -> 722775.86 | AO37: ='20-Yrs Acad Revised'!I36 -> 61372.547 | AP37: =AN37+AO37 -> 784148.41 | AQ37: ='20-Yrs Acad Revised'!K36 -> 73315.614 | AS37: =BW37+AX37+BC37+BM37+BR37+CG37+CL37+CQ37+CV37+DA37+DF37+DK37+DP37+DU37+BH37+CB37 -> 6687224.1 | AT37: =BX37+AY37+BD37+BN37+BS37+CH37+CM37+CR37+CW37+DB37+DG37+DL37+DQ37+DV37+BI37+CC37 -> 567827.45 | AU37: =AS37+AT37 -> 7255051.6 | AV37: =BZ37+BA37+BF37+BP37+BU37+CJ37+CO37+CT37+CY37+DD37+DI37+DN37+DS37+DX37+BK37+CE37 -> 678326.39 | AX37: =$F37*AY$8 -> 394037.63 | AY37: =$G37*AY$8 -> 33458.634 | AZ37: =AX37+AY37 -> 427496.26 | BA37: =AY$8*$H37 -> 39969.667 | BC37: =$F37*BD$8 -> 1195823 | BD37: =$G37*BD$8 -> 101540.06 | BE37: =BC37+BD37 -> 1297363 | BF37: =BD$8*$H37 -> 121299.7 | BH37: =$F37*BI$8 -> 151429.16 | BI37: =$G37*BI$8 -> 12858.196 | BJ37: =BH37+BI37 -> 164287.36 | BK37: =BI$8*$H37 -> 15360.394 | BM37: =$F37*BN$8 -> 1657.7117 | BN37: =$G37*BN$8 -> 140.76008 | BO37: =BM37+BN37 -> 1798.4718 | BP37: =BN$8*$H37 -> 168.15193 | BR37: =$F37*BS$8 -> 2631.9784 | BS37: =$G37*BS$8 -> 223.48729 | BT37: =BR37+BS37 -> 2855.4657 | BU37: =BS$8*$H37 -> 266.9778 | BW37: =$F37*BX$8 -> 156147.64 | BX37: =$G37*BX$8 -> 13258.852 | BY37: =BW37+BX37 -> 169406.5 | BZ37: =BX$8*$H37 -> 15839.018 | CB37: =$F37*CC$8 -> 801.4304 | CC37: =$G37*CC$8 -> 68.051283 | CD37: =CB37+CC37 -> 869.48168 | CE37: =CC$8*$H37 -> 81.294028 | CG37: =$F37*CH$8 -> 34408.172 | CH37: =$G37*CH$8 -> 2921.6764 | CI37: =CG37+CH37 -> 37329.849 | CJ37: =CH$8*$H37 -> 3490.2331 | CL37: =$F37*CM$8 -> 39699.946 | CM37: =$G37*CM$8 -> 3371.0129 | CN37: =CL37+CM37 -> 43070.959 | CO37: =CM$8*$H37 -> 4027.0103 | CQ37: =$F37*CR$8 -> 406242.53 | CR37: =$G37*CR$8 -> 34494.979 | CS37: =CQ37+CR37 -> 440737.51 | CT37: =CR$8*$H37 -> 41207.685 | CV37: =$F37*CW$8 -> 368507.6 | CW37: =$G37*CW$8 -> 31290.821 | CX37: =CV37+CW37 -> 399798.43 | CY37: =CW$8*$H37 -> 37379.999 | DA37: =$F37*DB$8 -> 36712.896 | DB37: =$G37*DB$8 -> 3117.3758 | DC37: =DA37+DB37 -> 39830.272 | DD37: =DB$8*$H37 -> 3724.0155 | DF37: =$F37*DG$8 -> 1270991 | DG37: =$G37*DG$8 -> 107922.74 | DH37: =DF37+DG37 -> 1378913.7 | DI37: =DG$8*$H37 -> 128924.45 | DK37: =$F37*DL$8 -> 2627618 | DL37: =$G37*DL$8 -> 223117.04 | DM37: =DK37+DL37 -> 2850735.1 | DN37: =DL$8*$H37 -> 266535.5 | DP37: =$F37*DQ$8 -> 515.4393 | DQ37: =$G37*DQ$8 -> 43.767127 | DR37: =DP37+DQ37 -> 559.20643 | DS37: =DQ$8*$H37 -> 52.284188 | DU37: =$F37*DV$8 -> 0 | DV37: =$G37*DV$8 -> 0 | DW37: =DU37+DV37 -> 0 | DX37: =DV$8*$H37 -> 0
A38: 14154 | D38: 1298700 | E38: 285756 | G38: 481000 | H38: 751642 | P38: =D38+G38+J38+M38 -> 1779700 | Q38: =O38+P38 -> 1779700 | R38: =E38+H38+K38+N38 -> 1037398 | Z38: =AE38+AJ38 -> 1298700 | AA38: =Y38+Z38 -> 1298700 | AB38: =AG38+AL38 -> 285756 | AE38: =D38*$AE$7 -> 215340.82 | AF38: =AD38+AE38 -> 215340.82 | AG38: =AE$7*$E38 -> 47381.945 | AJ38: =D38*$AJ$7 -> 1083359.2 | AK38: =AI38+AJ38 -> 1083359.2 | AL38: =AJ$7*$E38 -> 238374.05 | AN38: ='20-Yrs Acad Revised'!H37 -> 0 | AO38: ='20-Yrs Acad Revised'!I37 -> 46917.03 | AP38: =AN38+AO38 -> 46917.03 | AQ38: ='20-Yrs Acad Revised'!K37 -> 73315.614 | AS38: =BW38+AX38+BC38+BM38+BR38+CG38+CL38+CQ38+CV38+DA38+DF38+DK38+DP38+DU38+BH38+CB38 -> 0 | AT38: =BX38+AY38+BD38+BN38+BS38+CH38+CM38+CR38+CW38+DB38+DG38+DL38+DQ38+DV38+BI38+CC38 -> 434082.97 | AU38: =AS38+AT38 -> 434082.97 | AV38: =BZ38+BA38+BF38+BP38+BU38+CJ38+CO38+CT38+CY38+DD38+DI38+DN38+DS38+DX38+BK38+CE38 -> 678326.39 | AX38: =$F38*AY$8 -> 0 | AY38: =$G38*AY$8 -> 25577.881 | AZ38: =AX38+AY38 -> 25577.881 | BA38: =AY$8*$H38 -> 39969.667 | BC38: =$F38*BD$8 -> 0 | BD38: =$G38*BD$8 -> 77623.596 | BE38: =BC38+BD38 -> 77623.596 | BF38: =BD$8*$H38 -> 121299.7 | BH38: =$F38*BI$8 -> 0 | BI38: =$G38*BI$8 -> 9829.6124 | BJ38: =BH38+BI38 -> 9829.6124 | BK38: =BI$8*$H38 -> 15360.394 | BM38: =$F38*BN$8 -> 0 | BN38: =$G38*BN$8 -> 107.60585 | BO38: =BM38+BN38 -> 107.60585 | BP38: =BN$8*$H38 -> 168.15193 | BR38: =$F38*BS$8 -> 0 | BS38: =$G38*BS$8 -> 170.84772 | BT38: =BR38+BS38 -> 170.84772 | BU38: =BS$8*$H38 -> 266.9778 | BW38: =$F38*BX$8 -> 0 | BX38: =$G38*BX$8 -> 10135.9 | BY38: =BW38+BX38 -> 10135.9 | BZ38: =BX$8*$H38 -> 15839.018 | CB38: =$F38*CC$8 -> 0 | CC38: =$G38*CC$8 -> 52.022675 | CD38: =CB38+CC38 -> 52.022675 | CE38: =CC$8*$H38 -> 81.294028 | CG38: =$F38*CH$8 -> 0 | CH38: =$G38*CH$8 -> 2233.5129 | CI38: =CG38+CH38 -> 2233.5129 | CJ38: =CH$8*$H38 -> 3490.2331 | CL38: =$F38*CM$8 -> 0 | CM38: =$G38*CM$8 -> 2577.014 | CN38: =CL38+CM38 -> 2577.014 | CO38: =CM$8*$H38 -> 4027.0103 | CQ38: =$F38*CR$8 -> 0 | CR38: =$G38*CR$8 -> 26370.129 | CS38: =CQ38+CR38 -> 26370.129 | CT38: =CR$8*$H38 -> 41207.685 | CV38: =$F38*CW$8 -> 0 | CW38: =$G38*CW$8 -> 23920.669 | CX38: =CV38+CW38 -> 23920.669 | CY38: =CW$8*$H38 -> 37379.999 | DA38: =$F38*DB$8 -> 0 | DB38: =$G38*DB$8 -> 2383.1178 | DC38: =DA38+DB38 -> 2383.1178 | DD38: =DB$8*$H38 -> 3724.0155 | DF38: =$F38*DG$8 -> 0 | DG38: =$G38*DG$8 -> 82502.924 | DH38: =DF38+DG38 -> 82502.924 | DI38: =DG$8*$H38 -> 128924.45 | DK38: =$F38*DL$8 -> 0 | DL38: =$G38*DL$8 -> 170564.68 | DM38: =DK38+DL38 -> 170564.68 | DN38: =DL$8*$H38 -> 266535.5 | DP38: =$F38*DQ$8 -> 0 | DQ38: =$G38*DQ$8 -> 33.458341 | DR38: =DP38+DQ38 -> 33.458341 | DS38: =DQ$8*$H38 -> 52.284188 | DU38: =$F38*DV$8 -> 0 | DV38: =$G38*DV$8 -> 0 | DW38: =DU38+DV38 -> 0 | DX38: =DV$8*$H38 -> 0
A39: 14336 | C39: 0 | D39: 1298700 | E39: 285756 | F39: 7705000 | G39: 481000 | H39: 751642 | O39: =C39+F39+I39+L39 -> 7705000 | P39: =D39+G39+J39+M39 -> 1779700 | Q39: =O39+P39 -> 9484700 | R39: =E39+H39+K39+N39 -> 1037398 | Y39: =AD39+AI39 -> 0 | Z39: =AE39+AJ39 -> 1298700 | AA39: =Y39+Z39 -> 1298700 | AB39: =AG39+AL39 -> 285756 | AD39: =C39*$AE$7 -> 0 | AE39: =D39*$AE$7 -> 215340.82 | AF39: =AD39+AE39 -> 215340.82 | AG39: =AE$7*$E39 -> 47381.945 | AI39: =C39*$AJ$7 -> 0 | AJ39: =D39*$AJ$7 -> 1083359.2 | AK39: =AI39+AJ39 -> 1083359.2 | AL39: =AJ$7*$E39 -> 238374.05 | AN39: ='20-Yrs Acad Revised'!H38 -> 751550.34 | AO39: ='20-Yrs Acad Revised'!I38 -> 46917.03 | AP39: =AN39+AO39 -> 798467.37 | AQ39: ='20-Yrs Acad Revised'!K38 -> 73315.614 | AS39: =BW39+AX39+BC39+BM39+BR39+CG39+CL39+CQ39+CV39+DA39+DF39+DK39+DP39+DU39+BH39+CB39 -> 6953449.7 | AT39: =BX39+AY39+BD39+BN39+BS39+CH39+CM39+CR39+CW39+DB39+DG39+DL39+DQ39+DV39+BI39+CC39 -> 434082.97 | AU39: =AS39+AT39 -> 7387532.6 | AV39: =BZ39+BA39+BF39+BP39+BU39+CJ39+CO39+CT39+CY39+DD39+DI39+DN39+DS39+DX39+BK39+CE39 -> 678326.39 | AX39: =$F39*AY$8 -> 409724.69 | AY39: =$G39*AY$8 -> 25577.881 | AZ39: =AX39+AY39 -> 435302.57 | BA39: =AY$8*$H39 -> 39969.667 | BC39: =$F39*BD$8 -> 1243430 | BD39: =$G39*BD$8 -> 77623.596 | BE39: =BC39+BD39 -> 1321053.5 | BF39: =BD$8*$H39 -> 121299.7 | BH39: =$F39*BI$8 -> 157457.72 | BI39: =$G39*BI$8 -> 9829.6124 | BJ39: =BH39+BI39 -> 167287.33 | BK39: =BI$8*$H39 -> 15360.394 | BM39: =$F39*BN$8 -> 1723.707 | BN39: =$G39*BN$8 -> 107.60585 | BO39: =BM39+BN39 -> 1831.3129 | BP39: =BN$8*$H39 -> 168.15193 | BR39: =$F39*BS$8 -> 2736.7603 | BS39: =$G39*BS$8 -> 170.84772 | BT39: =BR39+BS39 -> 2907.608 | BU39: =BS$8*$H39 -> 266.9778 | BW39: =$F39*BX$8 -> 162364.05 | BX39: =$G39*BX$8 -> 10135.9 | BY39: =BW39+BX39 -> 172499.95 | BZ39: =BX$8*$H39 -> 15839.018 | CB39: =$F39*CC$8 -> 833.33619 | CC39: =$G39*CC$8 -> 52.022675 | CD39: =CB39+CC39 -> 885.35887 | CE39: =CC$8*$H39 -> 81.294028 | CG39: =$F39*CH$8 -> 35777.998 | CH39: =$G39*CH$8 -> 2233.5129 | CI39: =CG39+CH39 -> 38011.511 | CJ39: =CH$8*$H39 -> 3490.2331 | CL39: =$F39*CM$8 -> 41280.443 | CM39: =$G39*CM$8 -> 2577.014 | CN39: =CL39+CM39 -> 43857.457 | CO39: =CM$8*$H39 -> 4027.0103 | CQ39: =$F39*CR$8 -> 422415.47 | CR39: =$G39*CR$8 -> 26370.129 | CS39: =CQ39+CR39 -> 448785.6 | CT39: =CR$8*$H39 -> 41207.685 | CV39: =$F39*CW$8 -> 383178.29 | CW39: =$G39*CW$8 -> 23920.669 | CX39: =CV39+CW39 -> 407098.95 | CY39: =CW$8*$H39 -> 37379.999 | DA39: =$F39*DB$8 -> 38174.476 | DB39: =$G39*DB$8 -> 2383.1178 | DC39: =DA39+DB39 -> 40557.594 | DD39: =DB$8*$H39 -> 3724.0155 | DF39: =$F39*DG$8 -> 1321590.5 | DG39: =$G39*DG$8 -> 82502.924 | DH39: =DF39+DG39 -> 1404093.4 | DI39: =DG$8*$H39 -> 128924.45 | DK39: =$F39*DL$8 -> 2732226.3 | DL39: =$G39*DL$8 -> 170564.68 | DM39: =DK39+DL39 -> 2902791 | DN39: =DL$8*$H39 -> 266535.5 | DP39: =$F39*DQ$8 -> 535.95949 | DQ39: =$G39*DQ$8 -> 33.458341 | DR39: =DP39+DQ39 -> 569.41783 | DS39: =DQ$8*$H39 -> 52.284188 | DU39: =$F39*DV$8 -> 0 | DV39: =$G39*DV$8 -> 0 | DW39: =DU39+DV39 -> 0 | DX39: =DV$8*$H39 -> 0
A40: 14519 | D40: 1298700 | E40: 285756 | G40: 326900 | H40: 751642 | P40: =D40+G40+J40+M40 -> 1625600 | Q40: =O40+P40 -> 1625600 | R40: =E40+H40+K40+N40 -> 1037398 | Z40: =AE40+AJ40 -> 1298700 | AA40: =Y40+Z40 -> 1298700 | AB40: =AG40+AL40 -> 285756 | AE40: =D40*$AE$7 -> 215340.82 | AF40: =AD40+AE40 -> 215340.82 | AG40: =AE$7*$E40 -> 47381.945 | AJ40: =D40*$AJ$7 -> 1083359.2 | AK40: =AI40+AJ40 -> 1083359.2 | AL40: =AJ$7*$E40 -> 238374.05 | AN40: ='20-Yrs Acad Revised'!H39 -> 0 | AO40: ='20-Yrs Acad Revised'!I39 -> 31886.023 | AP40: =AN40+AO40 -> 31886.023 | AQ40: ='20-Yrs Acad Revised'!K39 -> 73315.614 | AS40: =BW40+AX40+BC40+BM40+BR40+CG40+CL40+CQ40+CV40+DA40+DF40+DK40+DP40+DU40+BH40+CB40 -> 0 | AT40: =BX40+AY40+BD40+BN40+BS40+CH40+CM40+CR40+CW40+DB40+DG40+DL40+DQ40+DV40+BI40+CC40 -> 295013.98 | AU40: =AS40+AT40 -> 295013.98 | AV40: =BZ40+BA40+BF40+BP40+BU40+CJ40+CO40+CT40+CY40+DD40+DI40+DN40+DS40+DX40+BK40+CE40 -> 678326.39 | AX40: =$F40*AY$8 -> 0 | AY40: =$G40*AY$8 -> 17383.388 | AZ40: =AX40+AY40 -> 17383.388 | BA40: =AY$8*$H40 -> 39969.667 | BC40: =$F40*BD$8 -> 0 | BD40: =$G40*BD$8 -> 52754.997 | BE40: =BC40+BD40 -> 52754.997 | BF40: =BD$8*$H40 -> 121299.7 | BH40: =$F40*BI$8 -> 0 | BI40: =$G40*BI$8 -> 6680.458 | BJ40: =BH40+BI40 -> 6680.458 | BK40: =BI$8*$H40 -> 15360.394 | BM40: =$F40*BN$8 -> 0 | BN40: =$G40*BN$8 -> 73.13171 | BO40: =BM40+BN40 -> 73.13171 | BP40: =BN$8*$H40 -> 168.15193 | BR40: =$F40*BS$8 -> 0 | BS40: =$G40*BS$8 -> 116.11252 | BT40: =BR40+BS40 -> 116.11252 | BU40: =BS$8*$H40 -> 266.9778 | BW40: =$F40*BX$8 -> 0 | BX40: =$G40*BX$8 -> 6888.6187 | BY40: =BW40+BX40 -> 6888.6187 | BZ40: =BX$8*$H40 -> 15839.018 | CB40: =$F40*CC$8 -> 0 | CC40: =$G40*CC$8 -> 35.355951 | CD40: =CB40+CC40 -> 35.355951 | CE40: =CC$8*$H40 -> 81.294028 | CG40: =$F40*CH$8 -> 0 | CH40: =$G40*CH$8 -> 1517.953 | CI40: =CG40+CH40 -> 1517.953 | CJ40: =CH$8*$H40 -> 3490.2331 | CL40: =$F40*CM$8 -> 0 | CM40: =$G40*CM$8 -> 1751.4052 | CN40: =CL40+CM40 -> 1751.4052 | CO40: =CM$8*$H40 -> 4027.0103 | CQ40: =$F40*CR$8 -> 0 | CR40: =$G40*CR$8 -> 17921.819 | CS40: =CQ40+CR40 -> 17921.819 | CT40: =CR$8*$H40 -> 41207.685 | CV40: =$F40*CW$8 -> 0 | CW40: =$G40*CW$8 -> 16257.103 | CX40: =CV40+CW40 -> 16257.103 | CY40: =CW$8*$H40 -> 37379.999 | DA40: =$F40*DB$8 -> 0 | DB40: =$G40*DB$8 -> 1619.6283 | DC40: =DA40+DB40 -> 1619.6283 | DD40: =DB$8*$H40 -> 3724.0155 | DF40: =$F40*DG$8 -> 0 | DG40: =$G40*DG$8 -> 56071.114 | DH40: =DF40+DG40 -> 56071.114 | DI40: =DG$8*$H40 -> 128924.45 | DK40: =$F40*DL$8 -> 0 | DL40: =$G40*DL$8 -> 115920.15 | DM40: =DK40+DL40 -> 115920.15 | DN40: =DL$8*$H40 -> 266535.5 | DP40: =$F40*DQ$8 -> 0 | DQ40: =$G40*DQ$8 -> 22.739151 | DR40: =DP40+DQ40 -> 22.739151 | DS40: =DQ$8*$H40 -> 52.284188 | DU40: =$F40*DV$8 -> 0 | DV40: =$G40*DV$8 -> 0 | DW40: =DU40+DV40 -> 0 | DX40: =DV$8*$H40 -> 0
A41: 14702 | C41: 0 | D41: 1298700 | E41: 285756 | F41: 8010000 | G41: 326900 | H41: 751642 | O41: =C41+F41+I41+L41 -> 8010000 | P41: =D41+G41+J41+M41 -> 1625600 | Q41: =O41+P41 -> 9635600 | R41: =E41+H41+K41+N41 -> 1037398 | Y41: =AD41+AI41 -> 0 | Z41: =AE41+AJ41 -> 1298700 | AA41: =Y41+Z41 -> 1298700 | AB41: =AG41+AL41 -> 285756 | AD41: =C41*$AE$7 -> 0 | AE41: =D41*$AE$7 -> 215340.82 | AF41: =AD41+AE41 -> 215340.82 | AG41: =AE$7*$E41 -> 47381.945 | AI41: =C41*$AJ$7 -> 0 | AJ41: =D41*$AJ$7 -> 1083359.2 | AK41: =AI41+AJ41 -> 1083359.2 | AL41: =AJ$7*$E41 -> 238374.05 | AN41: ='20-Yrs Acad Revised'!H40 -> 781300.23 | AO41: ='20-Yrs Acad Revised'!I40 -> 31886.023 | AP41: =AN41+AO41 -> 813186.25 | AQ41: ='20-Yrs Acad Revised'!K40 -> 73315.614 | AS41: =BW41+AX41+BC41+BM41+BR41+CG41+CL41+CQ41+CV41+DA41+DF41+DK41+DP41+DU41+BH41+CB41 -> 7228699.8 | AT41: =BX41+AY41+BD41+BN41+BS41+CH41+CM41+CR41+CW41+DB41+DG41+DL41+DQ41+DV41+BI41+CC41 -> 295013.98 | AU41: =AS41+AT41 -> 7523713.8 | AV41: =BZ41+BA41+BF41+BP41+BU41+CJ41+CO41+CT41+CY41+DD41+DI41+DN41+DS41+DX41+BK41+CE41 -> 678326.39 | AX41: =$F41*AY$8 -> 425943.51 | AY41: =$G41*AY$8 -> 17383.388 | AZ41: =AX41+AY41 -> 443326.9 | BA41: =AY$8*$H41 -> 39969.667 | BC41: =$F41*BD$8 -> 1292650.7 | BD41: =$G41*BD$8 -> 52754.997 | BE41: =BC41+BD41 -> 1345405.7 | BF41: =BD$8*$H41 -> 121299.7 | BH41: =$F41*BI$8 -> 163690.63 | BI41: =$G41*BI$8 -> 6680.458 | BJ41: =BH41+BI41 -> 170371.09 | BK41: =BI$8*$H41 -> 15360.394 | BM41: =$F41*BN$8 -> 1791.9394 | BN41: =$G41*BN$8 -> 73.13171 | BO41: =BM41+BN41 -> 1865.0711 | BP41: =BN$8*$H41 -> 168.15193 | BR41: =$F41*BS$8 -> 2845.0941 | BS41: =$G41*BS$8 -> 116.11252 | BT41: =BR41+BS41 -> 2961.2066 | BU41: =BS$8*$H41 -> 266.9778 | BW41: =$F41*BX$8 -> 168791.18 | BX41: =$G41*BX$8 -> 6888.6187 | BY41: =BW41+BX41 -> 175679.8 | BZ41: =BX$8*$H41 -> 15839.018 | CB41: =$F41*CC$8 -> 866.32354 | CC41: =$G41*CC$8 -> 35.355951 | CD41: =CB41+CC41 -> 901.6795 | CE41: =CC$8*$H41 -> 81.294028 | CG41: =$F41*CH$8 -> 37194.259 | CH41: =$G41*CH$8 -> 1517.953 | CI41: =CG41+CH41 -> 38712.212 | CJ41: =CH$8*$H41 -> 3490.2331 | CL41: =$F41*CM$8 -> 42914.516 | CM41: =$G41*CM$8 -> 1751.4052 | CN41: =CL41+CM41 -> 44665.922 | CO41: =CM$8*$H41 -> 4027.0103 | CQ41: =$F41*CR$8 -> 439136.66 | CR41: =$G41*CR$8 -> 17921.819 | CS41: =CQ41+CR41 -> 457058.48 | CT41: =CR$8*$H41 -> 41207.685 | CV41: =$F41*CW$8 -> 398346.28 | CW41: =$G41*CW$8 -> 16257.103 | CX41: =CV41+CW41 -> 414603.38 | CY41: =CW$8*$H41 -> 37379.999 | DA41: =$F41*DB$8 -> 39685.601 | DB41: =$G41*DB$8 -> 1619.6283 | DC41: =DA41+DB41 -> 41305.229 | DD41: =DB$8*$H41 -> 3724.0155 | DF41: =$F41*DG$8 -> 1373905.2 | DG41: =$G41*DG$8 -> 56071.114 | DH41: =DF41+DG41 -> 1429976.4 | DI41: =DG$8*$H41 -> 128924.45 | DK41: =$F41*DL$8 -> 2840380.6 | DL41: =$G41*DL$8 -> 115920.15 | DM41: =DK41+DL41 -> 2956300.8 | DN41: =DL$8*$H41 -> 266535.5 | DP41: =$F41*DQ$8 -> 557.17528 | DQ41: =$G41*DQ$8 -> 22.739151 | DR41: =DP41+DQ41 -> 579.91443 | DS41: =DQ$8*$H41 -> 52.284188 | DU41: =$F41*DV$8 -> 0 | DV41: =$G41*DV$8 -> 0 | DW41: =DU41+DV41 -> 0 | DX41: =DV$8*$H41 -> 0
A42: 14885 | D42: 1298700 | E42: 285756 | G42: 166700 | H42: 751642 | P42: =D42+G42+J42+M42 -> 1465400 | Q42: =O42+P42 -> 1465400 | R42: =E42+H42+K42+N42 -> 1037398 | Z42: =AE42+AJ42 -> 1298700 | AA42: =Y42+Z42 -> 1298700 | AB42: =AG42+AL42 -> 285756 | AE42: =D42*$AE$7 -> 215340.82 | AF42: =AD42+AE42 -> 215340.82 | AG42: =AE$7*$E42 -> 47381.945 | AJ42: =D42*$AJ$7 -> 1083359.2 | AK42: =AI42+AJ42 -> 1083359.2 | AL42: =AJ$7*$E42 -> 238374.05 | AN42: ='20-Yrs Acad Revised'!H41 -> 0 | AO42: ='20-Yrs Acad Revised'!I41 -> 16260.018 | AP42: =AN42+AO42 -> 16260.018 | AQ42: ='20-Yrs Acad Revised'!K41 -> 73315.614 | AS42: =BW42+AX42+BC42+BM42+BR42+CG42+CL42+CQ42+CV42+DA42+DF42+DK42+DP42+DU42+BH42+CB42 -> 0 | AT42: =BX42+AY42+BD42+BN42+BS42+CH42+CM42+CR42+CW42+DB42+DG42+DL42+DQ42+DV42+BI42+CC42 -> 150439.98 | AU42: =AS42+AT42 -> 150439.98 | AV42: =BZ42+BA42+BF42+BP42+BU42+CJ42+CO42+CT42+CY42+DD42+DI42+DN42+DS42+DX42+BK42+CE42 -> 678326.39 | AX42: =$F42*AY$8 -> 0 | AY42: =$G42*AY$8 -> 8864.5173 | AZ42: =AX42+AY42 -> 8864.5173 | BA42: =AY$8*$H42 -> 39969.667 | BC42: =$F42*BD$8 -> 0 | BD42: =$G42*BD$8 -> 26901.982 | BE42: =BC42+BD42 -> 26901.982 | BF42: =BD$8*$H42 -> 121299.7 | BH42: =$F42*BI$8 -> 0 | BI42: =$G42*BI$8 -> 3406.6453 | BJ42: =BH42+BI42 -> 3406.6453 | BK42: =BI$8*$H42 -> 15360.394 | BM42: =$F42*BN$8 -> 0 | BN42: =$G42*BN$8 -> 37.292921 | BO42: =BM42+BN42 -> 37.292921 | BP42: =BN$8*$H42 -> 168.15193 | BR42: =$F42*BS$8 -> 0 | BS42: =$G42*BS$8 -> 59.210635 | BT42: =BR42+BS42 -> 59.210635 | BU42: =BS$8*$H42 -> 266.9778 | BW42: =$F42*BX$8 -> 0 | BX42: =$G42*BX$8 -> 3512.7952 | BY42: =BW42+BX42 -> 3512.7952 | BZ42: =BX$8*$H42 -> 15839.018 | CB42: =$F42*CC$8 -> 0 | CC42: =$G42*CC$8 -> 18.02948 | CD42: =CB42+CC42 -> 18.02948 | CE42: =CC$8*$H42 -> 81.294028 | CG42: =$F42*CH$8 -> 0 | CH42: =$G42*CH$8 -> 774.06779 | CI42: =CG42+CH42 -> 774.06779 | CJ42: =CH$8*$H42 -> 3490.2331 | CL42: =$F42*CM$8 -> 0 | CM42: =$G42*CM$8 -> 893.11484 | CN42: =CL42+CM42 -> 893.11484 | CO42: =CM$8*$H42 -> 4027.0103 | CQ42: =$F42*CR$8 -> 0 | CR42: =$G42*CR$8 -> 9139.0863 | CS42: =CQ42+CR42 -> 9139.0863 | CT42: =CR$8*$H42 -> 41207.685 | CV42: =$F42*CW$8 -> 0 | CW42: =$G42*CW$8 -> 8290.1778 | CX42: =CV42+CW42 -> 8290.1778 | CY42: =CW$8*$H42 -> 37379.999 | DA42: =$F42*DB$8 -> 0 | DB42: =$G42*DB$8 -> 825.91631 | DC42: =DA42+DB42 -> 825.91631 | DD42: =DB$8*$H42 -> 3724.0155 | DF42: =$F42*DG$8 -> 0 | DG42: =$G42*DG$8 -> 28593.009 | DH42: =DF42+DG42 -> 28593.009 | DI42: =DG$8*$H42 -> 128924.45 | DK42: =$F42*DL$8 -> 0 | DL42: =$G42*DL$8 -> 59112.541 | DM42: =DK42+DL42 -> 59112.541 | DN42: =DL$8*$H42 -> 266535.5 | DP42: =$F42*DQ$8 -> 0 | DQ42: =$G42*DQ$8 -> 11.595645 | DR42: =DP42+DQ42 -> 11.595645 | DS42: =DQ$8*$H42 -> 52.284188 | DU42: =$F42*DV$8 -> 0 | DV42: =$G42*DV$8 -> 0 | DW42: =DU42+DV42 -> 0 | DX42: =DV$8*$H42 -> 0
A43: 15067 | C43: 0 | D43: 1298700 | E43: 285756 | F43: 8335000 | G43: 166700 | H43: 751642 | O43: =C43+F43+I43+L43 -> 8335000 | P43: =D43+G43+J43+M43 -> 1465400 | Q43: =O43+P43 -> 9800400 | R43: =E43+H43+K43+N43 -> 1037398 | Y43: =AD43+AI43 -> 0 | Z43: =AE43+AJ43 -> 1298700 | AA43: =Y43+Z43 -> 1298700 | AB43: =AG43+AL43 -> 285756 | AD43: =C43*$AE$7 -> 0 | AE43: =D43*$AE$7 -> 215340.82 | AF43: =AD43+AE43 -> 215340.82 | AG43: =AE$7*$E43 -> 47381.945 | AI43: =C43*$AJ$7 -> 0 | AJ43: =D43*$AJ$7 -> 1083359.2 | AK43: =AI43+AJ43 -> 1083359.2 | AL43: =AJ$7*$E43 -> 238374.05 | AN43: ='20-Yrs Acad Revised'!H42 -> 813000.92 | AO43: ='20-Yrs Acad Revised'!I42 -> 16260.018 | AP43: =AN43+AO43 -> 829260.94 | AQ43: ='20-Yrs Acad Revised'!K42 -> 73315.614 | AS43: =BW43+AX43+BC43+BM43+BR43+CG43+CL43+CQ43+CV43+DA43+DF43+DK43+DP43+DU43+BH43+CB43 -> 7521999.1 | AT43: =BX43+AY43+BD43+BN43+BS43+CH43+CM43+CR43+CW43+DB43+DG43+DL43+DQ43+DV43+BI43+CC43 -> 150439.98 | AU43: =AS43+AT43 -> 7672439.1 | AV43: =BZ43+BA43+BF43+BP43+BU43+CJ43+CO43+CT43+CY43+DD43+DI43+DN43+DS43+DX43+BK43+CE43 -> 678326.39 | AX43: =$F43*AY$8 -> 443225.86 | AY43: =$G43*AY$8 -> 8864.5173 | AZ43: =AX43+AY43 -> 452090.38 | BA43: =AY$8*$H43 -> 39969.667 | BC43: =$F43*BD$8 -> 1345099.1 | BD43: =$G43*BD$8 -> 26901.982 | BE43: =BC43+BD43 -> 1372001.1 | BF43: =BD$8*$H43 -> 121299.7 | BH43: =$F43*BI$8 -> 170332.26 | BI43: =$G43*BI$8 -> 3406.6453 | BJ43: =BH43+BI43 -> 173738.91 | BK43: =BI$8*$H43 -> 15360.394 | BM43: =$F43*BN$8 -> 1864.6461 | BN43: =$G43*BN$8 -> 37.292921 | BO43: =BM43+BN43 -> 1901.939 | BP43: =BN$8*$H43 -> 168.15193 | BR43: =$F43*BS$8 -> 2960.5317 | BS43: =$G43*BS$8 -> 59.210635 | BT43: =BR43+BS43 -> 3019.7424 | BU43: =BS$8*$H43 -> 266.9778 | BW43: =$F43*BX$8 -> 175639.76 | BX43: =$G43*BX$8 -> 3512.7952 | BY43: =BW43+BX43 -> 179152.55 | BZ43: =BX$8*$H43 -> 15839.018 | CB43: =$F43*CC$8 -> 901.474 | CC43: =$G43*CC$8 -> 18.02948 | CD43: =CB43+CC43 -> 919.50348 | CE43: =CC$8*$H43 -> 81.294028 | CG43: =$F43*CH$8 -> 38703.389 | CH43: =$G43*CH$8 -> 774.06779 | CI43: =CG43+CH43 -> 39477.457 | CJ43: =CH$8*$H43 -> 3490.2331 | CL43: =$F43*CM$8 -> 44655.742 | CM43: =$G43*CM$8 -> 893.11484 | CN43: =CL43+CM43 -> 45548.857 | CO43: =CM$8*$H43 -> 4027.0103 | CQ43: =$F43*CR$8 -> 456954.31 | CR43: =$G43*CR$8 -> 9139.0863 | CS43: =CQ43+CR43 -> 466093.4 | CT43: =CR$8*$H43 -> 41207.685 | CV43: =$F43*CW$8 -> 414508.89 | CW43: =$G43*CW$8 -> 8290.1778 | CX43: =CV43+CW43 -> 422799.07 | CY43: =CW$8*$H43 -> 37379.999 | DA43: =$F43*DB$8 -> 41295.815 | DB43: =$G43*DB$8 -> 825.91631 | DC43: =DA43+DB43 -> 42121.732 | DD43: =DB$8*$H43 -> 3724.0155 | DF43: =$F43*DG$8 -> 1429650.5 | DG43: =$G43*DG$8 -> 28593.009 | DH43: =DF43+DG43 -> 1458243.5 | DI43: =DG$8*$H43 -> 128924.45 | DK43: =$F43*DL$8 -> 2955627 | DL43: =$G43*DL$8 -> 59112.541 | DM43: =DK43+DL43 -> 3014739.6 | DN43: =DL$8*$H43 -> 266535.5 | DP43: =$F43*DQ$8 -> 579.78227 | DQ43: =$G43*DQ$8 -> 11.595645 | DR43: =DP43+DQ43 -> 591.37791 | DS43: =DQ$8*$H43 -> 52.284188 | DU43: =$F43*DV$8 -> 0 | DV43: =$G43*DV$8 -> 0 | DW43: =DU43+DV43 -> 0 | DX43: =DV$8*$H43 -> 0
A44: 15250 | D44: 1298700 | E44: 285756 | P44: =D44+G44+J44+M44 -> 1298700 | Q44: =O44+P44 -> 1298700 | R44: =E44+H44+K44+N44 -> 285756 | Z44: =AE44+AJ44 -> 1298700 | AA44: =Y44+Z44 -> 1298700 | AB44: =AG44+AL44 -> 285756 | AE44: =D44*$AE$7 -> 215340.82 | AF44: =AD44+AE44 -> 215340.82 | AG44: =AE$7*$E44 -> 47381.945 | AJ44: =D44*$AJ$7 -> 1083359.2 | AK44: =AI44+AJ44 -> 1083359.2 | AL44: =AJ$7*$E44 -> 238374.05 | AN44: ='20-Yrs Acad Revised'!H43 -> 0 | AO44: ='20-Yrs Acad Revised'!I43 -> 0 | AP44: =AN44+AO44 -> 0 | AQ44: ='20-Yrs Acad Revised'!K43 -> 0 | AS44: =BW44+AX44+BC44+BM44+BR44+CG44+CL44+CQ44+CV44+DA44+DF44+DK44+DP44+DU44+BH44+CB44 -> 0 | AT44: =BX44+AY44+BD44+BN44+BS44+CH44+CM44+CR44+CW44+DB44+DG44+DL44+DQ44+DV44+BI44+CC44 -> 0 | AU44: =AS44+AT44 -> 0 | AV44: =BZ44+BA44+BF44+BP44+BU44+CJ44+CO44+CT44+CY44+DD44+DI44+DN44+DS44+DX44+BK44+CE44 -> 0 | AX44: =$F44*AY$8 -> 0 | AY44: =$G44*AY$8 -> 0 | AZ44: =AX44+AY44 -> 0 | BA44: =AY$8*$H44 -> 0 | BC44: =$F44*BD$8 -> 0 | BD44: =$G44*BD$8 -> 0 | BE44: =BC44+BD44 -> 0 | BF44: =BD$8*$H44 -> 0 | BH44: =$F44*BI$8 -> 0 | BI44: =$G44*BI$8 -> 0 | BJ44: =BH44+BI44 -> 0 | BK44: =BI$8*$H44 -> 0 | BM44: =$F44*BN$8 -> 0 | BN44: =$G44*BN$8 -> 0 | BO44: =BM44+BN44 -> 0 | BP44: =BN$8*$H44 -> 0 | BR44: =$F44*BS$8 -> 0 | BS44: =$G44*BS$8 -> 0 | BT44: =BR44+BS44 -> 0 | BU44: =BS$8*$H44 -> 0 | BW44: =$F44*BX$8 -> 0 | BX44: =$G44*BX$8 -> 0 | BY44: =BW44+BX44 -> 0 | BZ44: =BX$8*$H44 -> 0 | CB44: =$F44*CC$8 -> 0 | CC44: =$G44*CC$8 -> 0 | CD44: =CB44+CC44 -> 0 | CE44: =CC$8*$H44 -> 0 | CG44: =$F44*CH$8 -> 0 | CH44: =$G44*CH$8 -> 0 | CI44: =CG44+CH44 -> 0 | CJ44: =CH$8*$H44 -> 0 | CL44: =$F44*CM$8 -> 0 | CM44: =$G44*CM$8 -> 0 | CN44: =CL44+CM44 -> 0 | CO44: =CM$8*$H44 -> 0 | CQ44: =$F44*CR$8 -> 0 | CR44: =$G44*CR$8 -> 0 | CS44: =CQ44+CR44 -> 0 | CT44: =CR$8*$H44 -> 0 | CV44: =$F44*CW$8 -> 0 | CW44: =$G44*CW$8 -> 0 | CX44: =CV44+CW44 -> 0 | CY44: =CW$8*$H44 -> 0 | DA44: =$F44*DB$8 -> 0 | DB44: =$G44*DB$8 -> 0 | DC44: =DA44+DB44 -> 0 | DD44: =DB$8*$H44 -> 0 | DF44: =$F44*DG$8 -> 0 | DG44: =$G44*DG$8 -> 0 | DH44: =DF44+DG44 -> 0 | DI44: =DG$8*$H44 -> 0 | DK44: =$F44*DL$8 -> 0 | DL44: =$G44*DL$8 -> 0 | DM44: =DK44+DL44 -> 0 | DN44: =DL$8*$H44 -> 0 | DP44: =$F44*DQ$8 -> 0 | DQ44: =$G44*DQ$8 -> 0 | DR44: =DP44+DQ44 -> 0 | DS44: =DQ$8*$H44 -> 0 | DU44: =$F44*DV$8 -> 0 | DV44: =$G44*DV$8 -> 0 | DW44: =DU44+DV44 -> 0 | DX44: =DV$8*$H44 -> 0
A45: 15432 | C45: 5160000 | D45: 1298700 | E45: 285756 | O45: =C45+F45+I45+L45 -> 5160000 | P45: =D45+G45+J45+M45 -> 1298700 | Q45: =O45+P45 -> 6458700 | R45: =E45+H45+K45+N45 -> 285756 | Y45: =AD45+AI45 -> 5160000 | Z45: =AE45+AJ45 -> 1298700 | AA45: =Y45+Z45 -> 6458700 | AB45: =AG45+AL45 -> 285756 | AD45: =C45*$AE$7 -> 855593.02 | AE45: =D45*$AE$7 -> 215340.82 | AF45: =AD45+AE45 -> 1070933.8 | AG45: =AE$7*$E45 -> 47381.945 | AI45: =C45*$AJ$7 -> 4304407 | AJ45: =D45*$AJ$7 -> 1083359.2 | AK45: =AI45+AJ45 -> 5387766.2 | AL45: =AJ$7*$E45 -> 238374.05 | AS45: =BW45+AX45+BC45+BM45+BR45+CG45+CL45+CQ45+CV45+DA45+DF45+DK45+DP45+DU45+BH45+CB45 -> 0 | AT45: =BX45+AY45+BD45+BN45+BS45+CH45+CM45+CR45+CW45+DB45+DG45+DL45+DQ45+DV45+BI45+CC45 -> 0 | AU45: =AS45+AT45 -> 0 | AV45: =BZ45+BA45+BF45+BP45+BU45+CJ45+CO45+CT45+CY45+DD45+DI45+DN45+DS45+DX45+BK45+CE45 -> 0 | AX45: =$F45*AY$8 -> 0 | AY45: =$G45*AY$8 -> 0 | AZ45: =AX45+AY45 -> 0 | BA45: =AY$8*$H45 -> 0 | BC45: =$F45*BD$8 -> 0 | BD45: =$G45*BD$8 -> 0 | BE45: =BC45+BD45 -> 0 | BF45: =BD$8*$H45 -> 0 | BH45: =$F45*BI$8 -> 0 | BI45: =$G45*BI$8 -> 0 | BJ45: =BH45+BI45 -> 0 | BK45: =BI$8*$H45 -> 0 | BM45: =$F45*BN$8 -> 0 | BN45: =$G45*BN$8 -> 0 | BO45: =BM45+BN45 -> 0 | BP45: =BN$8*$H45 -> 0 | BR45: =$F45*BS$8 -> 0 | BS45: =$G45*BS$8 -> 0 | BT45: =BR45+BS45 -> 0 | BU45: =BS$8*$H45 -> 0 | BW45: =$F45*BX$8 -> 0 | BX45: =$G45*BX$8 -> 0 | BY45: =BW45+BX45 -> 0 | BZ45: =BX$8*$H45 -> 0 | CB45: =$F45*CC$8 -> 0 | CC45: =$G45*CC$8 -> 0 | CD45: =CB45+CC45 -> 0 | CE45: =CC$8*$H45 -> 0 | CG45: =$F45*CH$8 -> 0 | CH45: =$G45*CH$8 -> 0 | CI45: =CG45+CH45 -> 0 | CJ45: =CH$8*$H45 -> 0 | CL45: =$F45*CM$8 -> 0 | CM45: =$G45*CM$8 -> 0 | CN45: =CL45+CM45 -> 0 | CO45: =CM$8*$H45 -> 0 | CQ45: =$F45*CR$8 -> 0 | CR45: =$G45*CR$8 -> 0 | CS45: =CQ45+CR45 -> 0 | CT45: =CR$8*$H45 -> 0 | CV45: =$F45*CW$8 -> 0 | CW45: =$G45*CW$8 -> 0 | CX45: =CV45+CW45 -> 0 | CY45: =CW$8*$H45 -> 0 | DA45: =$F45*DB$8 -> 0 | DB45: =$G45*DB$8 -> 0 | DC45: =DA45+DB45 -> 0 | DD45: =DB$8*$H45 -> 0 | DF45: =$F45*DG$8 -> 0 | DG45: =$G45*DG$8 -> 0 | DH45: =DF45+DG45 -> 0 | DI45: =DG$8*$H45 -> 0 | DK45: =$F45*DL$8 -> 0 | DL45: =$G45*DL$8 -> 0 | DM45: =DK45+DL45 -> 0 | DN45: =DL$8*$H45 -> 0 | DP45: =$F45*DQ$8 -> 0 | DQ45: =$G45*DQ$8 -> 0 | DR45: =DP45+DQ45 -> 0 | DS45: =DQ$8*$H45 -> 0 | DU45: =$F45*DV$8 -> 0 | DV45: =$G45*DV$8 -> 0 | DW45: =DU45+DV45 -> 0 | DX45: =DV$8*$H45 -> 0
A46: 15615 | D46: 1195500 | E46: 285756 | P46: =D46+G46+J46+M46 -> 1195500 | Q46: =O46+P46 -> 1195500 | R46: =E46+H46+K46+N46 -> 285756 | Z46: =AE46+AJ46 -> 1195500 | AA46: =Y46+Z46 -> 1195500 | AB46: =AG46+AL46 -> 285756 | AE46: =D46*$AE$7 -> 198228.96 | AF46: =AD46+AE46 -> 198228.96 | AG46: =AE$7*$E46 -> 47381.945 | AJ46: =D46*$AJ$7 -> 997271.04 | AK46: =AI46+AJ46 -> 997271.04 | AL46: =AJ$7*$E46 -> 238374.05 | AS46: =BW46+AX46+BC46+BM46+BR46+CG46+CL46+CQ46+CV46+DA46+DF46+DK46+DP46+DU46+BH46+CB46 -> 0 | AT46: =BX46+AY46+BD46+BN46+BS46+CH46+CM46+CR46+CW46+DB46+DG46+DL46+DQ46+DV46+BI46+CC46 -> 0 | AU46: =AS46+AT46 -> 0 | AV46: =BZ46+BA46+BF46+BP46+BU46+CJ46+CO46+CT46+CY46+DD46+DI46+DN46+DS46+DX46+BK46+CE46 -> 0 | AX46: =$F46*AY$8 -> 0 | AY46: =$G46*AY$8 -> 0 | AZ46: =AX46+AY46 -> 0 | BA46: =AY$8*$H46 -> 0 | BC46: =$F46*BD$8 -> 0 | BD46: =$G46*BD$8 -> 0 | BE46: =BC46+BD46 -> 0 | BF46: =BD$8*$H46 -> 0 | BH46: =$F46*BI$8 -> 0 | BI46: =$G46*BI$8 -> 0 | BJ46: =BH46+BI46 -> 0 | BK46: =BI$8*$H46 -> 0 | BM46: =$F46*BN$8 -> 0 | BN46: =$G46*BN$8 -> 0 | BO46: =BM46+BN46 -> 0 | BP46: =BN$8*$H46 -> 0 | BR46: =$F46*BS$8 -> 0 | BS46: =$G46*BS$8 -> 0 | BT46: =BR46+BS46 -> 0 | BU46: =BS$8*$H46 -> 0 | BW46: =$F46*BX$8 -> 0 | BX46: =$G46*BX$8 -> 0 | BY46: =BW46+BX46 -> 0 | BZ46: =BX$8*$H46 -> 0 | CB46: =$F46*CC$8 -> 0 | CC46: =$G46*CC$8 -> 0 | CD46: =CB46+CC46 -> 0 | CE46: =CC$8*$H46 -> 0 | CG46: =$F46*CH$8 -> 0 | CH46: =$G46*CH$8 -> 0 | CI46: =CG46+CH46 -> 0 | CJ46: =CH$8*$H46 -> 0 | CL46: =$F46*CM$8 -> 0 | CM46: =$G46*CM$8 -> 0 | CN46: =CL46+CM46 -> 0 | CO46: =CM$8*$H46 -> 0 | CQ46: =$F46*CR$8 -> 0 | CR46: =$G46*CR$8 -> 0 | CS46: =CQ46+CR46 -> 0 | CT46: =CR$8*$H46 -> 0 | CV46: =$F46*CW$8 -> 0 | CW46: =$G46*CW$8 -> 0 | CX46: =CV46+CW46 -> 0 | CY46: =CW$8*$H46 -> 0 | DA46: =$F46*DB$8 -> 0 | DB46: =$G46*DB$8 -> 0 | DC46: =DA46+DB46 -> 0 | DD46: =DB$8*$H46 -> 0 | DF46: =$F46*DG$8 -> 0 | DG46: =$G46*DG$8 -> 0 | DH46: =DF46+DG46 -> 0 | DI46: =DG$8*$H46 -> 0 | DK46: =$F46*DL$8 -> 0 | DL46: =$G46*DL$8 -> 0 | DM46: =DK46+DL46 -> 0 | DN46: =DL$8*$H46 -> 0 | DP46: =$F46*DQ$8 -> 0 | DQ46: =$G46*DQ$8 -> 0 | DR46: =DP46+DQ46 -> 0 | DS46: =DQ$8*$H46 -> 0 | DU46: =$F46*DV$8 -> 0 | DV46: =$G46*DV$8 -> 0 | DW46: =DU46+DV46 -> 0 | DX46: =DV$8*$H46 -> 0
A47: 15797 | C47: 5365000 | D47: 1195500 | E47: 285756 | O47: =C47+F47+I47+L47 -> 5365000 | P47: =D47+G47+J47+M47 -> 1195500 | Q47: =O47+P47 -> 6560500 | R47: =E47+H47+K47+N47 -> 285756 | Y47: =AD47+AI47 -> 5365000 | Z47: =AE47+AJ47 -> 1195500 | AA47: =Y47+Z47 -> 6560500 | AB47: =AG47+AL47 -> 285756 | AD47: =C47*$AE$7 -> 889584.6 | AE47: =D47*$AE$7 -> 198228.96 | AF47: =AD47+AE47 -> 1087813.6 | AG47: =AE$7*$E47 -> 47381.945 | AI47: =C47*$AJ$7 -> 4475415.4 | AJ47: =D47*$AJ$7 -> 997271.04 | AK47: =AI47+AJ47 -> 5472686.4 | AL47: =AJ$7*$E47 -> 238374.05 | AS47: =BW47+AX47+BC47+BM47+BR47+CG47+CL47+CQ47+CV47+DA47+DF47+DK47+DP47+DU47+BH47+CB47 -> 0 | AT47: =BX47+AY47+BD47+BN47+BS47+CH47+CM47+CR47+CW47+DB47+DG47+DL47+DQ47+DV47+BI47+CC47 -> 0 | AU47: =AS47+AT47 -> 0 | AV47: =BZ47+BA47+BF47+BP47+BU47+CJ47+CO47+CT47+CY47+DD47+DI47+DN47+DS47+DX47+BK47+CE47 -> 0 | AX47: =$F47*AY$8 -> 0 | AY47: =$G47*AY$8 -> 0 | AZ47: =AX47+AY47 -> 0 | BA47: =AY$8*$H47 -> 0 | BC47: =$F47*BD$8 -> 0 | BD47: =$G47*BD$8 -> 0 | BE47: =BC47+BD47 -> 0 | BF47: =BD$8*$H47 -> 0 | BH47: =$F47*BI$8 -> 0 | BI47: =$G47*BI$8 -> 0 | BJ47: =BH47+BI47 -> 0 | BK47: =BI$8*$H47 -> 0 | BM47: =$F47*BN$8 -> 0 | BN47: =$G47*BN$8 -> 0 | BO47: =BM47+BN47 -> 0 | BP47: =BN$8*$H47 -> 0 | BR47: =$F47*BS$8 -> 0 | BS47: =$G47*BS$8 -> 0 | BT47: =BR47+BS47 -> 0 | BU47: =BS$8*$H47 -> 0 | BW47: =$F47*BX$8 -> 0 | BX47: =$G47*BX$8 -> 0 | BY47: =BW47+BX47 -> 0 | BZ47: =BX$8*$H47 -> 0 | CB47: =$F47*CC$8 -> 0 | CC47: =$G47*CC$8 -> 0 | CD47: =CB47+CC47 -> 0 | CE47: =CC$8*$H47 -> 0 | CG47: =$F47*CH$8 -> 0 | CH47: =$G47*CH$8 -> 0 | CI47: =CG47+CH47 -> 0 | CJ47: =CH$8*$H47 -> 0 | CL47: =$F47*CM$8 -> 0 | CM47: =$G47*CM$8 -> 0 | CN47: =CL47+CM47 -> 0 | CO47: =CM$8*$H47 -> 0 | CQ47: =$F47*CR$8 -> 0 | CR47: =$G47*CR$8 -> 0 | CS47: =CQ47+CR47 -> 0 | CT47: =CR$8*$H47 -> 0 | CV47: =$F47*CW$8 -> 0 | CW47: =$G47*CW$8 -> 0 | CX47: =CV47+CW47 -> 0 | CY47: =CW$8*$H47 -> 0 | DA47: =$F47*DB$8 -> 0 | DB47: =$G47*DB$8 -> 0 | DC47: =DA47+DB47 -> 0 | DD47: =DB$8*$H47 -> 0 | DF47: =$F47*DG$8 -> 0 | DG47: =$G47*DG$8 -> 0 | DH47: =DF47+DG47 -> 0 | DI47: =DG$8*$H47 -> 0 | DK47: =$F47*DL$8 -> 0 | DL47: =$G47*DL$8 -> 0 | DM47: =DK47+DL47 -> 0 | DN47: =DL$8*$H47 -> 0 | DP47: =$F47*DQ$8 -> 0 | DQ47: =$G47*DQ$8 -> 0 | DR47: =DP47+DQ47 -> 0 | DS47: =DQ$8*$H47 -> 0 | DU47: =$F47*DV$8 -> 0 | DV47: =$G47*DV$8 -> 0 | DW47: =DU47+DV47 -> 0 | DX47: =DV$8*$H47 -> 0
A48: 15980 | D48: 1088200 | E48: 285756 | P48: =D48+G48+J48+M48 -> 1088200 | Q48: =O48+P48 -> 1088200 | R48: =E48+H48+K48+N48 -> 285756 | Z48: =AE48+AJ48 -> 1088200 | AA48: =Y48+Z48 -> 1088200 | AB48: =AG48+AL48 -> 285756 | AE48: =D48*$AE$7 -> 180437.27 | AF48: =AD48+AE48 -> 180437.27 | AG48: =AE$7*$E48 -> 47381.945 | AJ48: =D48*$AJ$7 -> 907762.73 | AK48: =AI48+AJ48 -> 907762.73 | AL48: =AJ$7*$E48 -> 238374.05 | AS48: =BW48+AX48+BC48+BM48+BR48+CG48+CL48+CQ48+CV48+DA48+DF48+DK48+DP48+DU48+BH48+CB48 -> 0 | AT48: =BX48+AY48+BD48+BN48+BS48+CH48+CM48+CR48+CW48+DB48+DG48+DL48+DQ48+DV48+BI48+CC48 -> 0 | AU48: =AS48+AT48 -> 0 | AV48: =BZ48+BA48+BF48+BP48+BU48+CJ48+CO48+CT48+CY48+DD48+DI48+DN48+DS48+DX48+BK48+CE48 -> 0 | AX48: =$F48*AY$8 -> 0 | AY48: =$G48*AY$8 -> 0 | AZ48: =AX48+AY48 -> 0 | BA48: =AY$8*$H48 -> 0 | BC48: =$F48*BD$8 -> 0 | BD48: =$G48*BD$8 -> 0 | BE48: =BC48+BD48 -> 0 | BF48: =BD$8*$H48 -> 0 | BH48: =$F48*BI$8 -> 0 | BI48: =$G48*BI$8 -> 0 | BJ48: =BH48+BI48 -> 0 | BK48: =BI$8*$H48 -> 0 | BM48: =$F48*BN$8 -> 0 | BN48: =$G48*BN$8 -> 0 | BO48: =BM48+BN48 -> 0 | BP48: =BN$8*$H48 -> 0 | BR48: =$F48*BS$8 -> 0 | BS48: =$G48*BS$8 -> 0 | BT48: =BR48+BS48 -> 0 | BU48: =BS$8*$H48 -> 0 | BW48: =$F48*BX$8 -> 0 | BX48: =$G48*BX$8 -> 0 | BY48: =BW48+BX48 -> 0 | BZ48: =BX$8*$H48 -> 0 | CB48: =$F48*CC$8 -> 0 | CC48: =$G48*CC$8 -> 0 | CD48: =CB48+CC48 -> 0 | CE48: =CC$8*$H48 -> 0 | CG48: =$F48*CH$8 -> 0 | CH48: =$G48*CH$8 -> 0 | CI48: =CG48+CH48 -> 0 | CJ48: =CH$8*$H48 -> 0 | CL48: =$F48*CM$8 -> 0 | CM48: =$G48*CM$8 -> 0 | CN48: =CL48+CM48 -> 0 | CO48: =CM$8*$H48 -> 0 | CQ48: =$F48*CR$8 -> 0 | CR48: =$G48*CR$8 -> 0 | CS48: =CQ48+CR48 -> 0 | CT48: =CR$8*$H48 -> 0 | CV48: =$F48*CW$8 -> 0 | CW48: =$G48*CW$8 -> 0 | CX48: =CV48+CW48 -> 0 | CY48: =CW$8*$H48 -> 0 | DA48: =$F48*DB$8 -> 0 | DB48: =$G48*DB$8 -> 0 | DC48: =DA48+DB48 -> 0 | DD48: =DB$8*$H48 -> 0 | DF48: =$F48*DG$8 -> 0 | DG48: =$G48*DG$8 -> 0 | DH48: =DF48+DG48 -> 0 | DI48: =DG$8*$H48 -> 0 | DK48: =$F48*DL$8 -> 0 | DL48: =$G48*DL$8 -> 0 | DM48: =DK48+DL48 -> 0 | DN48: =DL$8*$H48 -> 0 | DP48: =$F48*DQ$8 -> 0 | DQ48: =$G48*DQ$8 -> 0 | DR48: =DP48+DQ48 -> 0 | DS48: =DQ$8*$H48 -> 0 | DU48: =$F48*DV$8 -> 0 | DV48: =$G48*DV$8 -> 0 | DW48: =DU48+DV48 -> 0 | DX48: =DV$8*$H48 -> 0
A49: 16163 | C49: 5580000 | D49: 1088200 | E49: 285756 | O49: =C49+F49+I49+L49 -> 5580000 | P49: =D49+G49+J49+M49 -> 1088200 | Q49: =O49+P49 -> 6668200 | R49: =E49+H49+K49+N49 -> 285756 | Y49: =AD49+AI49 -> 5580000 | Z49: =AE49+AJ49 -> 1088200 | AA49: =Y49+Z49 -> 6668200 | AB49: =AG49+AL49 -> 285756 | AD49: =C49*$AE$7 -> 925234.31 | AE49: =D49*$AE$7 -> 180437.27 | AF49: =AD49+AE49 -> 1105671.6 | AG49: =AE$7*$E49 -> 47381.945 | AI49: =C49*$AJ$7 -> 4654765.7 | AJ49: =D49*$AJ$7 -> 907762.73 | AK49: =AI49+AJ49 -> 5562528.4 | AL49: =AJ$7*$E49 -> 238374.05 | AS49: =BW49+AX49+BC49+BM49+BR49+CG49+CL49+CQ49+CV49+DA49+DF49+DK49+DP49+DU49+BH49+CB49 -> 0 | AT49: =BX49+AY49+BD49+BN49+BS49+CH49+CM49+CR49+CW49+DB49+DG49+DL49+DQ49+DV49+BI49+CC49 -> 0 | AU49: =AS49+AT49 -> 0 | AV49: =BZ49+BA49+BF49+BP49+BU49+CJ49+CO49+CT49+CY49+DD49+DI49+DN49+DS49+DX49+BK49+CE49 -> 0 | AX49: =$F49*AY$8 -> 0 | AY49: =$G49*AY$8 -> 0 | AZ49: =AX49+AY49 -> 0 | BA49: =AY$8*$H49 -> 0 | BC49: =$F49*BD$8 -> 0 | BD49: =$G49*BD$8 -> 0 | BE49: =BC49+BD49 -> 0 | BF49: =BD$8*$H49 -> 0 | BH49: =$F49*BI$8 -> 0 | BI49: =$G49*BI$8 -> 0 | BJ49: =BH49+BI49 -> 0 | BK49: =BI$8*$H49 -> 0 | BM49: =$F49*BN$8 -> 0 | BN49: =$G49*BN$8 -> 0 | BO49: =BM49+BN49 -> 0 | BP49: =BN$8*$H49 -> 0 | BR49: =$F49*BS$8 -> 0 | BS49: =$G49*BS$8 -> 0 | BT49: =BR49+BS49 -> 0 | BU49: =BS$8*$H49 -> 0 | BW49: =$F49*BX$8 -> 0 | BX49: =$G49*BX$8 -> 0 | BY49: =BW49+BX49 -> 0 | BZ49: =BX$8*$H49 -> 0 | CB49: =$F49*CC$8 -> 0 | CC49: =$G49*CC$8 -> 0 | CD49: =CB49+CC49 -> 0 | CE49: =CC$8*$H49 -> 0 | CG49: =$F49*CH$8 -> 0 | CH49: =$G49*CH$8 -> 0 | CI49: =CG49+CH49 -> 0 | CJ49: =CH$8*$H49 -> 0 | CL49: =$F49*CM$8 -> 0 | CM49: =$G49*CM$8 -> 0 | CN49: =CL49+CM49 -> 0 | CO49: =CM$8*$H49 -> 0 | CQ49: =$F49*CR$8 -> 0 | CR49: =$G49*CR$8 -> 0 | CS49: =CQ49+CR49 -> 0 | CT49: =CR$8*$H49 -> 0 | CV49: =$F49*CW$8 -> 0 | CW49: =$G49*CW$8 -> 0 | CX49: =CV49+CW49 -> 0 | CY49: =CW$8*$H49 -> 0 | DA49: =$F49*DB$8 -> 0 | DB49: =$G49*DB$8 -> 0 | DC49: =DA49+DB49 -> 0 | DD49: =DB$8*$H49 -> 0 | DF49: =$F49*DG$8 -> 0 | DG49: =$G49*DG$8 -> 0 | DH49: =DF49+DG49 -> 0 | DI49: =DG$8*$H49 -> 0 | DK49: =$F49*DL$8 -> 0 | DL49: =$G49*DL$8 -> 0 | DM49: =DK49+DL49 -> 0 | DN49: =DL$8*$H49 -> 0 | DP49: =$F49*DQ$8 -> 0 | DQ49: =$G49*DQ$8 -> 0 | DR49: =DP49+DQ49 -> 0 | DS49: =DQ$8*$H49 -> 0 | DU49: =$F49*DV$8 -> 0 | DV49: =$G49*DV$8 -> 0 | DW49: =DU49+DV49 -> 0 | DX49: =DV$8*$H49 -> 0
A50: 16346 | D50: 976600 | E50: 285756 | P50: =D50+G50+J50+M50 -> 976600 | Q50: =O50+P50 -> 976600 | R50: =E50+H50+K50+N50 -> 285756 | Z50: =AE50+AJ50 -> 976600 | AA50: =Y50+Z50 -> 976600 | AB50: =AG50+AL50 -> 285756 | AE50: =D50*$AE$7 -> 161932.59 | AF50: =AD50+AE50 -> 161932.59 | AG50: =AE$7*$E50 -> 47381.945 | AJ50: =D50*$AJ$7 -> 814667.41 | AK50: =AI50+AJ50 -> 814667.41 | AL50: =AJ$7*$E50 -> 238374.05 | AS50: =BW50+AX50+BC50+BM50+BR50+CG50+CL50+CQ50+CV50+DA50+DF50+DK50+DP50+DU50+BH50+CB50 -> 0 | AT50: =BX50+AY50+BD50+BN50+BS50+CH50+CM50+CR50+CW50+DB50+DG50+DL50+DQ50+DV50+BI50+CC50 -> 0 | AU50: =AS50+AT50 -> 0 | AV50: =BZ50+BA50+BF50+BP50+BU50+CJ50+CO50+CT50+CY50+DD50+DI50+DN50+DS50+DX50+BK50+CE50 -> 0 | AX50: =$F50*AY$8 -> 0 | AY50: =$G50*AY$8 -> 0 | AZ50: =AX50+AY50 -> 0 | BA50: =AY$8*$H50 -> 0 | BC50: =$F50*BD$8 -> 0 | BD50: =$G50*BD$8 -> 0 | BE50: =BC50+BD50 -> 0 | BF50: =BD$8*$H50 -> 0 | BH50: =$F50*BI$8 -> 0 | BI50: =$G50*BI$8 -> 0 | BJ50: =BH50+BI50 -> 0 | BK50: =BI$8*$H50 -> 0 | BM50: =$F50*BN$8 -> 0 | BN50: =$G50*BN$8 -> 0 | BO50: =BM50+BN50 -> 0 | BP50: =BN$8*$H50 -> 0 | BR50: =$F50*BS$8 -> 0 | BS50: =$G50*BS$8 -> 0 | BT50: =BR50+BS50 -> 0 | BU50: =BS$8*$H50 -> 0 | BW50: =$F50*BX$8 -> 0 | BX50: =$G50*BX$8 -> 0 | BY50: =BW50+BX50 -> 0 | BZ50: =BX$8*$H50 -> 0 | CB50: =$F50*CC$8 -> 0 | CC50: =$G50*CC$8 -> 0 | CD50: =CB50+CC50 -> 0 | CE50: =CC$8*$H50 -> 0 | CG50: =$F50*CH$8 -> 0 | CH50: =$G50*CH$8 -> 0 | CI50: =CG50+CH50 -> 0 | CJ50: =CH$8*$H50 -> 0 | CL50: =$F50*CM$8 -> 0 | CM50: =$G50*CM$8 -> 0 | CN50: =CL50+CM50 -> 0 | CO50: =CM$8*$H50 -> 0 | CQ50: =$F50*CR$8 -> 0 | CR50: =$G50*CR$8 -> 0 | CS50: =CQ50+CR50 -> 0 | CT50: =CR$8*$H50 -> 0 | CV50: =$F50*CW$8 -> 0 | CW50: =$G50*CW$8 -> 0 | CX50: =CV50+CW50 -> 0 | CY50: =CW$8*$H50 -> 0 | DA50: =$F50*DB$8 -> 0 | DB50: =$G50*DB$8 -> 0 | DC50: =DA50+DB50 -> 0 | DD50: =DB$8*$H50 -> 0 | DF50: =$F50*DG$8 -> 0 | DG50: =$G50*DG$8 -> 0 | DH50: =DF50+DG50 -> 0 | DI50: =DG$8*$H50 -> 0 | DK50: =$F50*DL$8 -> 0 | DL50: =$G50*DL$8 -> 0 | DM50: =DK50+DL50 -> 0 | DN50: =DL$8*$H50 -> 0 | DP50: =$F50*DQ$8 -> 0 | DQ50: =$G50*DQ$8 -> 0 | DR50: =DP50+DQ50 -> 0 | DS50: =DQ$8*$H50 -> 0 | DU50: =$F50*DV$8 -> 0 | DV50: =$G50*DV$8 -> 0 | DW50: =DU50+DV50 -> 0 | DX50: =DV$8*$H50 -> 0
A51: 16528 | C51: 5985000 | D51: 976600 | E51: 285756 | O51: =C51+F51+I51+L51 -> 5985000 | P51: =D51+G51+J51+M51 -> 976600 | Q51: =O51+P51 -> 6961600 | R51: =E51+H51+K51+N51 -> 285756 | Y51: =AD51+AI51 -> 5985000 | Z51: =AE51+AJ51 -> 976600 | AA51: =Y51+Z51 -> 6961600 | AB51: =AG51+AL51 -> 285756 | AD51: =C51*$AE$7 -> 992388.41 | AE51: =D51*$AE$7 -> 161932.59 | AF51: =AD51+AE51 -> 1154321 | AG51: =AE$7*$E51 -> 47381.945 | AI51: =C51*$AJ$7 -> 4992611.6 | AJ51: =D51*$AJ$7 -> 814667.41 | AK51: =AI51+AJ51 -> 5807279 | AL51: =AJ$7*$E51 -> 238374.05 | AS51: =BW51+AX51+BC51+BM51+BR51+CG51+CL51+CQ51+CV51+DA51+DF51+DK51+DP51+DU51+BH51+CB51 -> 0 | AT51: =BX51+AY51+BD51+BN51+BS51+CH51+CM51+CR51+CW51+DB51+DG51+DL51+DQ51+DV51+BI51+CC51 -> 0 | AU51: =AS51+AT51 -> 0 | AV51: =BZ51+BA51+BF51+BP51+BU51+CJ51+CO51+CT51+CY51+DD51+DI51+DN51+DS51+DX51+BK51+CE51 -> 0 | AX51: =$F51*AY$8 -> 0 | AY51: =$G51*AY$8 -> 0 | AZ51: =AX51+AY51 -> 0 | BA51: =AY$8*$H51 -> 0 | BC51: =$F51*BD$8 -> 0 | BD51: =$G51*BD$8 -> 0 | BE51: =BC51+BD51 -> 0 | BF51: =BD$8*$H51 -> 0 | BH51: =$F51*BI$8 -> 0 | BI51: =$G51*BI$8 -> 0 | BJ51: =BH51+BI51 -> 0 | BK51: =BI$8*$H51 -> 0 | BM51: =$F51*BN$8 -> 0 | BN51: =$G51*BN$8 -> 0 | BO51: =BM51+BN51 -> 0 | BP51: =BN$8*$H51 -> 0 | BR51: =$F51*BS$8 -> 0 | BS51: =$G51*BS$8 -> 0 | BT51: =BR51+BS51 -> 0 | BU51: =BS$8*$H51 -> 0 | BW51: =$F51*BX$8 -> 0 | BX51: =$G51*BX$8 -> 0 | BY51: =BW51+BX51 -> 0 | BZ51: =BX$8*$H51 -> 0 | CB51: =$F51*CC$8 -> 0 | CC51: =$G51*CC$8 -> 0 | CD51: =CB51+CC51 -> 0 | CE51: =CC$8*$H51 -> 0 | CG51: =$F51*CH$8 -> 0 | CH51: =$G51*CH$8 -> 0 | CI51: =CG51+CH51 -> 0 | CJ51: =CH$8*$H51 -> 0 | CL51: =$F51*CM$8 -> 0 | CM51: =$G51*CM$8 -> 0 | CN51: =CL51+CM51 -> 0 | CO51: =CM$8*$H51 -> 0 | CQ51: =$F51*CR$8 -> 0 | CR51: =$G51*CR$8 -> 0 | CS51: =CQ51+CR51 -> 0 | CT51: =CR$8*$H51 -> 0 | CV51: =$F51*CW$8 -> 0 | CW51: =$G51*CW$8 -> 0 | CX51: =CV51+CW51 -> 0 | CY51: =CW$8*$H51 -> 0 | DA51: =$F51*DB$8 -> 0 | DB51: =$G51*DB$8 -> 0 | DC51: =DA51+DB51 -> 0 | DD51: =DB$8*$H51 -> 0 | DF51: =$F51*DG$8 -> 0 | DG51: =$G51*DG$8 -> 0 | DH51: =DF51+DG51 -> 0 | DI51: =DG$8*$H51 -> 0 | DK51: =$F51*DL$8 -> 0 | DL51: =$G51*DL$8 -> 0 | DM51: =DK51+DL51 -> 0 | DN51: =DL$8*$H51 -> 0 | DP51: =$F51*DQ$8 -> 0 | DQ51: =$G51*DQ$8 -> 0 | DR51: =DP51+DQ51 -> 0 | DS51: =DQ$8*$H51 -> 0 | DU51: =$F51*DV$8 -> 0 | DV51: =$G51*DV$8 -> 0 | DW51: =DU51+DV51 -> 0 | DX51: =DV$8*$H51 -> 0
A52: 16711 | D52: 856900 | E52: 285756 | P52: =D52+G52+J52+M52 -> 856900 | Q52: =O52+P52 -> 856900 | R52: =E52+H52+K52+N52 -> 285756 | Z52: =AE52+AJ52 -> 856900 | AA52: =Y52+Z52 -> 856900 | AB52: =AG52+AL52 -> 285756 | AE52: =D52*$AE$7 -> 142084.82 | AF52: =AD52+AE52 -> 142084.82 | AG52: =AE$7*$E52 -> 47381.945 | AJ52: =D52*$AJ$7 -> 714815.18 | AK52: =AI52+AJ52 -> 714815.18 | AL52: =AJ$7*$E52 -> 238374.05 | AS52: =BW52+AX52+BC52+BM52+BR52+CG52+CL52+CQ52+CV52+DA52+DF52+DK52+DP52+DU52+BH52+CB52 -> 0 | AT52: =BX52+AY52+BD52+BN52+BS52+CH52+CM52+CR52+CW52+DB52+DG52+DL52+DQ52+DV52+BI52+CC52 -> 0 | AU52: =AS52+AT52 -> 0 | AV52: =BZ52+BA52+BF52+BP52+BU52+CJ52+CO52+CT52+CY52+DD52+DI52+DN52+DS52+DX52+BK52+CE52 -> 0 | AX52: =$F52*AY$8 -> 0 | AY52: =$G52*AY$8 -> 0 | AZ52: =AX52+AY52 -> 0 | BA52: =AY$8*$H52 -> 0 | BC52: =$F52*BD$8 -> 0 | BD52: =$G52*BD$8 -> 0 | BE52: =BC52+BD52 -> 0 | BF52: =BD$8*$H52 -> 0 | BH52: =$F52*BI$8 -> 0 | BI52: =$G52*BI$8 -> 0 | BJ52: =BH52+BI52 -> 0 | BK52: =BI$8*$H52 -> 0 | BM52: =$F52*BN$8 -> 0 | BN52: =$G52*BN$8 -> 0 | BO52: =BM52+BN52 -> 0 | BP52: =BN$8*$H52 -> 0 | BR52: =$F52*BS$8 -> 0 | BS52: =$G52*BS$8 -> 0 | BT52: =BR52+BS52 -> 0 | BU52: =BS$8*$H52 -> 0 | BW52: =$F52*BX$8 -> 0 | BX52: =$G52*BX$8 -> 0 | BY52: =BW52+BX52 -> 0 | BZ52: =BX$8*$H52 -> 0 | CB52: =$F52*CC$8 -> 0 | CC52: =$G52*CC$8 -> 0 | CD52: =CB52+CC52 -> 0 | CE52: =CC$8*$H52 -> 0 | CG52: =$F52*CH$8 -> 0 | CH52: =$G52*CH$8 -> 0 | CI52: =CG52+CH52 -> 0 | CJ52: =CH$8*$H52 -> 0 | CL52: =$F52*CM$8 -> 0 | CM52: =$G52*CM$8 -> 0 | CN52: =CL52+CM52 -> 0 | CO52: =CM$8*$H52 -> 0 | CQ52: =$F52*CR$8 -> 0 | CR52: =$G52*CR$8 -> 0 | CS52: =CQ52+CR52 -> 0 | CT52: =CR$8*$H52 -> 0 | CV52: =$F52*CW$8 -> 0 | CW52: =$G52*CW$8 -> 0 | CX52: =CV52+CW52 -> 0 | CY52: =CW$8*$H52 -> 0 | DA52: =$F52*DB$8 -> 0 | DB52: =$G52*DB$8 -> 0 | DC52: =DA52+DB52 -> 0 | DD52: =DB$8*$H52 -> 0 | DF52: =$F52*DG$8 -> 0 | DG52: =$G52*DG$8 -> 0 | DH52: =DF52+DG52 -> 0 | DI52: =DG$8*$H52 -> 0 | DK52: =$F52*DL$8 -> 0 | DL52: =$G52*DL$8 -> 0 | DM52: =DK52+DL52 -> 0 | DN52: =DL$8*$H52 -> 0 | DP52: =$F52*DQ$8 -> 0 | DQ52: =$G52*DQ$8 -> 0 | DR52: =DP52+DQ52 -> 0 | DS52: =DQ$8*$H52 -> 0 | DU52: =$F52*DV$8 -> 0 | DV52: =$G52*DV$8 -> 0 | DW52: =DU52+DV52 -> 0 | DX52: =DV$8*$H52 -> 0
A53: 16893 | C53: 6225000 | D53: 856900 | E53: 285756 | O53: =C53+F53+I53+L53 -> 6225000 | P53: =D53+G53+J53+M53 -> 856900 | Q53: =O53+P53 -> 7081900 | R53: =E53+H53+K53+N53 -> 285756 | Y53: =AD53+AI53 -> 6225000 | Z53: =AE53+AJ53 -> 856900 | AA53: =Y53+Z53 -> 7081900 | AB53: =AG53+AL53 -> 285756 | AD53: =C53*$AE$7 -> 1032183.4 | AE53: =D53*$AE$7 -> 142084.82 | AF53: =AD53+AE53 -> 1174268.3 | AG53: =AE$7*$E53 -> 47381.945 | AI53: =C53*$AJ$7 -> 5192816.6 | AJ53: =D53*$AJ$7 -> 714815.18 | AK53: =AI53+AJ53 -> 5907631.7 | AL53: =AJ$7*$E53 -> 238374.05 | AS53: =BW53+AX53+BC53+BM53+BR53+CG53+CL53+CQ53+CV53+DA53+DF53+DK53+DP53+DU53+BH53+CB53 -> 0 | AT53: =BX53+AY53+BD53+BN53+BS53+CH53+CM53+CR53+CW53+DB53+DG53+DL53+DQ53+DV53+BI53+CC53 -> 0 | AU53: =AS53+AT53 -> 0 | AV53: =BZ53+BA53+BF53+BP53+BU53+CJ53+CO53+CT53+CY53+DD53+DI53+DN53+DS53+DX53+BK53+CE53 -> 0 | AX53: =$F53*AY$8 -> 0 | AY53: =$G53*AY$8 -> 0 | AZ53: =AX53+AY53 -> 0 | BA53: =AY$8*$H53 -> 0 | BC53: =$F53*BD$8 -> 0 | BD53: =$G53*BD$8 -> 0 | BE53: =BC53+BD53 -> 0 | BF53: =BD$8*$H53 -> 0 | BH53: =$F53*BI$8 -> 0 | BI53: =$G53*BI$8 -> 0 | BJ53: =BH53+BI53 -> 0 | BK53: =BI$8*$H53 -> 0 | BM53: =$F53*BN$8 -> 0 | BN53: =$G53*BN$8 -> 0 | BO53: =BM53+BN53 -> 0 | BP53: =BN$8*$H53 -> 0 | BR53: =$F53*BS$8 -> 0 | BS53: =$G53*BS$8 -> 0 | BT53: =BR53+BS53 -> 0 | BU53: =BS$8*$H53 -> 0 | BW53: =$F53*BX$8 -> 0 | BX53: =$G53*BX$8 -> 0 | BY53: =BW53+BX53 -> 0 | BZ53: =BX$8*$H53 -> 0 | CB53: =$F53*CC$8 -> 0 | CC53: =$G53*CC$8 -> 0 | CD53: =CB53+CC53 -> 0 | CE53: =CC$8*$H53 -> 0 | CG53: =$F53*CH$8 -> 0 | CH53: =$G53*CH$8 -> 0 | CI53: =CG53+CH53 -> 0 | CJ53: =CH$8*$H53 -> 0 | CL53: =$F53*CM$8 -> 0 | CM53: =$G53*CM$8 -> 0 | CN53: =CL53+CM53 -> 0 | CO53: =CM$8*$H53 -> 0 | CQ53: =$F53*CR$8 -> 0 | CR53: =$G53*CR$8 -> 0 | CS53: =CQ53+CR53 -> 0 | CT53: =CR$8*$H53 -> 0 | CV53: =$F53*CW$8 -> 0 | CW53: =$G53*CW$8 -> 0 | CX53: =CV53+CW53 -> 0 | CY53: =CW$8*$H53 -> 0 | DA53: =$F53*DB$8 -> 0 | DB53: =$G53*DB$8 -> 0 | DC53: =DA53+DB53 -> 0 | DD53: =DB$8*$H53 -> 0 | DF53: =$F53*DG$8 -> 0 | DG53: =$G53*DG$8 -> 0 | DH53: =DF53+DG53 -> 0 | DI53: =DG$8*$H53 -> 0 | DK53: =$F53*DL$8 -> 0 | DL53: =$G53*DL$8 -> 0 | DM53: =DK53+DL53 -> 0 | DN53: =DL$8*$H53 -> 0 | DP53: =$F53*DQ$8 -> 0 | DQ53: =$G53*DQ$8 -> 0 | DR53: =DP53+DQ53 -> 0 | DS53: =DQ$8*$H53 -> 0 | DU53: =$F53*DV$8 -> 0 | DV53: =$G53*DV$8 -> 0 | DW53: =DU53+DV53 -> 0 | DX53: =DV$8*$H53 -> 0
A54: 17076 | D54: 732400 | E54: 285756 | P54: =D54+G54+J54+M54 -> 732400 | Q54: =O54+P54 -> 732400 | R54: =E54+H54+K54+N54 -> 285756 | Z54: =AE54+AJ54 -> 732400 | AA54: =Y54+Z54 -> 732400 | AB54: =AG54+AL54 -> 285756 | AE54: =D54*$AE$7 -> 121441.15 | AF54: =AD54+AE54 -> 121441.15 | AG54: =AE$7*$E54 -> 47381.945 | AJ54: =D54*$AJ$7 -> 610958.85 | AK54: =AI54+AJ54 -> 610958.85 | AL54: =AJ$7*$E54 -> 238374.05 | AS54: =BW54+AX54+BC54+BM54+BR54+CG54+CL54+CQ54+CV54+DA54+DF54+DK54+DP54+DU54+BH54+CB54 -> 0 | AT54: =BX54+AY54+BD54+BN54+BS54+CH54+CM54+CR54+CW54+DB54+DG54+DL54+DQ54+DV54+BI54+CC54 -> 0 | AU54: =AS54+AT54 -> 0 | AV54: =BZ54+BA54+BF54+BP54+BU54+CJ54+CO54+CT54+CY54+DD54+DI54+DN54+DS54+DX54+BK54+CE54 -> 0 | AX54: =$F54*AY$8 -> 0 | AY54: =$G54*AY$8 -> 0 | AZ54: =AX54+AY54 -> 0 | BA54: =AY$8*$H54 -> 0 | BC54: =$F54*BD$8 -> 0 | BD54: =$G54*BD$8 -> 0 | BE54: =BC54+BD54 -> 0 | BF54: =BD$8*$H54 -> 0 | BH54: =$F54*BI$8 -> 0 | BI54: =$G54*BI$8 -> 0 | BJ54: =BH54+BI54 -> 0 | BK54: =BI$8*$H54 -> 0 | BM54: =$F54*BN$8 -> 0 | BN54: =$G54*BN$8 -> 0 | BO54: =BM54+BN54 -> 0 | BP54: =BN$8*$H54 -> 0 | BR54: =$F54*BS$8 -> 0 | BS54: =$G54*BS$8 -> 0 | BT54: =BR54+BS54 -> 0 | BU54: =BS$8*$H54 -> 0 | BW54: =$F54*BX$8 -> 0 | BX54: =$G54*BX$8 -> 0 | BY54: =BW54+BX54 -> 0 | BZ54: =BX$8*$H54 -> 0 | CB54: =$F54*CC$8 -> 0 | CC54: =$G54*CC$8 -> 0 | CD54: =CB54+CC54 -> 0 | CE54: =CC$8*$H54 -> 0 | CG54: =$F54*CH$8 -> 0 | CH54: =$G54*CH$8 -> 0 | CI54: =CG54+CH54 -> 0 | CJ54: =CH$8*$H54 -> 0 | CL54: =$F54*CM$8 -> 0 | CM54: =$G54*CM$8 -> 0 | CN54: =CL54+CM54 -> 0 | CO54: =CM$8*$H54 -> 0 | CQ54: =$F54*CR$8 -> 0 | CR54: =$G54*CR$8 -> 0 | CS54: =CQ54+CR54 -> 0 | CT54: =CR$8*$H54 -> 0 | CV54: =$F54*CW$8 -> 0 | CW54: =$G54*CW$8 -> 0 | CX54: =CV54+CW54 -> 0 | CY54: =CW$8*$H54 -> 0 | DA54: =$F54*DB$8 -> 0 | DB54: =$G54*DB$8 -> 0 | DC54: =DA54+DB54 -> 0 | DD54: =DB$8*$H54 -> 0 | DF54: =$F54*DG$8 -> 0 | DG54: =$G54*DG$8 -> 0 | DH54: =DF54+DG54 -> 0 | DI54: =DG$8*$H54 -> 0 | DK54: =$F54*DL$8 -> 0 | DL54: =$G54*DL$8 -> 0 | DM54: =DK54+DL54 -> 0 | DN54: =DL$8*$H54 -> 0 | DP54: =$F54*DQ$8 -> 0 | DQ54: =$G54*DQ$8 -> 0 | DR54: =DP54+DQ54 -> 0 | DS54: =DQ$8*$H54 -> 0 | DU54: =$F54*DV$8 -> 0 | DV54: =$G54*DV$8 -> 0 | DW54: =DU54+DV54 -> 0 | DX54: =DV$8*$H54 -> 0
A55: 17258 | C55: 6470000 | D55: 732400 | E55: 285756 | O55: =C55+F55+I55+L55 -> 6470000 | P55: =D55+G55+J55+M55 -> 732400 | Q55: =O55+P55 -> 7202400 | R55: =E55+H55+K55+N55 -> 285756 | Y55: =AD55+AI55 -> 6470000 | Z55: =AE55+AJ55 -> 732400 | AA55: =Y55+Z55 -> 7202400 | AB55: =AG55+AL55 -> 285756 | AD55: =C55*$AE$7 -> 1072807.5 | AE55: =D55*$AE$7 -> 121441.15 | AF55: =AD55+AE55 -> 1194248.7 | AG55: =AE$7*$E55 -> 47381.945 | AI55: =C55*$AJ$7 -> 5397192.5 | AJ55: =D55*$AJ$7 -> 610958.85 | AK55: =AI55+AJ55 -> 6008151.3 | AL55: =AJ$7*$E55 -> 238374.05 | AS55: =BW55+AX55+BC55+BM55+BR55+CG55+CL55+CQ55+CV55+DA55+DF55+DK55+DP55+DU55+BH55+CB55 -> 0 | AT55: =BX55+AY55+BD55+BN55+BS55+CH55+CM55+CR55+CW55+DB55+DG55+DL55+DQ55+DV55+BI55+CC55 -> 0 | AU55: =AS55+AT55 -> 0 | AV55: =BZ55+BA55+BF55+BP55+BU55+CJ55+CO55+CT55+CY55+DD55+DI55+DN55+DS55+DX55+BK55+CE55 -> 0 | AX55: =$F55*AY$8 -> 0 | AY55: =$G55*AY$8 -> 0 | AZ55: =AX55+AY55 -> 0 | BA55: =AY$8*$H55 -> 0 | BC55: =$F55*BD$8 -> 0 | BD55: =$G55*BD$8 -> 0 | BE55: =BC55+BD55 -> 0 | BF55: =BD$8*$H55 -> 0 | BH55: =$F55*BI$8 -> 0 | BI55: =$G55*BI$8 -> 0 | BJ55: =BH55+BI55 -> 0 | BK55: =BI$8*$H55 -> 0 | BM55: =$F55*BN$8 -> 0 | BN55: =$G55*BN$8 -> 0 | BO55: =BM55+BN55 -> 0 | BP55: =BN$8*$H55 -> 0 | BR55: =$F55*BS$8 -> 0 | BS55: =$G55*BS$8 -> 0 | BT55: =BR55+BS55 -> 0 | BU55: =BS$8*$H55 -> 0 | BW55: =$F55*BX$8 -> 0 | BX55: =$G55*BX$8 -> 0 | BY55: =BW55+BX55 -> 0 | BZ55: =BX$8*$H55 -> 0 | CB55: =$F55*CC$8 -> 0 | CC55: =$G55*CC$8 -> 0 | CD55: =CB55+CC55 -> 0 | CE55: =CC$8*$H55 -> 0 | CG55: =$F55*CH$8 -> 0 | CH55: =$G55*CH$8 -> 0 | CI55: =CG55+CH55 -> 0 | CJ55: =CH$8*$H55 -> 0 | CL55: =$F55*CM$8 -> 0 | CM55: =$G55*CM$8 -> 0 | CN55: =CL55+CM55 -> 0 | CO55: =CM$8*$H55 -> 0 | CQ55: =$F55*CR$8 -> 0 | CR55: =$G55*CR$8 -> 0 | CS55: =CQ55+CR55 -> 0 | CT55: =CR$8*$H55 -> 0 | CV55: =$F55*CW$8 -> 0 | CW55: =$G55*CW$8 -> 0 | CX55: =CV55+CW55 -> 0 | CY55: =CW$8*$H55 -> 0 | DA55: =$F55*DB$8 -> 0 | DB55: =$G55*DB$8 -> 0 | DC55: =DA55+DB55 -> 0 | DD55: =DB$8*$H55 -> 0 | DF55: =$F55*DG$8 -> 0 | DG55: =$G55*DG$8 -> 0 | DH55: =DF55+DG55 -> 0 | DI55: =DG$8*$H55 -> 0 | DK55: =$F55*DL$8 -> 0 | DL55: =$G55*DL$8 -> 0 | DM55: =DK55+DL55 -> 0 | DN55: =DL$8*$H55 -> 0 | DP55: =$F55*DQ$8 -> 0 | DQ55: =$G55*DQ$8 -> 0 | DR55: =DP55+DQ55 -> 0 | DS55: =DQ$8*$H55 -> 0 | DU55: =$F55*DV$8 -> 0 | DV55: =$G55*DV$8 -> 0 | DW55: =DU55+DV55 -> 0 | DX55: =DV$8*$H55 -> 0
A56: 17441 | D56: 603000 | E56: 285756 | P56: =D56+G56+J56+M56 -> 603000 | Q56: =O56+P56 -> 603000 | R56: =E56+H56+K56+N56 -> 285756 | Z56: =AE56+AJ56 -> 603000 | AA56: =Y56+Z56 -> 603000 | AB56: =AG56+AL56 -> 285756 | AE56: =D56*$AE$7 -> 99984.998 | AF56: =AD56+AE56 -> 99984.998 | AG56: =AE$7*$E56 -> 47381.945 | AJ56: =D56*$AJ$7 -> 503015 | AK56: =AI56+AJ56 -> 503015 | AL56: =AJ$7*$E56 -> 238374.05 | AS56: =BW56+AX56+BC56+BM56+BR56+CG56+CL56+CQ56+CV56+DA56+DF56+DK56+DP56+DU56+BH56+CB56 -> 0 | AT56: =BX56+AY56+BD56+BN56+BS56+CH56+CM56+CR56+CW56+DB56+DG56+DL56+DQ56+DV56+BI56+CC56 -> 0 | AU56: =AS56+AT56 -> 0 | AV56: =BZ56+BA56+BF56+BP56+BU56+CJ56+CO56+CT56+CY56+DD56+DI56+DN56+DS56+DX56+BK56+CE56 -> 0 | AX56: =$F56*AY$8 -> 0 | AY56: =$G56*AY$8 -> 0 | AZ56: =AX56+AY56 -> 0 | BA56: =AY$8*$H56 -> 0 | BC56: =$F56*BD$8 -> 0 | BD56: =$G56*BD$8 -> 0 | BE56: =BC56+BD56 -> 0 | BF56: =BD$8*$H56 -> 0 | BH56: =$F56*BI$8 -> 0 | BI56: =$G56*BI$8 -> 0 | BJ56: =BH56+BI56 -> 0 | BK56: =BI$8*$H56 -> 0 | BM56: =$F56*BN$8 -> 0 | BN56: =$G56*BN$8 -> 0 | BO56: =BM56+BN56 -> 0 | BP56: =BN$8*$H56 -> 0 | BR56: =$F56*BS$8 -> 0 | BS56: =$G56*BS$8 -> 0 | BT56: =BR56+BS56 -> 0 | BU56: =BS$8*$H56 -> 0 | BW56: =$F56*BX$8 -> 0 | BX56: =$G56*BX$8 -> 0 | BY56: =BW56+BX56 -> 0 | BZ56: =BX$8*$H56 -> 0 | CB56: =$F56*CC$8 -> 0 | CC56: =$G56*CC$8 -> 0 | CD56: =CB56+CC56 -> 0 | CE56: =CC$8*$H56 -> 0 | CG56: =$F56*CH$8 -> 0 | CH56: =$G56*CH$8 -> 0 | CI56: =CG56+CH56 -> 0 | CJ56: =CH$8*$H56 -> 0 | CL56: =$F56*CM$8 -> 0 | CM56: =$G56*CM$8 -> 0 | CN56: =CL56+CM56 -> 0 | CO56: =CM$8*$H56 -> 0 | CQ56: =$F56*CR$8 -> 0 | CR56: =$G56*CR$8 -> 0 | CS56: =CQ56+CR56 -> 0 | CT56: =CR$8*$H56 -> 0 | CV56: =$F56*CW$8 -> 0 | CW56: =$G56*CW$8 -> 0 | CX56: =CV56+CW56 -> 0 | CY56: =CW$8*$H56 -> 0 | DA56: =$F56*DB$8 -> 0 | DB56: =$G56*DB$8 -> 0 | DC56: =DA56+DB56 -> 0 | DD56: =DB$8*$H56 -> 0 | DF56: =$F56*DG$8 -> 0 | DG56: =$G56*DG$8 -> 0 | DH56: =DF56+DG56 -> 0 | DI56: =DG$8*$H56 -> 0 | DK56: =$F56*DL$8 -> 0 | DL56: =$G56*DL$8 -> 0 | DM56: =DK56+DL56 -> 0 | DN56: =DL$8*$H56 -> 0 | DP56: =$F56*DQ$8 -> 0 | DQ56: =$G56*DQ$8 -> 0 | DR56: =DP56+DQ56 -> 0 | DS56: =DQ$8*$H56 -> 0 | DU56: =$F56*DV$8 -> 0 | DV56: =$G56*DV$8 -> 0 | DW56: =DU56+DV56 -> 0 | DX56: =DV$8*$H56 -> 0
A57: 17624 | C57: 7100000 | D57: 603000 | E57: 285756 | O57: =C57+F57+I57+L57 -> 7100000 | P57: =D57+G57+J57+M57 -> 603000 | Q57: =O57+P57 -> 7703000 | R57: =E57+H57+K57+N57 -> 285756 | Y57: =AD57+AI57 -> 7100000 | Z57: =AE57+AJ57 -> 603000 | AA57: =Y57+Z57 -> 7703000 | AB57: =AG57+AL57 -> 285756 | AD57: =C57*$AE$7 -> 1177269.5 | AE57: =D57*$AE$7 -> 99984.998 | AF57: =AD57+AE57 -> 1277254.5 | AG57: =AE$7*$E57 -> 47381.945 | AI57: =C57*$AJ$7 -> 5922730.5 | AJ57: =D57*$AJ$7 -> 503015 | AK57: =AI57+AJ57 -> 6425745.5 | AL57: =AJ$7*$E57 -> 238374.05 | AS57: =BW57+AX57+BC57+BM57+BR57+CG57+CL57+CQ57+CV57+DA57+DF57+DK57+DP57+DU57+BH57+CB57 -> 0 | AT57: =BX57+AY57+BD57+BN57+BS57+CH57+CM57+CR57+CW57+DB57+DG57+DL57+DQ57+DV57+BI57+CC57 -> 0 | AU57: =AS57+AT57 -> 0 | AV57: =BZ57+BA57+BF57+BP57+BU57+CJ57+CO57+CT57+CY57+DD57+DI57+DN57+DS57+DX57+BK57+CE57 -> 0 | AX57: =$F57*AY$8 -> 0 | AY57: =$G57*AY$8 -> 0 | AZ57: =AX57+AY57 -> 0 | BA57: =AY$8*$H57 -> 0 | BC57: =$F57*BD$8 -> 0 | BD57: =$G57*BD$8 -> 0 | BE57: =BC57+BD57 -> 0 | BF57: =BD$8*$H57 -> 0 | BH57: =$F57*BI$8 -> 0 | BI57: =$G57*BI$8 -> 0 | BJ57: =BH57+BI57 -> 0 | BK57: =BI$8*$H57 -> 0 | BM57: =$F57*BN$8 -> 0 | BN57: =$G57*BN$8 -> 0 | BO57: =BM57+BN57 -> 0 | BP57: =BN$8*$H57 -> 0 | BR57: =$F57*BS$8 -> 0 | BS57: =$G57*BS$8 -> 0 | BT57: =BR57+BS57 -> 0 | BU57: =BS$8*$H57 -> 0 | BW57: =$F57*BX$8 -> 0 | BX57: =$G57*BX$8 -> 0 | BY57: =BW57+BX57 -> 0 | BZ57: =BX$8*$H57 -> 0 | CB57: =$F57*CC$8 -> 0 | CC57: =$G57*CC$8 -> 0 | CD57: =CB57+CC57 -> 0 | CE57: =CC$8*$H57 -> 0 | CG57: =$F57*CH$8 -> 0 | CH57: =$G57*CH$8 -> 0 | CI57: =CG57+CH57 -> 0 | CJ57: =CH$8*$H57 -> 0 | CL57: =$F57*CM$8 -> 0 | CM57: =$G57*CM$8 -> 0 | CN57: =CL57+CM57 -> 0 | CO57: =CM$8*$H57 -> 0 | CQ57: =$F57*CR$8 -> 0 | CR57: =$G57*CR$8 -> 0 | CS57: =CQ57+CR57 -> 0 | CT57: =CR$8*$H57 -> 0 | CV57: =$F57*CW$8 -> 0 | CW57: =$G57*CW$8 -> 0 | CX57: =CV57+CW57 -> 0 | CY57: =CW$8*$H57 -> 0 | DA57: =$F57*DB$8 -> 0 | DB57: =$G57*DB$8 -> 0 | DC57: =DA57+DB57 -> 0 | DD57: =DB$8*$H57 -> 0 | DF57: =$F57*DG$8 -> 0 | DG57: =$G57*DG$8 -> 0 | DH57: =DF57+DG57 -> 0 | DI57: =DG$8*$H57 -> 0 | DK57: =$F57*DL$8 -> 0 | DL57: =$G57*DL$8 -> 0 | DM57: =DK57+DL57 -> 0 | DN57: =DL$8*$H57 -> 0 | DP57: =$F57*DQ$8 -> 0 | DQ57: =$G57*DQ$8 -> 0 | DR57: =DP57+DQ57 -> 0 | DS57: =DQ$8*$H57 -> 0 | DU57: =$F57*DV$8 -> 0 | DV57: =$G57*DV$8 -> 0 | DW57: =DU57+DV57 -> 0 | DX57: =DV$8*$H57 -> 0
A58: 17807 | D58: 461000 | E58: 285756 | P58: =D58+G58+J58+M58 -> 461000 | Q58: =O58+P58 -> 461000 | R58: =E58+H58+K58+N58 -> 285756 | Z58: =AE58+AJ58 -> 461000 | AA58: =Y58+Z58 -> 461000 | AB58: =AG58+AL58 -> 285756 | AE58: =D58*$AE$7 -> 76439.609 | AF58: =AD58+AE58 -> 76439.609 | AG58: =AE$7*$E58 -> 47381.945 | AJ58: =D58*$AJ$7 -> 384560.39 | AK58: =AI58+AJ58 -> 384560.39 | AL58: =AJ$7*$E58 -> 238374.05 | AS58: =BW58+AX58+BC58+BM58+BR58+CG58+CL58+CQ58+CV58+DA58+DF58+DK58+DP58+DU58+BH58+CB58 -> 0 | AT58: =BX58+AY58+BD58+BN58+BS58+CH58+CM58+CR58+CW58+DB58+DG58+DL58+DQ58+DV58+BI58+CC58 -> 0 | AU58: =AS58+AT58 -> 0 | AV58: =BZ58+BA58+BF58+BP58+BU58+CJ58+CO58+CT58+CY58+DD58+DI58+DN58+DS58+DX58+BK58+CE58 -> 0 | AX58: =$F58*AY$8 -> 0 | AY58: =$G58*AY$8 -> 0 | AZ58: =AX58+AY58 -> 0 | BA58: =AY$8*$H58 -> 0 | BC58: =$F58*BD$8 -> 0 | BD58: =$G58*BD$8 -> 0 | BE58: =BC58+BD58 -> 0 | BF58: =BD$8*$H58 -> 0 | BH58: =$F58*BI$8 -> 0 | BI58: =$G58*BI$8 -> 0 | BJ58: =BH58+BI58 -> 0 | BK58: =BI$8*$H58 -> 0 | BM58: =$F58*BN$8 -> 0 | BN58: =$G58*BN$8 -> 0 | BO58: =BM58+BN58 -> 0 | BP58: =BN$8*$H58 -> 0 | BR58: =$F58*BS$8 -> 0 | BS58: =$G58*BS$8 -> 0 | BT58: =BR58+BS58 -> 0 | BU58: =BS$8*$H58 -> 0 | BW58: =$F58*BX$8 -> 0 | BX58: =$G58*BX$8 -> 0 | BY58: =BW58+BX58 -> 0 | BZ58: =BX$8*$H58 -> 0 | CB58: =$F58*CC$8 -> 0 | CC58: =$G58*CC$8 -> 0 | CD58: =CB58+CC58 -> 0 | CE58: =CC$8*$H58 -> 0 | CG58: =$F58*CH$8 -> 0 | CH58: =$G58*CH$8 -> 0 | CI58: =CG58+CH58 -> 0 | CJ58: =CH$8*$H58 -> 0 | CL58: =$F58*CM$8 -> 0 | CM58: =$G58*CM$8 -> 0 | CN58: =CL58+CM58 -> 0 | CO58: =CM$8*$H58 -> 0 | CQ58: =$F58*CR$8 -> 0 | CR58: =$G58*CR$8 -> 0 | CS58: =CQ58+CR58 -> 0 | CT58: =CR$8*$H58 -> 0 | CV58: =$F58*CW$8 -> 0 | CW58: =$G58*CW$8 -> 0 | CX58: =CV58+CW58 -> 0 | CY58: =CW$8*$H58 -> 0 | DA58: =$F58*DB$8 -> 0 | DB58: =$G58*DB$8 -> 0 | DC58: =DA58+DB58 -> 0 | DD58: =DB$8*$H58 -> 0 | DF58: =$F58*DG$8 -> 0 | DG58: =$G58*DG$8 -> 0 | DH58: =DF58+DG58 -> 0 | DI58: =DG$8*$H58 -> 0 | DK58: =$F58*DL$8 -> 0 | DL58: =$G58*DL$8 -> 0 | DM58: =DK58+DL58 -> 0 | DN58: =DL$8*$H58 -> 0 | DP58: =$F58*DQ$8 -> 0 | DQ58: =$G58*DQ$8 -> 0 | DR58: =DP58+DQ58 -> 0 | DS58: =DQ$8*$H58 -> 0 | DU58: =$F58*DV$8 -> 0 | DV58: =$G58*DV$8 -> 0 | DW58: =DU58+DV58 -> 0 | DX58: =DV$8*$H58 -> 0
A59: 17989 | C59: 7385000 | D59: 461000 | E59: 285756 | O59: =C59+F59+I59+L59 -> 7385000 | P59: =D59+G59+J59+M59 -> 461000 | Q59: =O59+P59 -> 7846000 | R59: =E59+H59+K59+N59 -> 285756 | Y59: =AD59+AI59 -> 7385000 | Z59: =AE59+AJ59 -> 461000 | AA59: =Y59+Z59 -> 7846000 | AB59: =AG59+AL59 -> 285756 | AD59: =C59*$AE$7 -> 1224526.1 | AE59: =D59*$AE$7 -> 76439.609 | AF59: =AD59+AE59 -> 1300965.7 | AG59: =AE$7*$E59 -> 47381.945 | AI59: =C59*$AJ$7 -> 6160473.9 | AJ59: =D59*$AJ$7 -> 384560.39 | AK59: =AI59+AJ59 -> 6545034.3 | AL59: =AJ$7*$E59 -> 238374.05 | AS59: =BW59+AX59+BC59+BM59+BR59+CG59+CL59+CQ59+CV59+DA59+DF59+DK59+DP59+DU59+BH59+CB59 -> 0 | AT59: =BX59+AY59+BD59+BN59+BS59+CH59+CM59+CR59+CW59+DB59+DG59+DL59+DQ59+DV59+BI59+CC59 -> 0 | AU59: =AS59+AT59 -> 0 | AV59: =BZ59+BA59+BF59+BP59+BU59+CJ59+CO59+CT59+CY59+DD59+DI59+DN59+DS59+DX59+BK59+CE59 -> 0 | AX59: =$F59*AY$8 -> 0 | AY59: =$G59*AY$8 -> 0 | AZ59: =AX59+AY59 -> 0 | BA59: =AY$8*$H59 -> 0 | BC59: =$F59*BD$8 -> 0 | BD59: =$G59*BD$8 -> 0 | BE59: =BC59+BD59 -> 0 | BF59: =BD$8*$H59 -> 0 | BH59: =$F59*BI$8 -> 0 | BI59: =$G59*BI$8 -> 0 | BJ59: =BH59+BI59 -> 0 | BK59: =BI$8*$H59 -> 0 | BM59: =$F59*BN$8 -> 0 | BN59: =$G59*BN$8 -> 0 | BO59: =BM59+BN59 -> 0 | BP59: =BN$8*$H59 -> 0 | BR59: =$F59*BS$8 -> 0 | BS59: =$G59*BS$8 -> 0 | BT59: =BR59+BS59 -> 0 | BU59: =BS$8*$H59 -> 0 | BW59: =$F59*BX$8 -> 0 | BX59: =$G59*BX$8 -> 0 | BY59: =BW59+BX59 -> 0 | BZ59: =BX$8*$H59 -> 0 | CB59: =$F59*CC$8 -> 0 | CC59: =$G59*CC$8 -> 0 | CD59: =CB59+CC59 -> 0 | CE59: =CC$8*$H59 -> 0 | CG59: =$F59*CH$8 -> 0 | CH59: =$G59*CH$8 -> 0 | CI59: =CG59+CH59 -> 0 | CJ59: =CH$8*$H59 -> 0 | CL59: =$F59*CM$8 -> 0 | CM59: =$G59*CM$8 -> 0 | CN59: =CL59+CM59 -> 0 | CO59: =CM$8*$H59 -> 0 | CQ59: =$F59*CR$8 -> 0 | CR59: =$G59*CR$8 -> 0 | CS59: =CQ59+CR59 -> 0 | CT59: =CR$8*$H59 -> 0 | CV59: =$F59*CW$8 -> 0 | CW59: =$G59*CW$8 -> 0 | CX59: =CV59+CW59 -> 0 | CY59: =CW$8*$H59 -> 0 | DA59: =$F59*DB$8 -> 0 | DB59: =$G59*DB$8 -> 0 | DC59: =DA59+DB59 -> 0 | DD59: =DB$8*$H59 -> 0 | DF59: =$F59*DG$8 -> 0 | DG59: =$G59*DG$8 -> 0 | DH59: =DF59+DG59 -> 0 | DI59: =DG$8*$H59 -> 0 | DK59: =$F59*DL$8 -> 0 | DL59: =$G59*DL$8 -> 0 | DM59: =DK59+DL59 -> 0 | DN59: =DL$8*$H59 -> 0 | DP59: =$F59*DQ$8 -> 0 | DQ59: =$G59*DQ$8 -> 0 | DR59: =DP59+DQ59 -> 0 | DS59: =DQ$8*$H59 -> 0 | DU59: =$F59*DV$8 -> 0 | DV59: =$G59*DV$8 -> 0 | DW59: =DU59+DV59 -> 0 | DX59: =DV$8*$H59 -> 0
A60: 18172 | D60: 313300 | E60: 285756 | P60: =D60+G60+J60+M60 -> 313300 | Q60: =O60+P60 -> 313300 | R60: =E60+H60+K60+N60 -> 285756 | Z60: =AE60+AJ60 -> 313300 | AA60: =Y60+Z60 -> 313300 | AB60: =AG60+AL60 -> 285756 | AE60: =D60*$AE$7 -> 51949.088 | AF60: =AD60+AE60 -> 51949.088 | AG60: =AE$7*$E60 -> 47381.945 | AJ60: =D60*$AJ$7 -> 261350.91 | AK60: =AI60+AJ60 -> 261350.91 | AL60: =AJ$7*$E60 -> 238374.05 | AS60: =BW60+AX60+BC60+BM60+BR60+CG60+CL60+CQ60+CV60+DA60+DF60+DK60+DP60+DU60+BH60+CB60 -> 0 | AT60: =BX60+AY60+BD60+BN60+BS60+CH60+CM60+CR60+CW60+DB60+DG60+DL60+DQ60+DV60+BI60+CC60 -> 0 | AU60: =AS60+AT60 -> 0 | AV60: =BZ60+BA60+BF60+BP60+BU60+CJ60+CO60+CT60+CY60+DD60+DI60+DN60+DS60+DX60+BK60+CE60 -> 0 | AX60: =$F60*AY$8 -> 0 | AY60: =$G60*AY$8 -> 0 | AZ60: =AX60+AY60 -> 0 | BA60: =AY$8*$H60 -> 0 | BC60: =$F60*BD$8 -> 0 | BD60: =$G60*BD$8 -> 0 | BE60: =BC60+BD60 -> 0 | BF60: =BD$8*$H60 -> 0 | BH60: =$F60*BI$8 -> 0 | BI60: =$G60*BI$8 -> 0 | BJ60: =BH60+BI60 -> 0 | BK60: =BI$8*$H60 -> 0 | BM60: =$F60*BN$8 -> 0 | BN60: =$G60*BN$8 -> 0 | BO60: =BM60+BN60 -> 0 | BP60: =BN$8*$H60 -> 0 | BR60: =$F60*BS$8 -> 0 | BS60: =$G60*BS$8 -> 0 | BT60: =BR60+BS60 -> 0 | BU60: =BS$8*$H60 -> 0 | BW60: =$F60*BX$8 -> 0 | BX60: =$G60*BX$8 -> 0 | BY60: =BW60+BX60 -> 0 | BZ60: =BX$8*$H60 -> 0 | CB60: =$F60*CC$8 -> 0 | CC60: =$G60*CC$8 -> 0 | CD60: =CB60+CC60 -> 0 | CE60: =CC$8*$H60 -> 0 | CG60: =$F60*CH$8 -> 0 | CH60: =$G60*CH$8 -> 0 | CI60: =CG60+CH60 -> 0 | CJ60: =CH$8*$H60 -> 0 | CL60: =$F60*CM$8 -> 0 | CM60: =$G60*CM$8 -> 0 | CN60: =CL60+CM60 -> 0 | CO60: =CM$8*$H60 -> 0 | CQ60: =$F60*CR$8 -> 0 | CR60: =$G60*CR$8 -> 0 | CS60: =CQ60+CR60 -> 0 | CT60: =CR$8*$H60 -> 0 | CV60: =$F60*CW$8 -> 0 | CW60: =$G60*CW$8 -> 0 | CX60: =CV60+CW60 -> 0 | CY60: =CW$8*$H60 -> 0 | DA60: =$F60*DB$8 -> 0 | DB60: =$G60*DB$8 -> 0 | DC60: =DA60+DB60 -> 0 | DD60: =DB$8*$H60 -> 0 | DF60: =$F60*DG$8 -> 0 | DG60: =$G60*DG$8 -> 0 | DH60: =DF60+DG60 -> 0 | DI60: =DG$8*$H60 -> 0 | DK60: =$F60*DL$8 -> 0 | DL60: =$G60*DL$8 -> 0 | DM60: =DK60+DL60 -> 0 | DN60: =DL$8*$H60 -> 0 | DP60: =$F60*DQ$8 -> 0 | DQ60: =$G60*DQ$8 -> 0 | DR60: =DP60+DQ60 -> 0 | DS60: =DQ$8*$H60 -> 0 | DU60: =$F60*DV$8 -> 0 | DV60: =$G60*DV$8 -> 0 | DW60: =DU60+DV60 -> 0 | DX60: =DV$8*$H60 -> 0
A61: 18354 | C61: 7680000 | D61: 313300 | E61: 285756 | O61: =C61+F61+I61+L61 -> 7680000 | P61: =D61+G61+J61+M61 -> 313300 | Q61: =O61+P61 -> 7993300 | R61: =E61+H61+K61+N61 -> 285756 | Y61: =AD61+AI61 -> 7680000 | Z61: =AE61+AJ61 -> 313300 | AA61: =Y61+Z61 -> 7993300 | AB61: =AG61+AL61 -> 285756 | AD61: =C61*$AE$7 -> 1273440.8 | AE61: =D61*$AE$7 -> 51949.088 | AF61: =AD61+AE61 -> 1325389.9 | AG61: =AE$7*$E61 -> 47381.945 | AI61: =C61*$AJ$7 -> 6406559.2 | AJ61: =D61*$AJ$7 -> 261350.91 | AK61: =AI61+AJ61 -> 6667910.1 | AL61: =AJ$7*$E61 -> 238374.05 | AS61: =BW61+AX61+BC61+BM61+BR61+CG61+CL61+CQ61+CV61+DA61+DF61+DK61+DP61+DU61+BH61+CB61 -> 0 | AT61: =BX61+AY61+BD61+BN61+BS61+CH61+CM61+CR61+CW61+DB61+DG61+DL61+DQ61+DV61+BI61+CC61 -> 0 | AU61: =AS61+AT61 -> 0 | AV61: =BZ61+BA61+BF61+BP61+BU61+CJ61+CO61+CT61+CY61+DD61+DI61+DN61+DS61+DX61+BK61+CE61 -> 0 | AX61: =$F61*AY$8 -> 0 | AY61: =$G61*AY$8 -> 0 | AZ61: =AX61+AY61 -> 0 | BA61: =AY$8*$H61 -> 0 | BC61: =$F61*BD$8 -> 0 | BD61: =$G61*BD$8 -> 0 | BE61: =BC61+BD61 -> 0 | BF61: =BD$8*$H61 -> 0 | BH61: =$F61*BI$8 -> 0 | BI61: =$G61*BI$8 -> 0 | BJ61: =BH61+BI61 -> 0 | BK61: =BI$8*$H61 -> 0 | BM61: =$F61*BN$8 -> 0 | BN61: =$G61*BN$8 -> 0 | BO61: =BM61+BN61 -> 0 | BP61: =BN$8*$H61 -> 0 | BR61: =$F61*BS$8 -> 0 | BS61: =$G61*BS$8 -> 0 | BT61: =BR61+BS61 -> 0 | BU61: =BS$8*$H61 -> 0 | BW61: =$F61*BX$8 -> 0 | BX61: =$G61*BX$8 -> 0 | BY61: =BW61+BX61 -> 0 | BZ61: =BX$8*$H61 -> 0 | CB61: =$F61*CC$8 -> 0 | CC61: =$G61*CC$8 -> 0 | CD61: =CB61+CC61 -> 0 | CE61: =CC$8*$H61 -> 0 | CG61: =$F61*CH$8 -> 0 | CH61: =$G61*CH$8 -> 0 | CI61: =CG61+CH61 -> 0 | CJ61: =CH$8*$H61 -> 0 | CL61: =$F61*CM$8 -> 0 | CM61: =$G61*CM$8 -> 0 | CN61: =CL61+CM61 -> 0 | CO61: =CM$8*$H61 -> 0 | CQ61: =$F61*CR$8 -> 0 | CR61: =$G61*CR$8 -> 0 | CS61: =CQ61+CR61 -> 0 | CT61: =CR$8*$H61 -> 0 | CV61: =$F61*CW$8 -> 0 | CW61: =$G61*CW$8 -> 0 | CX61: =CV61+CW61 -> 0 | CY61: =CW$8*$H61 -> 0 | DA61: =$F61*DB$8 -> 0 | DB61: =$G61*DB$8 -> 0 | DC61: =DA61+DB61 -> 0 | DD61: =DB$8*$H61 -> 0 | DF61: =$F61*DG$8 -> 0 | DG61: =$G61*DG$8 -> 0 | DH61: =DF61+DG61 -> 0 | DI61: =DG$8*$H61 -> 0 | DK61: =$F61*DL$8 -> 0 | DL61: =$G61*DL$8 -> 0 | DM61: =DK61+DL61 -> 0 | DN61: =DL$8*$H61 -> 0 | DP61: =$F61*DQ$8 -> 0 | DQ61: =$G61*DQ$8 -> 0 | DR61: =DP61+DQ61 -> 0 | DS61: =DQ$8*$H61 -> 0 | DU61: =$F61*DV$8 -> 0 | DV61: =$G61*DV$8 -> 0 | DW61: =DU61+DV61 -> 0 | DX61: =DV$8*$H61 -> 0
A62: 18537 | D62: 159700 | E62: 285756 | P62: =D62+G62+J62+M62 -> 159700 | Q62: =O62+P62 -> 159700 | R62: =E62+H62+K62+N62 -> 285756 | Z62: =AE62+AJ62 -> 159700 | AA62: =Y62+Z62 -> 159700 | AB62: =AG62+AL62 -> 285756 | AE62: =D62*$AE$7 -> 26480.272 | AF62: =AD62+AE62 -> 26480.272 | AG62: =AE$7*$E62 -> 47381.945 | AJ62: =D62*$AJ$7 -> 133219.73 | AK62: =AI62+AJ62 -> 133219.73 | AL62: =AJ$7*$E62 -> 238374.05 | AS62: =BW62+AX62+BC62+BM62+BR62+CG62+CL62+CQ62+CV62+DA62+DF62+DK62+DP62+DU62+BH62+CB62 -> 0 | AT62: =BX62+AY62+BD62+BN62+BS62+CH62+CM62+CR62+CW62+DB62+DG62+DL62+DQ62+DV62+BI62+CC62 -> 0 | AU62: =AS62+AT62 -> 0 | AV62: =BZ62+BA62+BF62+BP62+BU62+CJ62+CO62+CT62+CY62+DD62+DI62+DN62+DS62+DX62+BK62+CE62 -> 0 | AX62: =$F62*AY$8 -> 0 | AY62: =$G62*AY$8 -> 0 | AZ62: =AX62+AY62 -> 0 | BA62: =AY$8*$H62 -> 0 | BC62: =$F62*BD$8 -> 0 | BD62: =$G62*BD$8 -> 0 | BE62: =BC62+BD62 -> 0 | BF62: =BD$8*$H62 -> 0 | BH62: =$F62*BI$8 -> 0 | BI62: =$G62*BI$8 -> 0 | BJ62: =BH62+BI62 -> 0 | BK62: =BI$8*$H62 -> 0 | BM62: =$F62*BN$8 -> 0 | BN62: =$G62*BN$8 -> 0 | BO62: =BM62+BN62 -> 0 | BP62: =BN$8*$H62 -> 0 | BR62: =$F62*BS$8 -> 0 | BS62: =$G62*BS$8 -> 0 | BT62: =BR62+BS62 -> 0 | BU62: =BS$8*$H62 -> 0 | BW62: =$F62*BX$8 -> 0 | BX62: =$G62*BX$8 -> 0 | BY62: =BW62+BX62 -> 0 | BZ62: =BX$8*$H62 -> 0 | CB62: =$F62*CC$8 -> 0 | CC62: =$G62*CC$8 -> 0 | CD62: =CB62+CC62 -> 0 | CE62: =CC$8*$H62 -> 0 | CG62: =$F62*CH$8 -> 0 | CH62: =$G62*CH$8 -> 0 | CI62: =CG62+CH62 -> 0 | CJ62: =CH$8*$H62 -> 0 | CL62: =$F62*CM$8 -> 0 | CM62: =$G62*CM$8 -> 0 | CN62: =CL62+CM62 -> 0 | CO62: =CM$8*$H62 -> 0 | CQ62: =$F62*CR$8 -> 0 | CR62: =$G62*CR$8 -> 0 | CS62: =CQ62+CR62 -> 0 | CT62: =CR$8*$H62 -> 0 | CV62: =$F62*CW$8 -> 0 | CW62: =$G62*CW$8 -> 0 | CX62: =CV62+CW62 -> 0 | CY62: =CW$8*$H62 -> 0 | DA62: =$F62*DB$8 -> 0 | DB62: =$G62*DB$8 -> 0 | DC62: =DA62+DB62 -> 0 | DD62: =DB$8*$H62 -> 0 | DF62: =$F62*DG$8 -> 0 | DG62: =$G62*DG$8 -> 0 | DH62: =DF62+DG62 -> 0 | DI62: =DG$8*$H62 -> 0 | DK62: =$F62*DL$8 -> 0 | DL62: =$G62*DL$8 -> 0 | DM62: =DK62+DL62 -> 0 | DN62: =DL$8*$H62 -> 0 | DP62: =$F62*DQ$8 -> 0 | DQ62: =$G62*DQ$8 -> 0 | DR62: =DP62+DQ62 -> 0 | DS62: =DQ$8*$H62 -> 0 | DU62: =$F62*DV$8 -> 0 | DV62: =$G62*DV$8 -> 0 | DW62: =DU62+DV62 -> 0 | DX62: =DV$8*$H62 -> 0
A63: 18719 | C63: 7985000 | D63: 159700 | E63: 285756 | O63: =C63+F63+I63+L63 -> 7985000 | P63: =D63+G63+J63+M63 -> 159700 | Q63: =O63+P63 -> 8144700 | R63: =E63+H63+K63+N63 -> 285756 | Y63: =AD63+AI63 -> 7985000 | Z63: =AE63+AJ63 -> 159700 | AA63: =Y63+Z63 -> 8144700 | AB63: =AG63+AL63 -> 285756 | AD63: =C63*$AE$7 -> 1324013.6 | AE63: =D63*$AE$7 -> 26480.272 | AF63: =AD63+AE63 -> 1350493.9 | AG63: =AE$7*$E63 -> 47381.945 | AI63: =C63*$AJ$7 -> 6660986.4 | AJ63: =D63*$AJ$7 -> 133219.73 | AK63: =AI63+AJ63 -> 6794206.1 | AL63: =AJ$7*$E63 -> 238374.05 | AS63: =BW63+AX63+BC63+BM63+BR63+CG63+CL63+CQ63+CV63+DA63+DF63+DK63+DP63+DU63+BH63+CB63 -> 0 | AT63: =BX63+AY63+BD63+BN63+BS63+CH63+CM63+CR63+CW63+DB63+DG63+DL63+DQ63+DV63+BI63+CC63 -> 0 | AU63: =AS63+AT63 -> 0 | AV63: =BZ63+BA63+BF63+BP63+BU63+CJ63+CO63+CT63+CY63+DD63+DI63+DN63+DS63+DX63+BK63+CE63 -> 0 | AX63: =$F63*AY$8 -> 0 | AY63: =$G63*AY$8 -> 0 | AZ63: =AX63+AY63 -> 0 | BA63: =AY$8*$H63 -> 0 | BC63: =$F63*BD$8 -> 0 | BD63: =$G63*BD$8 -> 0 | BE63: =BC63+BD63 -> 0 | BF63: =BD$8*$H63 -> 0 | BH63: =$F63*BI$8 -> 0 | BI63: =$G63*BI$8 -> 0 | BJ63: =BH63+BI63 -> 0 | BK63: =BI$8*$H63 -> 0 | BM63: =$F63*BN$8 -> 0 | BN63: =$G63*BN$8 -> 0 | BO63: =BM63+BN63 -> 0 | BP63: =BN$8*$H63 -> 0 | BR63: =$F63*BS$8 -> 0 | BS63: =$G63*BS$8 -> 0 | BT63: =BR63+BS63 -> 0 | BU63: =BS$8*$H63 -> 0 | BW63: =$F63*BX$8 -> 0 | BX63: =$G63*BX$8 -> 0 | BY63: =BW63+BX63 -> 0 | BZ63: =BX$8*$H63 -> 0 | CB63: =$F63*CC$8 -> 0 | CC63: =$G63*CC$8 -> 0 | CD63: =CB63+CC63 -> 0 | CE63: =CC$8*$H63 -> 0 | CG63: =$F63*CH$8 -> 0 | CH63: =$G63*CH$8 -> 0 | CI63: =CG63+CH63 -> 0 | CJ63: =CH$8*$H63 -> 0 | CL63: =$F63*CM$8 -> 0 | CM63: =$G63*CM$8 -> 0 | CN63: =CL63+CM63 -> 0 | CO63: =CM$8*$H63 -> 0 | CQ63: =$F63*CR$8 -> 0 | CR63: =$G63*CR$8 -> 0 | CS63: =CQ63+CR63 -> 0 | CT63: =CR$8*$H63 -> 0 | CV63: =$F63*CW$8 -> 0 | CW63: =$G63*CW$8 -> 0 | CX63: =CV63+CW63 -> 0 | CY63: =CW$8*$H63 -> 0 | DA63: =$F63*DB$8 -> 0 | DB63: =$G63*DB$8 -> 0 | DC63: =DA63+DB63 -> 0 | DD63: =DB$8*$H63 -> 0 | DF63: =$F63*DG$8 -> 0 | DG63: =$G63*DG$8 -> 0 | DH63: =DF63+DG63 -> 0 | DI63: =DG$8*$H63 -> 0 | DK63: =$F63*DL$8 -> 0 | DL63: =$G63*DL$8 -> 0 | DM63: =DK63+DL63 -> 0 | DN63: =DL$8*$H63 -> 0 | DP63: =$F63*DQ$8 -> 0 | DQ63: =$G63*DQ$8 -> 0 | DR63: =DP63+DQ63 -> 0 | DS63: =DQ$8*$H63 -> 0 | DU63: =$F63*DV$8 -> 0 | DV63: =$G63*DV$8 -> 0 | DW63: =DU63+DV63 -> 0 | DX63: =DV$8*$H63 -> 0
A65: Total | C65: =SUM(C10:C64) -> 64935000 | D65: =SUM(D10:D64) -> 59526400 | E65: =SUM(E10:E64) -> 15430824 | F65: =SUM(F10:F64) -> 104165000 | G65: =SUM(G10:G64) -> 43158950 | H65: =SUM(H10:H64) -> 25555828 | I65: =SUM(I10:I64) -> 9545000 | J65: =SUM(J10:J64) -> 2001250 | ... R65: =SUM(R10:R64) -> 48145286 | T65: =SUM(T10:T64) -> 9545000 | U65: =SUM(U10:U64) -> 2001250 | V65: =SUM(V10:V64) -> 11546250 | W65: =SUM(W10:W64) -> 2327626 | Y65: =SUM(Y10:Y64) -> 64935000 | Z65: =SUM(Z10:Z64) -> 59526400 | AA65: =SUM(AA10:AA64) -> 124461400 | AB65: =SUM(AB10:AB64) -> 15430824 | AD65: =SUM(AD10:AD64) -> 10767041 | AE65: =SUM(AE10:AE64) -> 9870227.2 | AF65: =SUM(AF10:AF64) -> 20637268 | AG65: =SUM(AG10:AG64) -> 2558625 | AI65: =SUM(AI10:AI64) -> 54167959 | AJ65: =SUM(AJ10:AJ64) -> 49656173 | AK65: =SUM(AK10:AK64) -> 1.0382413e+08 | AL65: =SUM(AL10:AL64) -> 12872199 | AN65: =SUM(AN10:AN64) -> 10160317 | AO65: =SUM(AO10:AO64) -> 4209750 | AP65: =SUM(AP10:AP64) -> 14370067 | AQ65: =SUM(AQ10:AQ64) -> 2492730.9 | AS65: =SUM(AS10:AS64) -> 94004683 | AT65: =SUM(AT10:AT64) -> 38949200 | AU65: =SUM(AU10:AU64) -> 1.3295388e+08 | AV65: =SUM(AV10:AV64) -> 23063097 | AX65: =SUM(AX10:AX64) -> 5539126.8 | AY65: =SUM(AY10:AY64) -> 2295040.5 | AZ65: =SUM(AZ10:AZ64) -> 7834167.4 | BA65: =SUM(BA10:BA64) -> 1358968.7 | BC65: =SUM(BC10:BC64) -> 16810108 | BD65: =SUM(BD10:BD64) -> 6964974.8 | BE65: =SUM(BE10:BE64) -> 23775083 | BF65: =SUM(BF10:BF64) -> 4124189.7 | BH65: =SUM(BH10:BH64) -> 2128693.5 | BI65: =SUM(BI10:BI64) -> 881987.01 | BJ65: =SUM(BJ10:BJ64) -> 3010680.5 | BK65: =SUM(BK10:BK64) -> 522253.4 | BM65: =SUM(BM10:BM58) -> 23303.042 | BN65: =SUM(BN10:BN58) -> 9655.2089 | BO65: =SUM(BO10:BO58) -> 32958.251 | BP65: =SUM(BP10:BP64) -> 5717.1655 | BR65: =SUM(BR10:BR58) -> 36998.655 | BS65: =SUM(BS10:BS58) -> 15329.747 | BT65: =SUM(BT10:BT58) -> 52328.402 | BU65: =SUM(BU10:BU64) -> 9077.2453 | BW65: =SUM(BW10:BW64) -> 2195022.8 | BX65: =SUM(BX10:BX64) -> 909469.41 | BY65: =SUM(BY10:BY64) -> 3104492.2 | BZ65: =SUM(BZ10:BZ64) -> 538526.63 | CB65: =SUM(CB10:CB58) -> 11265.992 | CC65: =SUM(CC10:CC58) -> 4667.867 | CD65: =SUM(CD10:CD58) -> 15933.858 | CE65: =SUM(CE10:CE64) -> 2763.9969 | CG65: =SUM(CG10:CG58) -> 483687.89 | CH65: =SUM(CH10:CH58) -> 200407.64 | CI65: =SUM(CI10:CI58) -> 684095.53 | CJ65: =SUM(CJ10:CJ64) -> 118667.93 | CL65: =SUM(CL10:CL58) -> 558076.23 | CM65: =SUM(CM10:CM58) -> 231229.15 | CN65: =SUM(CN10:CN58) -> 789305.38 | CO65: =SUM(CO10:CO64) -> 136918.35 | CQ65: =SUM(CQ10:CQ58) -> 5710695.4 | CR65: =SUM(CR10:CR58) -> 2366127 | CS65: =SUM(CS10:CS58) -> 8076822.4 | CT65: =SUM(CT10:CT64) -> 1401061.3 | CV65: =SUM(CV10:CV58) -> 5180242.2 | CW65: =SUM(CW10:CW58) -> 2146343 | CX65: =SUM(CX10:CX58) -> 7326585.1 | CY65: =SUM(CY10:CY64) -> 1270920 | DA65: =SUM(DA10:DA58) -> 516086.21 | DB65: =SUM(DB10:DB58) -> 213831.32 | DC65: =SUM(DC10:DC58) -> 729917.53 | DD65: =SUM(DD10:DD64) -> 126616.53 | DF65: =SUM(DF10:DF58) -> 17866771 | DG65: =SUM(DG10:DG58) -> 7402785 | DH65: =SUM(DH10:DH58) -> 25269556 | DI65: =SUM(DI10:DI64) -> 4383431.5 | DK65: =SUM(DK10:DK58) -> 36937359 | DL65: =SUM(DL10:DL58) -> 15304350 | DM65: =SUM(DM10:DM58) -> 52241710 | DN65: =SUM(DN10:DN64) -> 9062207.1 | DP65: =SUM(DP10:DP58) -> 7245.7132 | DQ65: =SUM(DQ10:DQ58) -> 3002.1348 | DR65: =SUM(DR10:DR58) -> 10247.848 | DS65: =SUM(DS10:DS64) -> 1777.6624 | DU65: =SUM(DU10:DU58) -> 0 | DV65: =SUM(DV10:DV58) -> 0 | DW65: =SUM(DW10:DW58) -> 0 | DX65: =SUM(DX10:DX64) -> 0 | DZ65: =SUM(DZ10:DZ58) -> 0 | EA65: =SUM(EA10:EA58) -> 0 | EB65: =SUM(EB10:EB58) -> 0 | EC65: =SUM(EC10:EC64) -> 0
C67: =AD65+AI65 -> 64935000 | D67: =AE65+AJ65 -> 59526400 | E67: =AG65+AL65 -> 15430824 | F67: =AN65+AS65 -> 1.04165e+08 | G67: =AO65+AT65 -> 43158950 | H67: =AQ65+AV65 -> 25555828 | I67: =T65 -> 9545000 | J67: =U65 -> 2001250 | K67: =W65 -> 2327626 | O67: =C65+F65+I65+L65 -> 192260000 | P67: =D65+G65+J65+M65 -> 108807850 | R67: =E65+H65+K65+N65 -> 48145286 | AB67: =AG65+AL65 -> 15430824

Sheet 20-Yrs Acad Revised
H1: University System of Maryland | W1: University System of Maryland | AL1: University System of Maryland
H2: Distribution of Debt Services | W2: Distribution of Debt Services | AL2: Distribution of Debt Services
H3: 2021 Series A Bond Funded Projects | W3: 2021 Series A Bond Funded Projects | AL3: 2021 Series A Bond Funded Projects
A5: Payment | C5: Total Debt Services - 2021 Series A | H5: Total Academic Projects - 2021A | M5: UMCP Campus-Wide Bldg System (Acad) | R5: UMCP Infrastructure Projects (Acad) | W5: UMES Phamacy & Health Professions (Acad) | AB5: UMES Flood Mitigation (Acad) | AG5: UMBC Utilitiy Upgrades (Acad) | AL5: UMBC Interdisclipinary Life Sci Bldg (Acad) | AQ5: USM S. MD Higher Edu Ctr Bldg III (Acad) | AV5: FSU Education & Health Sciences (Acad)
A6: Date | C6: 2021 A Bonds (20 Years Bonds) | F6: Amort of | H6: =+M6+W6+AB6+AG6+AL6+AQ6+AV6+R6 -> 0.0429894 | I6: =+N6+X6+AC6+AH6+AM6+AR6+AW6+S6 -> 0.0477879 | J6: =+O6+Y6+AD6+AI6+AN6+AS6+AX6+T6 -> 0.0634425 | K6: Amort of | M6: 0.0072803 | N6: 0.0085142 | O6: 0.009933 | P6: Amort of | S6: 0.0021177 | T6: 0.0040259 | U6: Amort of | W6: 0.0019903 | X6: 0.0019903 | Y6: 0.0039216 | Z6: Amort of | AB6: 0.0009265 | AC6: 0.0012794 | AD6: 0.0029514 | AE6: Amort of | AG6: 0.0094066 | AH6: 0.0097224 | AI6: 0.014975 | AJ6: Amort of | AL6: 0.0006925 | AM6: 0.0014707 | AN6: 0.0022412 | AO6: Amort of | AQ6: 0.0204514 | AR6: 0.0204514 | AS6: 0.0204514 | AT6: Amort of | AV6: 0.0022418 | AW6: 0.0022418 | AX6: 0.004943 | AY6: Amort of
F7: Premium | H7: =+M7+W7+AB7+AG7+AL7+AQ7+AV7+R7 -> 0.087622606 | K7: Premium | M7: 0.011402237 | N7: 0.01151086 | P7: Premium | R7: 0.0049816775 | S7: 0.0066513369 | U7: Premium | W7: 0.0055924258 | X7: 0.0063501365 | Z7: Premium | AB7: 0.01503812 | AC7: 0.021586383 | AE7: Premium | AG7: 0.015065412 | AH7: 0.01507272 | AJ7: Premium | AL7: 0.0086877693 | AM7: 0.0087598506 | AO7: Premium | AQ7: 0.020451447 | AR7: 0.020461368 | AT7: Premium | AV7: 0.0064035173 | AW7: 0.0071479483 | AY7: Premium
C8: Principal | D8: Interest | E8: Total | F8: Total | H8: Principal | I8: Interest | J8: Total | K8: Total | M8: Principal | N8: Interest | O8: Total | P8: Total | R8: Principal | S8: Interest | T8: Total | U8: Total | W8: Principal | X8: Interest | Y8: Total | Z8: Total | AB8: Principal | AC8: Interest | AD8: Total | AE8: Total | AG8: Principal | AH8: Interest | AI8: Total | AJ8: Total | AL8: Principal | AM8: Interest | AN8: Total | AO8: Total | AQ8: Principal | AR8: Interest | AS8: Total | AT8: Total | AV8: Principal | AW8: Interest | AX8: Total | AY8: Total
A9: 45566 | D9: 2252650 | E9: =C9+D9 -> 2252650 | F9: 751642 | H9: =+M9+W9+AB9+AG9+AL9+AQ9+AV9+R9 -> 0 | I9: =+N9+X9+AC9+AH9+AM9+AR9+AW9+S9 -> 219724.84 | J9: =H9+I9 -> 219724.84 | K9: =+P9+Z9+AE9+AJ9+AO9+AT9+AY9+U9 -> 73315.614 | M9: =$C9*N$7 -> 0 | N9: =$D9*N$7 -> 25929.94 | O9: =M9+N9 -> 25929.94 | P9: =N$7*$F9 -> 8652.0461 | R9: =$C9*S$7 -> 0 | S9: =$D9*S$7 -> 14983.134 | T9: =R9+S9 -> 14983.134 | U9: =S$7*$F9 -> 4999.4241 | W9: =$C9*X$7 -> 0 | X9: =$D9*X$7 -> 14304.635 | Y9: =W9+X9 -> 14304.635 | Z9: =X$7*$F9 -> 4773.0293 | AB9: =$C9*AC$7 -> 0 | AC9: =$D9*AC$7 -> 48626.565 | AD9: =AB9+AC9 -> 48626.565 | AE9: =AC$7*$F9 -> 16225.232 | AG9: =$C9*AH$7 -> 0 | AH9: =$D9*AH$7 -> 33953.562 | AI9: =AG9+AH9 -> 33953.562 | AJ9: =AH$7*$F9 -> 11329.289 | AL9: =$C9*AM$7 -> 0 | AM9: =$D9*AM$7 -> 19732.877 | AN9: =AL9+AM9 -> 19732.877 | AO9: =AM$7*$F9 -> 6584.2716 | AQ9: =$C9*AR$7 -> 0 | AR9: =$D9*AR$7 -> 46092.3 | AS9: =AQ9+AR9 -> 46092.3 | AT9: =AR$7*$F9 -> 15379.623 | AV9: =$C9*AW$7 -> 0 | AW9: =$D9*AW$7 -> 16101.826 | AX9: =AV9+AW9 -> 16101.826 | AY9: =AW$7*$F9 -> 5372.6981
A10: 45748 | C10: 4160000 | D10: 2252650 | E10: =C10+D10 -> 6412650 | F10: 751642 | H10: =+M10+W10+AB10+AG10+AL10+AQ10+AV10+R10 -> 405768.91 | I10: =+N10+X10+AC10+AH10+AM10+AR10+AW10+S10 -> 219724.84 | J10: =H10+I10 -> 625493.74 | K10: =+P10+Z10+AE10+AJ10+AO10+AT10+AY10+U10 -> 73315.614 | M10: =$C10*N$7 -> 47885.179 | N10: =$D10*N$7 -> 25929.94 | O10: =M10+N10 -> 73815.119 | P10: =N$7*$F10 -> 8652.0461 | R10: =$C10*S$7 -> 27669.561 | S10: =$D10*S$7 -> 14983.134 | T10: =R10+S10 -> 42652.695 | U10: =S$7*$F10 -> 4999.4241 | W10: =$C10*X$7 -> 26416.568 | X10: =$D10*X$7 -> 14304.635 | Y10: =W10+X10 -> 40721.203 | Z10: =X$7*$F10 -> 4773.0293 | AB10: =$C10*AC$7 -> 89799.351 | AC10: =$D10*AC$7 -> 48626.565 | AD10: =AB10+AC10 -> 138425.92 | AE10: =AC$7*$F10 -> 16225.232 | AG10: =$C10*AH$7 -> 62702.515 | AH10: =$D10*AH$7 -> 33953.562 | AI10: =AG10+AH10 -> 96656.077 | AJ10: =AH$7*$F10 -> 11329.289 | AL10: =$C10*AM$7 -> 36440.978 | AM10: =$D10*AM$7 -> 19732.877 | AN10: =AL10+AM10 -> 56173.856 | AO10: =AM$7*$F10 -> 6584.2716 | AQ10: =$C10*AR$7 -> 85119.289 | AR10: =$D10*AR$7 -> 46092.3 | AS10: =AQ10+AR10 -> 131211.59 | AT10: =AR$7*$F10 -> 15379.623 | AV10: =$C10*AW$7 -> 29735.465 | AW10: =$D10*AW$7 -> 16101.826 | AX10: =AV10+AW10 -> 45837.29 | AY10: =AW$7*$F10 -> 5372.6981
A11: 45931 | D11: 2148650 | E11: =C11+D11 -> 2148650 | F11: 751642 | H11: =+M11+W11+AB11+AG11+AL11+AQ11+AV11+R11 -> 0 | I11: =+N11+X11+AC11+AH11+AM11+AR11+AW11+S11 -> 209580.62 | J11: =H11+I11 -> 209580.62 | K11: =+P11+Z11+AE11+AJ11+AO11+AT11+AY11+U11 -> 73315.614 | M11: =$C11*N$7 -> 0 | N11: =$D11*N$7 -> 24732.81 | O11: =M11+N11 -> 24732.81 | P11: =N$7*$F11 -> 8652.0461 | R11: =$C11*S$7 -> 0 | S11: =$D11*S$7 -> 14291.395 | T11: =R11+S11 -> 14291.395 | U11: =S$7*$F11 -> 4999.4241 | W11: =$C11*X$7 -> 0 | X11: =$D11*X$7 -> 13644.221 | Y11: =W11+X11 -> 13644.221 | Z11: =X$7*$F11 -> 4773.0293 | AB11: =$C11*AC$7 -> 0 | AC11: =$D11*AC$7 -> 46381.581 | AD11: =AB11+AC11 -> 46381.581 | AE11: =AC$7*$F11 -> 16225.232 | AG11: =$C11*AH$7 -> 0 | AH11: =$D11*AH$7 -> 32386 | AI11: =AG11+AH11 -> 32386 | AJ11: =AH$7*$F11 -> 11329.289 | AL11: =$C11*AM$7 -> 0 | AM11: =$D11*AM$7 -> 18821.853 | AN11: =AL11+AM11 -> 18821.853 | AO11: =AM$7*$F11 -> 6584.2716 | AQ11: =$C11*AR$7 -> 0 | AR11: =$D11*AR$7 -> 43964.317 | AS11: =AQ11+AR11 -> 43964.317 | AT11: =AR$7*$F11 -> 15379.623 | AV11: =$C11*AW$7 -> 0 | AW11: =$D11*AW$7 -> 15358.439 | AX11: =AV11+AW11 -> 15358.439 | AY11: =AW$7*$F11 -> 5372.6981
A12: 46113 | C12: 4370000 | D12: 2148650 | E12: =C12+D12 -> 6518650 | F12: 751642 | H12: =+M12+W12+AB12+AG12+AL12+AQ12+AV12+R12 -> 426252.43 | I12: =+N12+X12+AC12+AH12+AM12+AR12+AW12+S12 -> 209580.62 | J12: =H12+I12 -> 635833.05 | K12: =+P12+Z12+AE12+AJ12+AO12+AT12+AY12+U12 -> 73315.614 | M12: =$C12*N$7 -> 50302.46 | N12: =$D12*N$7 -> 24732.81 | O12: =M12+N12 -> 75035.27 | P12: =N$7*$F12 -> 8652.0461 | R12: =$C12*S$7 -> 29066.342 | S12: =$D12*S$7 -> 14291.395 | T12: =R12+S12 -> 43357.737 | U12: =S$7*$F12 -> 4999.4241 | W12: =$C12*X$7 -> 27750.096 | X12: =$D12*X$7 -> 13644.221 | Y12: =W12+X12 -> 41394.317 | Z12: =X$7*$F12 -> 4773.0293 | AB12: =$C12*AC$7 -> 94332.492 | AC12: =$D12*AC$7 -> 46381.581 | AD12: =AB12+AC12 -> 140714.07 | AE12: =AC$7*$F12 -> 16225.232 | AG12: =$C12*AH$7 -> 65867.786 | AH12: =$D12*AH$7 -> 32386 | AI12: =AG12+AH12 -> 98253.786 | AJ12: =AH$7*$F12 -> 11329.289 | AL12: =$C12*AM$7 -> 38280.547 | AM12: =$D12*AM$7 -> 18821.853 | AN12: =AL12+AM12 -> 57102.4 | AO12: =AM$7*$F12 -> 6584.2716 | AQ12: =$C12*AR$7 -> 89416.176 | AR12: =$D12*AR$7 -> 43964.317 | AS12: =AQ12+AR12 -> 133380.49 | AT12: =AR$7*$F12 -> 15379.623 | AV12: =$C12*AW$7 -> 31236.534 | AW12: =$D12*AW$7 -> 15358.439 | AX12: =AV12+AW12 -> 46594.973 | AY12: =AW$7*$F12 -> 5372.6981
A13: 46296 | D13: 2039400 | E13: =C13+D13 -> 2039400 | F13: 751642 | H13: =+M13+W13+AB13+AG13+AL13+AQ13+AV13+R13 -> 0 | I13: =+N13+X13+AC13+AH13+AM13+AR13+AW13+S13 -> 198924.3 | J13: =H13+I13 -> 198924.3 | K13: =+P13+Z13+AE13+AJ13+AO13+AT13+AY13+U13 -> 73315.614 | M13: =$C13*N$7 -> 0 | N13: =$D13*N$7 -> 23475.249 | O13: =M13+N13 -> 23475.249 | P13: =N$7*$F13 -> 8652.0461 | R13: =$C13*S$7 -> 0 | S13: =$D13*S$7 -> 13564.736 | T13: =R13+S13 -> 13564.736 | U13: =S$7*$F13 -> 4999.4241 | W13: =$C13*X$7 -> 0 | X13: =$D13*X$7 -> 12950.468 | Y13: =W13+X13 -> 12950.468 | Z13: =X$7*$F13 -> 4773.0293 | AB13: =$C13*AC$7 -> 0 | AC13: =$D13*AC$7 -> 44023.269 | AD13: =AB13+AC13 -> 44023.269 | AE13: =AC$7*$F13 -> 16225.232 | AG13: =$C13*AH$7 -> 0 | AH13: =$D13*AH$7 -> 30739.305 | AI13: =AG13+AH13 -> 30739.305 | AJ13: =AH$7*$F13 -> 11329.289 | AL13: =$C13*AM$7 -> 0 | AM13: =$D13*AM$7 -> 17864.839 | AN13: =AL13+AM13 -> 17864.839 | AO13: =AM$7*$F13 -> 6584.2716 | AQ13: =$C13*AR$7 -> 0 | AR13: =$D13*AR$7 -> 41728.913 | AS13: =AQ13+AR13 -> 41728.913 | AT13: =AR$7*$F13 -> 15379.623 | AV13: =$C13*AW$7 -> 0 | AW13: =$D13*AW$7 -> 14577.526 | AX13: =AV13+AW13 -> 14577.526 | AY13: =AW$7*$F13 -> 5372.6981
A14: 46478 | C14: 4585000 | D14: 2039400 | E14: =C14+D14 -> 6624400 | F14: 751642 | H14: =+M14+W14+AB14+AG14+AL14+AQ14+AV14+R14 -> 447223.66 | I14: =+N14+X14+AC14+AH14+AM14+AR14+AW14+S14 -> 198924.3 | J14: =H14+I14 -> 646147.97 | K14: =+P14+Z14+AE14+AJ14+AO14+AT14+AY14+U14 -> 73315.614 | M14: =$C14*N$7 -> 52777.295 | N14: =$D14*N$7 -> 23475.249 | O14: =M14+N14 -> 76252.543 | P14: =N$7*$F14 -> 8652.0461 | R14: =$C14*S$7 -> 30496.379 | S14: =$D14*S$7 -> 13564.736 | T14: =R14+S14 -> 44061.116 | U14: =S$7*$F14 -> 4999.4241 | W14: =$C14*X$7 -> 29115.376 | X14: =$D14*X$7 -> 12950.468 | Y14: =W14+X14 -> 42065.844 | Z14: =X$7*$F14 -> 4773.0293 | AB14: =$C14*AC$7 -> 98973.564 | AC14: =$D14*AC$7 -> 44023.269 | AD14: =AB14+AC14 -> 142996.83 | AE14: =AC$7*$F14 -> 16225.232 | AG14: =$C14*AH$7 -> 69108.421 | AH14: =$D14*AH$7 -> 30739.305 | AI14: =AG14+AH14 -> 99847.726 | AJ14: =AH$7*$F14 -> 11329.289 | AL14: =$C14*AM$7 -> 40163.915 | AM14: =$D14*AM$7 -> 17864.839 | AN14: =AL14+AM14 -> 58028.754 | AO14: =AM$7*$F14 -> 6584.2716 | AQ14: =$C14*AR$7 -> 93815.37 | AR14: =$D14*AR$7 -> 41728.913 | AS14: =AQ14+AR14 -> 135544.28 | AT14: =AR$7*$F14 -> 15379.623 | AV14: =$C14*AW$7 -> 32773.343 | AW14: =$D14*AW$7 -> 14577.526 | AX14: =AV14+AW14 -> 47350.868 | AY14: =AW$7*$F14 -> 5372.6981
A15: 46661 | D15: 1924775 | E15: =C15+D15 -> 1924775 | F15: 751642 | H15: =+M15+W15+AB15+AG15+AL15+AQ15+AV15+R15 -> 0 | I15: =+N15+X15+AC15+AH15+AM15+AR15+AW15+S15 -> 187743.71 | J15: =H15+I15 -> 187743.71 | K15: =+P15+Z15+AE15+AJ15+AO15+AT15+AY15+U15 -> 73315.614 | M15: =$C15*N$7 -> 0 | N15: =$D15*N$7 -> 22155.816 | O15: =M15+N15 -> 22155.816 | P15: =N$7*$F15 -> 8652.0461 | R15: =$C15*S$7 -> 0 | S15: =$D15*S$7 -> 12802.327 | T15: =R15+S15 -> 12802.327 | U15: =S$7*$F15 -> 4999.4241 | W15: =$C15*X$7 -> 0 | X15: =$D15*X$7 -> 12222.584 | Y15: =W15+X15 -> 12222.584 | Z15: =X$7*$F15 -> 4773.0293 | AB15: =$C15*AC$7 -> 0 | AC15: =$D15*AC$7 -> 41548.929 | AD15: =AB15+AC15 -> 41548.929 | AE15: =AC$7*$F15 -> 16225.232 | AG15: =$C15*AH$7 -> 0 | AH15: =$D15*AH$7 -> 29011.594 | AI15: =AG15+AH15 -> 29011.594 | AJ15: =AH$7*$F15 -> 11329.289 | AL15: =$C15*AM$7 -> 0 | AM15: =$D15*AM$7 -> 16860.741 | AN15: =AL15+AM15 -> 16860.741 | AO15: =AM$7*$F15 -> 6584.2716 | AQ15: =$C15*AR$7 -> 0 | AR15: =$D15*AR$7 -> 39383.529 | AS15: =AQ15+AR15 -> 39383.529 | AT15: =AR$7*$F15 -> 15379.623 | AV15: =$C15*AW$7 -> 0 | AW15: =$D15*AW$7 -> 13758.192 | AX15: =AV15+AW15 -> 13758.192 | AY15: =AW$7*$F15 -> 5372.6981
A16: 46844 | C16: 4815000 | D16: 1924775 | E16: =C16+D16 -> 6739775 | F16: 751642 | H16: =+M16+W16+AB16+AG16+AL16+AQ16+AV16+R16 -> 469658 | I16: =+N16+X16+AC16+AH16+AM16+AR16+AW16+S16 -> 187743.71 | J16: =H16+I16 -> 657401.71 | K16: =+P16+Z16+AE16+AJ16+AO16+AT16+AY16+U16 -> 73315.614 | M16: =$C16*N$7 -> 55424.793 | N16: =$D16*N$7 -> 22155.816 | O16: =M16+N16 -> 77580.609 | P16: =N$7*$F16 -> 8652.0461 | R16: =$C16*S$7 -> 32026.187 | S16: =$D16*S$7 -> 12802.327 | T16: =R16+S16 -> 44828.514 | U16: =S$7*$F16 -> 4999.4241 | W16: =$C16*X$7 -> 30575.907 | X16: =$D16*X$7 -> 12222.584 | Y16: =W16+X16 -> 42798.491 | Z16: =X$7*$F16 -> 4773.0293 | AB16: =$C16*AC$7 -> 103938.43 | AC16: =$D16*AC$7 -> 41548.929 | AD16: =AB16+AC16 -> 145487.36 | AE16: =AC$7*$F16 -> 16225.232 | AG16: =$C16*AH$7 -> 72575.146 | AH16: =$D16*AH$7 -> 29011.594 | AI16: =AG16+AH16 -> 101586.74 | AJ16: =AH$7*$F16 -> 11329.289 | AL16: =$C16*AM$7 -> 42178.681 | AM16: =$D16*AM$7 -> 16860.741 | AN16: =AL16+AM16 -> 59039.422 | AO16: =AM$7*$F16 -> 6584.2716 | AQ16: =$C16*AR$7 -> 98521.485 | AR16: =$D16*AR$7 -> 39383.529 | AS16: =AQ16+AR16 -> 137905.01 | AT16: =AR$7*$F16 -> 15379.623 | AV16: =$C16*AW$7 -> 34417.371 | AW16: =$D16*AW$7 -> 13758.192 | AX16: =AV16+AW16 -> 48175.563 | AY16: =AW$7*$F16 -> 5372.6981
A17: 47027 | D17: 1804400 | E17: =C17+D17 -> 1804400 | F17: 751642 | H17: =+M17+W17+AB17+AG17+AL17+AQ17+AV17+R17 -> 0 | I17: =+N17+X17+AC17+AH17+AM17+AR17+AW17+S17 -> 176002.26 | J17: =H17+I17 -> 176002.26 | K17: =+P17+Z17+AE17+AJ17+AO17+AT17+AY17+U17 -> 73315.614 | M17: =$C17*N$7 -> 0 | N17: =$D17*N$7 -> 20770.196 | O17: =M17+N17 -> 20770.196 | P17: =N$7*$F17 -> 8652.0461 | R17: =$C17*S$7 -> 0 | S17: =$D17*S$7 -> 12001.672 | T17: =R17+S17 -> 12001.672 | U17: =S$7*$F17 -> 4999.4241 | W17: =$C17*X$7 -> 0 | X17: =$D17*X$7 -> 11458.186 | Y17: =W17+X17 -> 11458.186 | Z17: =X$7*$F17 -> 4773.0293 | AB17: =$C17*AC$7 -> 0 | AC17: =$D17*AC$7 -> 38950.469 | AD17: =AB17+AC17 -> 38950.469 | AE17: =AC$7*$F17 -> 16225.232 | AG17: =$C17*AH$7 -> 0 | AH17: =$D17*AH$7 -> 27197.216 | AI17: =AG17+AH17 -> 27197.216 | AJ17: =AH$7*$F17 -> 11329.289 | AL17: =$C17*AM$7 -> 0 | AM17: =$D17*AM$7 -> 15806.274 | AN17: =AL17+AM17 -> 15806.274 | AO17: =AM$7*$F17 -> 6584.2716 | AQ17: =$C17*AR$7 -> 0 | AR17: =$D17*AR$7 -> 36920.492 | AS17: =AQ17+AR17 -> 36920.492 | AT17: =AR$7*$F17 -> 15379.623 | AV17: =$C17*AW$7 -> 0 | AW17: =$D17*AW$7 -> 12897.758 | AX17: =AV17+AW17 -> 12897.758 | AY17: =AW$7*$F17 -> 5372.6981
A18: 47209 | C18: 5055000 | D18: 1804400 | E18: =C18+D18 -> 6859400 | F18: 751642 | H18: =+M18+W18+AB18+AG18+AL18+AQ18+AV18+R18 -> 493067.75 | I18: =+N18+X18+AC18+AH18+AM18+AR18+AW18+S18 -> 176002.26 | J18: =H18+I18 -> 669070.01 | K18: =+P18+Z18+AE18+AJ18+AO18+AT18+AY18+U18 -> 73315.614 | M18: =$C18*N$7 -> 58187.399 | N18: =$D18*N$7 -> 20770.196 | O18: =M18+N18 -> 78957.595 | P18: =N$7*$F18 -> 8652.0461 | R18: =$C18*S$7 -> 33622.508 | S18: =$D18*S$7 -> 12001.672 | T18: =R18+S18 -> 45624.18 | U18: =S$7*$F18 -> 4999.4241 | W18: =$C18*X$7 -> 32099.94 | X18: =$D18*X$7 -> 11458.186 | Y18: =W18+X18 -> 43558.126 | Z18: =X$7*$F18 -> 4773.0293 | AB18: =$C18*AC$7 -> 109119.16 | AC18: =$D18*AC$7 -> 38950.469 | AD18: =AB18+AC18 -> 148069.63 | AE18: =AC$7*$F18 -> 16225.232 | AG18: =$C18*AH$7 -> 76192.599 | AH18: =$D18*AH$7 -> 27197.216 | AI18: =AG18+AH18 -> 103389.81 | AJ18: =AH$7*$F18 -> 11329.289 | AL18: =$C18*AM$7 -> 44281.045 | AM18: =$D18*AM$7 -> 15806.274 | AN18: =AL18+AM18 -> 60087.319 | AO18: =AM$7*$F18 -> 6584.2716 | AQ18: =$C18*AR$7 -> 103432.21 | AR18: =$D18*AR$7 -> 36920.492 | AS18: =AQ18+AR18 -> 140352.7 | AT18: =AR$7*$F18 -> 15379.623 | AV18: =$C18*AW$7 -> 36132.878 | AW18: =$D18*AW$7 -> 12897.758 | AX18: =AV18+AW18 -> 49030.636 | AY18: =AW$7*$F18 -> 5372.6981
A19: 47392 | D19: 1678025 | E19: =C19+D19 -> 1678025 | F19: 751642 | H19: =+M19+W19+AB19+AG19+AL19+AQ19+AV19+R19 -> 0 | I19: =+N19+X19+AC19+AH19+AM19+AR19+AW19+S19 -> 163675.57 | J19: =H19+I19 -> 163675.57 | K19: =+P19+Z19+AE19+AJ19+AO19+AT19+AY19+U19 -> 73315.614 | M19: =$C19*N$7 -> 0 | N19: =$D19*N$7 -> 19315.511 | O19: =M19+N19 -> 19315.511 | P19: =N$7*$F19 -> 8652.0461 | R19: =$C19*S$7 -> 0 | S19: =$D19*S$7 -> 11161.11 | T19: =R19+S19 -> 11161.11 | U19: =S$7*$F19 -> 4999.4241 | W19: =$C19*X$7 -> 0 | X19: =$D19*X$7 -> 10655.688 | Y19: =W19+X19 -> 10655.688 | Z19: =X$7*$F19 -> 4773.0293 | AB19: =$C19*AC$7 -> 0 | AC19: =$D19*AC$7 -> 36222.49 | AD19: =AB19+AC19 -> 36222.49 | AE19: =AC$7*$F19 -> 16225.232 | AG19: =$C19*AH$7 -> 0 | AH19: =$D19*AH$7 -> 25292.401 | AI19: =AG19+AH19 -> 25292.401 | AJ19: =AH$7*$F19 -> 11329.289 | AL19: =$C19*AM$7 -> 0 | AM19: =$D19*AM$7 -> 14699.248 | AN19: =AL19+AM19 -> 14699.248 | AO19: =AM$7*$F19 -> 6584.2716 | AQ19: =$C19*AR$7 -> 0 | AR19: =$D19*AR$7 -> 34334.686 | AS19: =AQ19+AR19 -> 34334.686 | AT19: =AR$7*$F19 -> 15379.623 | AV19: =$C19*AW$7 -> 0 | AW19: =$D19*AW$7 -> 11994.436 | AX19: =AV19+AW19 -> 11994.436 | AY19: =AW$7*$F19 -> 5372.6981
A20: 11049 | C20: 5310000 | D20: 1678025 | E20: =C20+D20 -> 6988025 | F20: 751642 | H20: =+M20+W20+AB20+AG20+AL20+AQ20+AV20+R20 -> 517940.6 | I20: =+N20+X20+AC20+AH20+AM20+AR20+AW20+S20 -> 163675.57 | J20: =H20+I20 -> 681616.17 | K20: =+P20+Z20+AE20+AJ20+AO20+AT20+AY20+U20 -> 73315.614 | M20: =$C20*N$7 -> 61122.668 | N20: =$D20*N$7 -> 19315.511 | O20: =M20+N20 -> 80438.18 | P20: =N$7*$F20 -> 8652.0461 | R20: =$C20*S$7 -> 35318.599 | S20: =$D20*S$7 -> 11161.11 | T20: =R20+S20 -> 46479.708 | U20: =S$7*$F20 -> 4999.4241 | W20: =$C20*X$7 -> 33719.225 | X20: =$D20*X$7 -> 10655.688 | Y20: =W20+X20 -> 44374.913 | Z20: =X$7*$F20 -> 4773.0293 | AB20: =$C20*AC$7 -> 114623.69 | AC20: =$D20*AC$7 -> 36222.49 | AD20: =AB20+AC20 -> 150846.18 | AE20: =AC$7*$F20 -> 16225.232 | AG20: =$C20*AH$7 -> 80036.143 | AH20: =$D20*AH$7 -> 25292.401 | AI20: =AG20+AH20 -> 105328.54 | AJ20: =AH$7*$F20 -> 11329.289 | AL20: =$C20*AM$7 -> 46514.807 | AM20: =$D20*AM$7 -> 14699.248 | AN20: =AL20+AM20 -> 61214.055 | AO20: =AM$7*$F20 -> 6584.2716 | AQ20: =$C20*AR$7 -> 108649.86 | AR20: =$D20*AR$7 -> 34334.686 | AS20: =AQ20+AR20 -> 142984.55 | AT20: =AR$7*$F20 -> 15379.623 | AV20: =$C20*AW$7 -> 37955.605 | AW20: =$D20*AW$7 -> 11994.436 | AX20: =AV20+AW20 -> 49950.041 | AY20: =AW$7*$F20 -> 5372.6981
A21: 11232 | D21: 1545275 | E21: =C21+D21 -> 1545275 | F21: 751642 | H21: =+M21+W21+AB21+AG21+AL21+AQ21+AV21+R21 -> 0 | I21: =+N21+X21+AC21+AH21+AM21+AR21+AW21+S21 -> 150727.05 | J21: =H21+I21 -> 150727.05 | K21: =+P21+Z21+AE21+AJ21+AO21+AT21+AY21+U21 -> 73315.614 | M21: =$C21*N$7 -> 0 | N21: =$D21*N$7 -> 17787.445 | O21: =M21+N21 -> 17787.445 | P21: =N$7*$F21 -> 8652.0461 | R21: =$C21*S$7 -> 0 | S21: =$D21*S$7 -> 10278.145 | T21: =R21+S21 -> 10278.145 | U21: =S$7*$F21 -> 4999.4241 | W21: =$C21*X$7 -> 0 | X21: =$D21*X$7 -> 9812.7072 | Y21: =W21+X21 -> 9812.7072 | Z21: =X$7*$F21 -> 4773.0293 | AB21: =$C21*AC$7 -> 0 | AC21: =$D21*AC$7 -> 33356.897 | AD21: =AB21+AC21 -> 33356.897 | AE21: =AC$7*$F21 -> 16225.232 | AG21: =$C21*AH$7 -> 0 | AH21: =$D21*AH$7 -> 23291.497 | AI21: =AG21+AH21 -> 23291.497 | AJ21: =AH$7*$F21 -> 11329.289 | AL21: =$C21*AM$7 -> 0 | AM21: =$D21*AM$7 -> 13536.378 | AN21: =AL21+AM21 -> 13536.378 | AO21: =AM$7*$F21 -> 6584.2716 | AQ21: =$C21*AR$7 -> 0 | AR21: =$D21*AR$7 -> 31618.44 | AS21: =AQ21+AR21 -> 31618.44 | AT21: =AR$7*$F21 -> 15379.623 | AV21: =$C21*AW$7 -> 0 | AW21: =$D21*AW$7 -> 11045.546 | AX21: =AV21+AW21 -> 11045.546 | AY21: =AW$7*$F21 -> 5372.6981
A22: 11414 | C22: 5575000 | D22: 1545275 | E22: =C22+D22 -> 7120275 | F22: 751642 | H22: =+M22+W22+AB22+AG22+AL22+AQ22+AV22+R22 -> 543788.86 | I22: =+N22+X22+AC22+AH22+AM22+AR22+AW22+S22 -> 150727.05 | J22: =H22+I22 -> 694515.91 | K22: =+P22+Z22+AE22+AJ22+AO22+AT22+AY22+U22 -> 73315.614 | M22: =$C22*N$7 -> 64173.046 | N22: =$D22*N$7 -> 17787.445 | O22: =M22+N22 -> 81960.491 | P22: =N$7*$F22 -> 8652.0461 | R22: =$C22*S$7 -> 37081.203 | S22: =$D22*S$7 -> 10278.145 | T22: =R22+S22 -> 47359.348 | U22: =S$7*$F22 -> 4999.4241 | W22: =$C22*X$7 -> 35402.011 | X22: =$D22*X$7 -> 9812.7072 | Y22: =W22+X22 -> 45214.718 | Z22: =X$7*$F22 -> 4773.0293 | AB22: =$C22*AC$7 -> 120344.08 | AC22: =$D22*AC$7 -> 33356.897 | AD22: =AB22+AC22 -> 153700.98 | AE22: =AC$7*$F22 -> 16225.232 | AG22: =$C22*AH$7 -> 84030.413 | AH22: =$D22*AH$7 -> 23291.497 | AI22: =AG22+AH22 -> 107321.91 | AJ22: =AH$7*$F22 -> 11329.289 | AL22: =$C22*AM$7 -> 48836.167 | AM22: =$D22*AM$7 -> 13536.378 | AN22: =AL22+AM22 -> 62372.545 | AO22: =AM$7*$F22 -> 6584.2716 | AQ22: =$C22*AR$7 -> 114072.12 | AR22: =$D22*AR$7 -> 31618.44 | AS22: =AQ22+AR22 -> 145690.56 | AT22: =AR$7*$F22 -> 15379.623 | AV22: =$C22*AW$7 -> 39849.812 | AW22: =$D22*AW$7 -> 11045.546 | AX22: =AV22+AW22 -> 50895.357 | AY22: =AW$7*$F22 -> 5372.6981
A23: 11597 | D23: 1405900 | E23: =C23+D23 -> 1405900 | F23: 751642 | H23: =+M23+W23+AB23+AG23+AL23+AQ23+AV23+R23 -> 0 | I23: =+N23+X23+AC23+AH23+AM23+AR23+AW23+S23 -> 137132.33 | J23: =H23+I23 -> 137132.33 | K23: =+P23+Z23+AE23+AJ23+AO23+AT23+AY23+U23 -> 73315.614 | M23: =$C23*N$7 -> 0 | N23: =$D23*N$7 -> 16183.119 | O23: =M23+N23 -> 16183.119 | P23: =N$7*$F23 -> 8652.0461 | R23: =$C23*S$7 -> 0 | S23: =$D23*S$7 -> 9351.1145 | T23: =R23+S23 -> 9351.1145 | U23: =S$7*$F23 -> 4999.4241 | W23: =$C23*X$7 -> 0 | X23: =$D23*X$7 -> 8927.6569 | Y23: =W23+X23 -> 8927.6569 | Z23: =X$7*$F23 -> 4773.0293 | AB23: =$C23*AC$7 -> 0 | AC23: =$D23*AC$7 -> 30348.295 | AD23: =AB23+AC23 -> 30348.295 | AE23: =AC$7*$F23 -> 16225.232 | AG23: =$C23*AH$7 -> 0 | AH23: =$D23*AH$7 -> 21190.737 | AI23: =AG23+AH23 -> 21190.737 | AJ23: =AH$7*$F23 -> 11329.289 | AL23: =$C23*AM$7 -> 0 | AM23: =$D23*AM$7 -> 12315.474 | AN23: =AL23+AM23 -> 12315.474 | AO23: =AM$7*$F23 -> 6584.2716 | AQ23: =$C23*AR$7 -> 0 | AR23: =$D23*AR$7 -> 28766.637 | AS23: =AQ23+AR23 -> 28766.637 | AT23: =AR$7*$F23 -> 15379.623 | AV23: =$C23*AW$7 -> 0 | AW23: =$D23*AW$7 -> 10049.3 | AX23: =AV23+AW23 -> 10049.3 | AY23: =AW$7*$F23 -> 5372.6981
A24: 11780 | C24: 5855000 | D24: 1405900 | E24: =C24+D24 -> 7260900 | F24: 751642 | H24: =+M24+W24+AB24+AG24+AL24+AQ24+AV24+R24 -> 571100.23 | I24: =+N24+X24+AC24+AH24+AM24+AR24+AW24+S24 -> 137132.33 | J24: =H24+I24 -> 708232.56 | K24: =+P24+Z24+AE24+AJ24+AO24+AT24+AY24+U24 -> 73315.614 | M24: =$C24*N$7 -> 67396.087 | N24: =$D24*N$7 -> 16183.119 | O24: =M24+N24 -> 83579.206 | P24: =N$7*$F24 -> 8652.0461 | R24: =$C24*S$7 -> 38943.577 | S24: =$D24*S$7 -> 9351.1145 | T24: =R24+S24 -> 48294.692 | U24: =S$7*$F24 -> 4999.4241 | W24: =$C24*X$7 -> 37180.049 | X24: =$D24*X$7 -> 8927.6569 | Y24: =W24+X24 -> 46107.706 | Z24: =X$7*$F24 -> 4773.0293 | AB24: =$C24*AC$7 -> 126388.27 | AC24: =$D24*AC$7 -> 30348.295 | AD24: =AB24+AC24 -> 156736.56 | AE24: =AC$7*$F24 -> 16225.232 | AG24: =$C24*AH$7 -> 88250.775 | AH24: =$D24*AH$7 -> 21190.737 | AI24: =AG24+AH24 -> 109441.51 | AJ24: =AH$7*$F24 -> 11329.289 | AL24: =$C24*AM$7 -> 51288.925 | AM24: =$D24*AM$7 -> 12315.474 | AN24: =AL24+AM24 -> 63604.399 | AO24: =AM$7*$F24 -> 6584.2716 | AQ24: =$C24*AR$7 -> 119801.31 | AR24: =$D24*AR$7 -> 28766.637 | AS24: =AQ24+AR24 -> 148567.94 | AT24: =AR$7*$F24 -> 15379.623 | AV24: =$C24*AW$7 -> 41851.237 | AW24: =$D24*AW$7 -> 10049.3 | AX24: =AV24+AW24 -> 51900.538 | AY24: =AW$7*$F24 -> 5372.6981
A25: 11963 | D25: 1288800 | E25: =C25+D25 -> 1288800 | F25: 751642 | H25: =+M25+W25+AB25+AG25+AL25+AQ25+AV25+R25 -> 0 | I25: =+N25+X25+AC25+AH25+AM25+AR25+AW25+S25 -> 125710.33 | J25: =H25+I25 -> 125710.33 | K25: =+P25+Z25+AE25+AJ25+AO25+AT25+AY25+U25 -> 73315.614 | M25: =$C25*N$7 -> 0 | N25: =$D25*N$7 -> 14835.197 | O25: =M25+N25 -> 14835.197 | P25: =N$7*$F25 -> 8652.0461 | R25: =$C25*S$7 -> 0 | S25: =$D25*S$7 -> 8572.2429 | T25: =R25+S25 -> 8572.2429 | U25: =S$7*$F25 -> 4999.4241 | W25: =$C25*X$7 -> 0 | X25: =$D25*X$7 -> 8184.0559 | Y25: =W25+X25 -> 8184.0559 | Z25: =X$7*$F25 -> 4773.0293 | AB25: =$C25*AC$7 -> 0 | AC25: =$D25*AC$7 -> 27820.53 | AD25: =AB25+AC25 -> 27820.53 | AE25: =AC$7*$F25 -> 16225.232 | AG25: =$C25*AH$7 -> 0 | AH25: =$D25*AH$7 -> 19425.721 | AI25: =AG25+AH25 -> 19425.721 | AJ25: =AH$7*$F25 -> 11329.289 | AL25: =$C25*AM$7 -> 0 | AM25: =$D25*AM$7 -> 11289.695 | AN25: =AL25+AM25 -> 11289.695 | AO25: =AM$7*$F25 -> 6584.2716 | AQ25: =$C25*AR$7 -> 0 | AR25: =$D25*AR$7 -> 26370.611 | AS25: =AQ25+AR25 -> 26370.611 | AT25: =AR$7*$F25 -> 15379.623 | AV25: =$C25*AW$7 -> 0 | AW25: =$D25*AW$7 -> 9212.2757 | AX25: =AV25+AW25 -> 9212.2757 | AY25: =AW$7*$F25 -> 5372.6981
A26: 12145 | C26: 6090000 | D26: 1288800 | E26: =C26+D26 -> 7378800 | F26: 751642 | H26: =+M26+W26+AB26+AG26+AL26+AQ26+AV26+R26 -> 594022.27 | I26: =+N26+X26+AC26+AH26+AM26+AR26+AW26+S26 -> 125710.33 | J26: =H26+I26 -> 719732.6 | K26: =+P26+Z26+AE26+AJ26+AO26+AT26+AY26+U26 -> 73315.614 | M26: =$C26*N$7 -> 70101.139 | N26: =$D26*N$7 -> 14835.197 | O26: =M26+N26 -> 84936.336 | P26: =N$7*$F26 -> 8652.0461 | R26: =$C26*S$7 -> 40506.641 | S26: =$D26*S$7 -> 8572.2429 | T26: =R26+S26 -> 49078.884 | U26: =S$7*$F26 -> 4999.4241 | W26: =$C26*X$7 -> 38672.331 | X26: =$D26*X$7 -> 8184.0559 | Y26: =W26+X26 -> 46856.387 | Z26: =X$7*$F26 -> 4773.0293 | AB26: =$C26*AC$7 -> 131461.07 | AC26: =$D26*AC$7 -> 27820.53 | AD26: =AB26+AC26 -> 159281.6 | AE26: =AC$7*$F26 -> 16225.232 | AG26: =$C26*AH$7 -> 91792.864 | AH26: =$D26*AH$7 -> 19425.721 | AI26: =AG26+AH26 -> 111218.59 | AJ26: =AH$7*$F26 -> 11329.289 | AL26: =$C26*AM$7 -> 53347.49 | AM26: =$D26*AM$7 -> 11289.695 | AN26: =AL26+AM26 -> 64637.185 | AO26: =AM$7*$F26 -> 6584.2716 | AQ26: =$C26*AR$7 -> 124609.73 | AR26: =$D26*AR$7 -> 26370.611 | AS26: =AQ26+AR26 -> 150980.34 | AT26: =AR$7*$F26 -> 15379.623 | AV26: =$C26*AW$7 -> 43531.005 | AW26: =$D26*AW$7 -> 9212.2757 | AX26: =AV26+AW26 -> 52743.281 | AY26: =AW$7*$F26 -> 5372.6981
A27: 12328 | D27: 1167000 | E27: =C27+D27 -> 1167000 | F27: 751642 | H27: =+M27+W27+AB27+AG27+AL27+AQ27+AV27+R27 -> 0 | I27: =+N27+X27+AC27+AH27+AM27+AR27+AW27+S27 -> 113829.88 | J27: =H27+I27 -> 113829.88 | K27: =+P27+Z27+AE27+AJ27+AO27+AT27+AY27+U27 -> 73315.614 | M27: =$C27*N$7 -> 0 | N27: =$D27*N$7 -> 13433.174 | O27: =M27+N27 -> 13433.174 | P27: =N$7*$F27 -> 8652.0461 | R27: =$C27*S$7 -> 0 | S27: =$D27*S$7 -> 7762.1101 | T27: =R27+S27 -> 7762.1101 | U27: =S$7*$F27 -> 4999.4241 | W27: =$C27*X$7 -> 0 | X27: =$D27*X$7 -> 7410.6093 | Y27: =W27+X27 -> 7410.6093 | Z27: =X$7*$F27 -> 4773.0293 | AB27: =$C27*AC$7 -> 0 | AC27: =$D27*AC$7 -> 25191.308 | AD27: =AB27+AC27 -> 25191.308 | AE27: =AC$7*$F27 -> 16225.232 | AG27: =$C27*AH$7 -> 0 | AH27: =$D27*AH$7 -> 17589.864 | AI27: =AG27+AH27 -> 17589.864 | AJ27: =AH$7*$F27 -> 11329.289 | AL27: =$C27*AM$7 -> 0 | AM27: =$D27*AM$7 -> 10222.746 | AN27: =AL27+AM27 -> 10222.746 | AO27: =AM$7*$F27 -> 6584.2716 | AQ27: =$C27*AR$7 -> 0 | AR27: =$D27*AR$7 -> 23878.416 | AS27: =AQ27+AR27 -> 23878.416 | AT27: =AR$7*$F27 -> 15379.623 | AV27: =$C27*AW$7 -> 0 | AW27: =$D27*AW$7 -> 8341.6556 | AX27: =AV27+AW27 -> 8341.6556 | AY27: =AW$7*$F27 -> 5372.6981
A28: 12510 | C28: 6330000 | D28: 1167000 | E28: =C28+D28 -> 7497000 | F28: 751642 | H28: =+M28+W28+AB28+AG28+AL28+AQ28+AV28+R28 -> 617432.01 | I28: =+N28+X28+AC28+AH28+AM28+AR28+AW28+S28 -> 113829.88 | J28: =H28+I28 -> 731261.9 | K28: =+P28+Z28+AE28+AJ28+AO28+AT28+AY28+U28 -> 73315.614 | M28: =$C28*N$7 -> 72863.746 | N28: =$D28*N$7 -> 13433.174 | O28: =M28+N28 -> 86296.92 | P28: =N$7*$F28 -> 8652.0461 | R28: =$C28*S$7 -> 42102.962 | S28: =$D28*S$7 -> 7762.1101 | T28: =R28+S28 -> 49865.072 | U28: =S$7*$F28 -> 4999.4241 | W28: =$C28*X$7 -> 40196.364 | X28: =$D28*X$7 -> 7410.6093 | Y28: =W28+X28 -> 47606.973 | Z28: =X$7*$F28 -> 4773.0293 | AB28: =$C28*AC$7 -> 136641.8 | AC28: =$D28*AC$7 -> 25191.308 | AD28: =AB28+AC28 -> 161833.11 | AE28: =AC$7*$F28 -> 16225.232 | AG28: =$C28*AH$7 -> 95410.317 | AH28: =$D28*AH$7 -> 17589.864 | AI28: =AG28+AH28 -> 113000.18 | AJ28: =AH$7*$F28 -> 11329.289 | AL28: =$C28*AM$7 -> 55449.854 | AM28: =$D28*AM$7 -> 10222.746 | AN28: =AL28+AM28 -> 65672.6 | AO28: =AM$7*$F28 -> 6584.2716 | AQ28: =$C28*AR$7 -> 129520.46 | AR28: =$D28*AR$7 -> 23878.416 | AS28: =AQ28+AR28 -> 153398.87 | AT28: =AR$7*$F28 -> 15379.623 | AV28: =$C28*AW$7 -> 45246.512 | AW28: =$D28*AW$7 -> 8341.6556 | AX28: =AV28+AW28 -> 53588.168 | AY28: =AW$7*$F28 -> 5372.6981
A29: 12693 | D29: 1040400 | E29: =C29+D29 -> 1040400 | F29: 751642 | H29: =+M29+W29+AB29+AG29+AL29+AQ29+AV29+R29 -> 0 | I29: =+N29+X29+AC29+AH29+AM29+AR29+AW29+S29 -> 101481.24 | J29: =H29+I29 -> 101481.24 | K29: =+P29+Z29+AE29+AJ29+AO29+AT29+AY29+U29 -> 73315.614 | M29: =$C29*N$7 -> 0 | N29: =$D29*N$7 -> 11975.899 | O29: =M29+N29 -> 11975.899 | P29: =N$7*$F29 -> 8652.0461 | R29: =$C29*S$7 -> 0 | S29: =$D29*S$7 -> 6920.0509 | T29: =R29+S29 -> 6920.0509 | U29: =S$7*$F29 -> 4999.4241 | W29: =$C29*X$7 -> 0 | X29: =$D29*X$7 -> 6606.682 | Y29: =W29+X29 -> 6606.682 | Z29: =X$7*$F29 -> 4773.0293 | AB29: =$C29*AC$7 -> 0 | AC29: =$D29*AC$7 -> 22458.472 | AD29: =AB29+AC29 -> 22458.472 | AE29: =AC$7*$F29 -> 16225.232 | AG29: =$C29*AH$7 -> 0 | AH29: =$D29*AH$7 -> 15681.658 | AI29: =AG29+AH29 -> 15681.658 | AJ29: =AH$7*$F29 -> 11329.289 | AL29: =$C29*AM$7 -> 0 | AM29: =$D29*AM$7 -> 9113.7485 | AN29: =AL29+AM29 -> 9113.7485 | AO29: =AM$7*$F29 -> 6584.2716 | AQ29: =$C29*AR$7 -> 0 | AR29: =$D29*AR$7 -> 21288.007 | AS29: =AQ29+AR29 -> 21288.007 | AT29: =AR$7*$F29 -> 15379.623 | AV29: =$C29*AW$7 -> 0 | AW29: =$D29*AW$7 -> 7436.7254 | AX29: =AV29+AW29 -> 7436.7254 | AY29: =AW$7*$F29 -> 5372.6981
A30: 12875 | C30: 6585000 | D30: 1040400 | E30: =C30+D30 -> 7625400 | F30: 751642 | H30: =+M30+W30+AB30+AG30+AL30+AQ30+AV30+R30 -> 642304.87 | I30: =+N30+X30+AC30+AH30+AM30+AR30+AW30+S30 -> 101481.24 | J30: =H30+I30 -> 743786.11 | K30: =+P30+Z30+AE30+AJ30+AO30+AT30+AY30+U30 -> 73315.614 | M30: =$C30*N$7 -> 75799.015 | N30: =$D30*N$7 -> 11975.899 | O30: =M30+N30 -> 87774.914 | P30: =N$7*$F30 -> 8652.0461 | R30: =$C30*S$7 -> 43799.053 | S30: =$D30*S$7 -> 6920.0509 | T30: =R30+S30 -> 50719.104 | U30: =S$7*$F30 -> 4999.4241 | W30: =$C30*X$7 -> 41815.649 | X30: =$D30*X$7 -> 6606.682 | Y30: =W30+X30 -> 48422.331 | Z30: =X$7*$F30 -> 4773.0293 | AB30: =$C30*AC$7 -> 142146.33 | AC30: =$D30*AC$7 -> 22458.472 | AD30: =AB30+AC30 -> 164604.8 | AE30: =AC$7*$F30 -> 16225.232 | AG30: =$C30*AH$7 -> 99253.86 | AH30: =$D30*AH$7 -> 15681.658 | AI30: =AG30+AH30 -> 114935.52 | AJ30: =AH$7*$F30 -> 11329.289 | AL30: =$C30*AM$7 -> 57683.616 | AM30: =$D30*AM$7 -> 9113.7485 | AN30: =AL30+AM30 -> 66797.365 | AO30: =AM$7*$F30 -> 6584.2716 | AQ30: =$C30*AR$7 -> 134738.11 | AR30: =$D30*AR$7 -> 21288.007 | AS30: =AQ30+AR30 -> 156026.11 | AT30: =AR$7*$F30 -> 15379.623 | AV30: =$C30*AW$7 -> 47069.239 | AW30: =$D30*AW$7 -> 7436.7254 | AX30: =AV30+AW30 -> 54505.965 | AY30: =AW$7*$F30 -> 5372.6981
A31: 13058 | D31: 908700 | E31: =C31+D31 -> 908700 | F31: 751642 | H31: =+M31+W31+AB31+AG31+AL31+AQ31+AV31+R31 -> 0 | I31: =+N31+X31+AC31+AH31+AM31+AR31+AW31+S31 -> 88635.146 | J31: =H31+I31 -> 88635.146 | K31: =+P31+Z31+AE31+AJ31+AO31+AT31+AY31+U31 -> 73315.614 | M31: =$C31*N$7 -> 0 | N31: =$D31*N$7 -> 10459.919 | O31: =M31+N31 -> 10459.919 | P31: =N$7*$F31 -> 8652.0461 | R31: =$C31*S$7 -> 0 | S31: =$D31*S$7 -> 6044.0698 | T31: =R31+S31 -> 6044.0698 | U31: =S$7*$F31 -> 4999.4241 | W31: =$C31*X$7 -> 0 | X31: =$D31*X$7 -> 5770.369 | Y31: =W31+X31 -> 5770.369 | Z31: =X$7*$F31 -> 4773.0293 | AB31: =$C31*AC$7 -> 0 | AC31: =$D31*AC$7 -> 19615.546 | AD31: =AB31+AC31 -> 19615.546 | AE31: =AC$7*$F31 -> 16225.232 | AG31: =$C31*AH$7 -> 0 | AH31: =$D31*AH$7 -> 13696.581 | AI31: =AG31+AH31 -> 13696.581 | AJ31: =AH$7*$F31 -> 11329.289 | AL31: =$C31*AM$7 -> 0 | AM31: =$D31*AM$7 -> 7960.0762 | AN31: =AL31+AM31 -> 7960.0762 | AO31: =AM$7*$F31 -> 6584.2716 | AQ31: =$C31*AR$7 -> 0 | AR31: =$D31*AR$7 -> 18593.245 | AS31: =AQ31+AR31 -> 18593.245 | AT31: =AR$7*$F31 -> 15379.623 | AV31: =$C31*AW$7 -> 0 | AW31: =$D31*AW$7 -> 6495.3406 | AX31: =AV31+AW31 -> 6495.3406 | AY31: =AW$7*$F31 -> 5372.6981
A32: 13241 | C32: 6850000 | D32: 908700 | E32: =C32+D32 -> 7758700 | F32: 751642 | H32: =+M32+W32+AB32+AG32+AL32+AQ32+AV32+R32 -> 668153.13 | I32: =+N32+X32+AC32+AH32+AM32+AR32+AW32+S32 -> 88635.146 | J32: =H32+I32 -> 756788.27 | K32: =+P32+Z32+AE32+AJ32+AO32+AT32+AY32+U32 -> 73315.614 | M32: =$C32*N$7 -> 78849.393 | N32: =$D32*N$7 -> 10459.919 | O32: =M32+N32 -> 89309.312 | P32: =N$7*$F32 -> 8652.0461 | R32: =$C32*S$7 -> 45561.657 | S32: =$D32*S$7 -> 6044.0698 | T32: =R32+S32 -> 51605.727 | U32: =S$7*$F32 -> 4999.4241 | W32: =$C32*X$7 -> 43498.435 | X32: =$D32*X$7 -> 5770.369 | Y32: =W32+X32 -> 49268.804 | Z32: =X$7*$F32 -> 4773.0293 | AB32: =$C32*AC$7 -> 147866.72 | AC32: =$D32*AC$7 -> 19615.546 | AD32: =AB32+AC32 -> 167482.27 | AE32: =AC$7*$F32 -> 16225.232 | AG32: =$C32*AH$7 -> 103248.13 | AH32: =$D32*AH$7 -> 13696.581 | AI32: =AG32+AH32 -> 116944.71 | AJ32: =AH$7*$F32 -> 11329.289 | AL32: =$C32*AM$7 -> 60004.976 | AM32: =$D32*AM$7 -> 7960.0762 | AN32: =AL32+AM32 -> 67965.053 | AO32: =AM$7*$F32 -> 6584.2716 | AQ32: =$C32*AR$7 -> 140160.37 | AR32: =$D32*AR$7 -> 18593.245 | AS32: =AQ32+AR32 -> 158753.61 | AT32: =AR$7*$F32 -> 15379.623 | AV32: =$C32*AW$7 -> 48963.446 | AW32: =$D32*AW$7 -> 6495.3406 | AX32: =AV32+AW32 -> 55458.786 | AY32: =AW$7*$F32 -> 5372.6981
A33: 13424 | D33: 771700 | E33: =C33+D33 -> 771700 | F33: 751642 | H33: =+M33+W33+AB33+AG33+AL33+AQ33+AV33+R33 -> 0 | I33: =+N33+X33+AC33+AH33+AM33+AR33+AW33+S33 -> 75272.083 | J33: =H33+I33 -> 75272.083 | K33: =+P33+Z33+AE33+AJ33+AO33+AT33+AY33+U33 -> 73315.614 | M33: =$C33*N$7 -> 0 | N33: =$D33*N$7 -> 8882.9309 | O33: =M33+N33 -> 8882.9309 | P33: =N$7*$F33 -> 8652.0461 | R33: =$C33*S$7 -> 0 | S33: =$D33*S$7 -> 5132.8367 | T33: =R33+S33 -> 5132.8367 | U33: =S$7*$F33 -> 4999.4241 | W33: =$C33*X$7 -> 0 | X33: =$D33*X$7 -> 4900.4003 | Y33: =W33+X33 -> 4900.4003 | Z33: =X$7*$F33 -> 4773.0293 | AB33: =$C33*AC$7 -> 0 | AC33: =$D33*AC$7 -> 16658.211 | AD33: =AB33+AC33 -> 16658.211 | AE33: =AC$7*$F33 -> 16225.232 | AG33: =$C33*AH$7 -> 0 | AH33: =$D33*AH$7 -> 11631.618 | AI33: =AG33+AH33 -> 11631.618 | AJ33: =AH$7*$F33 -> 11329.289 | AL33: =$C33*AM$7 -> 0 | AM33: =$D33*AM$7 -> 6759.9767 | AN33: =AL33+AM33 -> 6759.9767 | AO33: =AM$7*$F33 -> 6584.2716 | AQ33: =$C33*AR$7 -> 0 | AR33: =$D33*AR$7 -> 15790.037 | AS33: =AQ33+AR33 -> 15790.037 | AT33: =AR$7*$F33 -> 15379.623 | AV33: =$C33*AW$7 -> 0 | AW33: =$D33*AW$7 -> 5516.0717 | AX33: =AV33+AW33 -> 5516.0717 | AY33: =AW$7*$F33 -> 5372.6981
A34: 13606 | C34: 7125000 | D34: 771700 | E34: =C34+D34 -> 7896700 | F34: 751642 | H34: =+M34+W34+AB34+AG34+AL34+AQ34+AV34+R34 -> 694976.79 | I34: =+N34+X34+AC34+AH34+AM34+AR34+AW34+S34 -> 75272.083 | J34: =H34+I34 -> 770248.88 | K34: =+P34+Z34+AE34+AJ34+AO34+AT34+AY34+U34 -> 73315.614 | M34: =$C34*N$7 -> 82014.88 | N34: =$D34*N$7 -> 8882.9309 | O34: =M34+N34 -> 90897.811 | P34: =N$7*$F34 -> 8652.0461 | R34: =$C34*S$7 -> 47390.775 | S34: =$D34*S$7 -> 5132.8367 | T34: =R34+S34 -> 52523.612 | U34: =S$7*$F34 -> 4999.4241 | W34: =$C34*X$7 -> 45244.723 | X34: =$D34*X$7 -> 4900.4003 | Y34: =W34+X34 -> 50145.123 | Z34: =X$7*$F34 -> 4773.0293 | AB34: =$C34*AC$7 -> 153802.98 | AC34: =$D34*AC$7 -> 16658.211 | AD34: =AB34+AC34 -> 170461.19 | AE34: =AC$7*$F34 -> 16225.232 | AG34: =$C34*AH$7 -> 107393.13 | AH34: =$D34*AH$7 -> 11631.618 | AI34: =AG34+AH34 -> 119024.75 | AJ34: =AH$7*$F34 -> 11329.289 | AL34: =$C34*AM$7 -> 62413.935 | AM34: =$D34*AM$7 -> 6759.9767 | AN34: =AL34+AM34 -> 69173.912 | AO34: =AM$7*$F34 -> 6584.2716 | AQ34: =$C34*AR$7 -> 145787.24 | AR34: =$D34*AR$7 -> 15790.037 | AS34: =AQ34+AR34 -> 161577.28 | AT34: =AR$7*$F34 -> 15379.623 | AV34: =$C34*AW$7 -> 50929.131 | AW34: =$D34*AW$7 -> 5516.0717 | AX34: =AV34+AW34 -> 56445.203 | AY34: =AW$7*$F34 -> 5372.6981
A35: 13789 | D35: 629200 | E35: =C35+D35 -> 629200 | F35: 751642 | H35: =+M35+W35+AB35+AG35+AL35+AQ35+AV35+R35 -> 0 | I35: =+N35+X35+AC35+AH35+AM35+AR35+AW35+S35 -> 61372.547 | J35: =H35+I35 -> 61372.547 | K35: =+P35+Z35+AE35+AJ35+AO35+AT35+AY35+U35 -> 73315.614 | M35: =$C35*N$7 -> 0 | N35: =$D35*N$7 -> 7242.6333 | O35: =M35+N35 -> 7242.6333 | P35: =N$7*$F35 -> 8652.0461 | R35: =$C35*S$7 -> 0 | S35: =$D35*S$7 -> 4185.0211 | T35: =R35+S35 -> 4185.0211 | U35: =S$7*$F35 -> 4999.4241 | W35: =$C35*X$7 -> 0 | X35: =$D35*X$7 -> 3995.5059 | Y35: =W35+X35 -> 3995.5059 | Z35: =X$7*$F35 -> 4773.0293 | AB35: =$C35*AC$7 -> 0 | AC35: =$D35*AC$7 -> 13582.152 | AD35: =AB35+AC35 -> 13582.152 | AE35: =AC$7*$F35 -> 16225.232 | AG35: =$C35*AH$7 -> 0 | AH35: =$D35*AH$7 -> 9483.7554 | AI35: =AG35+AH35 -> 9483.7554 | AJ35: =AH$7*$F35 -> 11329.289 | AL35: =$C35*AM$7 -> 0 | AM35: =$D35*AM$7 -> 5511.698 | AN35: =AL35+AM35 -> 5511.698 | AO35: =AM$7*$F35 -> 6584.2716 | AQ35: =$C35*AR$7 -> 0 | AR35: =$D35*AR$7 -> 12874.292 | AS35: =AQ35+AR35 -> 12874.292 | AT35: =AR$7*$F35 -> 15379.623 | AV35: =$C35*AW$7 -> 0 | AW35: =$D35*AW$7 -> 4497.489 | AX35: =AV35+AW35 -> 4497.489 | AY35: =AW$7*$F35 -> 5372.6981
A36: 13971 | C36: 7410000 | D36: 629200 | E36: =C36+D36 -> 8039200 | F36: 751642 | H36: =+M36+W36+AB36+AG36+AL36+AQ36+AV36+R36 -> 722775.86 | I36: =+N36+X36+AC36+AH36+AM36+AR36+AW36+S36 -> 61372.547 | J36: =H36+I36 -> 784148.41 | K36: =+P36+Z36+AE36+AJ36+AO36+AT36+AY36+U36 -> 73315.614 | M36: =$C36*N$7 -> 85295.475 | N36: =$D36*N$7 -> 7242.6333 | O36: =M36+N36 -> 92538.108 | P36: =N$7*$F36 -> 8652.0461 | R36: =$C36*S$7 -> 49286.406 | S36: =$D36*S$7 -> 4185.0211 | T36: =R36+S36 -> 53471.427 | U36: =S$7*$F36 -> 4999.4241 | W36: =$C36*X$7 -> 47054.511 | X36: =$D36*X$7 -> 3995.5059 | Y36: =W36+X36 -> 51050.017 | Z36: =X$7*$F36 -> 4773.0293 | AB36: =$C36*AC$7 -> 159955.09 | AC36: =$D36*AC$7 -> 13582.152 | AD36: =AB36+AC36 -> 173537.25 | AE36: =AC$7*$F36 -> 16225.232 | AG36: =$C36*AH$7 -> 111688.85 | AH36: =$D36*AH$7 -> 9483.7554 | AI36: =AG36+AH36 -> 121172.61 | AJ36: =AH$7*$F36 -> 11329.289 | AL36: =$C36*AM$7 -> 64910.493 | AM36: =$D36*AM$7 -> 5511.698 | AN36: =AL36+AM36 -> 70422.191 | AO36: =AM$7*$F36 -> 6584.2716 | AQ36: =$C36*AR$7 -> 151618.73 | AR36: =$D36*AR$7 -> 12874.292 | AS36: =AQ36+AR36 -> 164493.03 | AT36: =AR$7*$F36 -> 15379.623 | AV36: =$C36*AW$7 -> 52966.297 | AW36: =$D36*AW$7 -> 4497.489 | AX36: =AV36+AW36 -> 57463.786 | AY36: =AW$7*$F36 -> 5372.6981
A37: 14154 | D37: 481000 | E37: =C37+D37 -> 481000 | F37: 751642 | H37: =+M37+W37+AB37+AG37+AL37+AQ37+AV37+R37 -> 0 | I37: =+N37+X37+AC37+AH37+AM37+AR37+AW37+S37 -> 46917.03 | J37: =H37+I37 -> 46917.03 | K37: =+P37+Z37+AE37+AJ37+AO37+AT37+AY37+U37 -> 73315.614 | M37: =$C37*N$7 -> 0 | N37: =$D37*N$7 -> 5536.7238 | O37: =M37+N37 -> 5536.7238 | P37: =N$7*$F37 -> 8652.0461 | R37: =$C37*S$7 -> 0 | S37: =$D37*S$7 -> 3199.293 | T37: =R37+S37 -> 3199.293 | U37: =S$7*$F37 -> 4999.4241 | W37: =$C37*X$7 -> 0 | X37: =$D37*X$7 -> 3054.4157 | Y37: =W37+X37 -> 3054.4157 | Z37: =X$7*$F37 -> 4773.0293 | AB37: =$C37*AC$7 -> 0 | AC37: =$D37*AC$7 -> 10383.05 | AD37: =AB37+AC37 -> 10383.05 | AE37: =AC$7*$F37 -> 16225.232 | AG37: =$C37*AH$7 -> 0 | AH37: =$D37*AH$7 -> 7249.9783 | AI37: =AG37+AH37 -> 7249.9783 | AJ37: =AH$7*$F37 -> 11329.289 | AL37: =$C37*AM$7 -> 0 | AM37: =$D37*AM$7 -> 4213.4881 | AN37: =AL37+AM37 -> 4213.4881 | AO37: =AM$7*$F37 -> 6584.2716 | AQ37: =$C37*AR$7 -> 0 | AR37: =$D37*AR$7 -> 9841.9178 | AS37: =AQ37+AR37 -> 9841.9178 | AT37: =AR$7*$F37 -> 15379.623 | AV37: =$C37*AW$7 -> 0 | AW37: =$D37*AW$7 -> 3438.1631 | AX37: =AV37+AW37 -> 3438.1631 | AY37: =AW$7*$F37 -> 5372.6981
